Workbook
Name \c: #REF!
Name \I: #REF!
Name \p: #REF!
Name \S: #REF!
Name \t: #REF!
Name _____PL1: #REF!
Name ____PL1: #REF!
Name ____PNV2002: #REF!
Name ____PNV2003: #REF!
Name ___PL1: #REF!
Name ___PNV2002: #REF!
Name ___PNV2003: #REF!
Name __PL1: #REF!
Name __PNV2002: #REF!
Name __PNV2003: #REF!
Name _01_09_96: #REF!
Name _02: #REF!
Name _3: #REF!
Name _33: #REF!
Name _A254001: #REF!
Name _A810101: #REF!
Name _A810102: #REF!
Name _A810105555: #REF!
Name _A810112: #REF!
Name _A840300: #REF!
Name _AHAH: #REF!
Name _DAT1: #REF!
Name _DAT10: #REF!
Name _DAT11: #REF!
Name _DAT12: #REF!
Name _DAT13: #REF!
Name _DAT14: #REF!
Name _DAT15: #REF!
Name _DAT16: #REF!
Name _DAT17: #REF!
Name _DAT18: #REF!
Name _DAT19: #REF!
Name _DAT2: #REF!
Name _DAT20: #REF!
Name _DAT21: #REF!
Name _DAT22: #REF!
Name _DAT23: #REF!
Name _DAT24: #REF!
Name _DAT3: #REF!
Name _DAT4: #REF!
Name _DAT5: #REF!
Name _DAT6: #REF!
Name _DAT7: #REF!
Name _DAT8: #REF!
Name _DAT9: #REF!
Name _PE006: #REF!
Name _PE007: #REF!
Name _PE016: #REF!
Name _PE107: #REF!
Name _PE108: #REF!
Name _PE110: #REF!
Name _PE111: #REF!
Name _PE113: #REF!
Name _PE114: #REF!
Name _PE116: #REF!

Sheet DADOS
A1: Obra: Construção de Obra de Arte Especial
A2: Rodovia Vicinal - Tacuru/MS
A3: Ponte sobre o Rio Puitã
A6: Data Base | B6: Outubro/2025
A7: Tipo do Orçamento | B7: Sem Desoneração

Sheet CUSTO SICRO
A1: MS jul/2025 | H1: MS JUL/2025-sn | N1: MS JUL/2025
A2: mao de obra | G2: equipamento | O2: material
A3: Código | B3: Descrição | C3: Unidade | D3: Custo (R$) | G3: Código | H3: Descrição | I3: Mão de Obra de Operação (R$/h) | J3: Custo Produtivo (R$/h) | K3: Custo Improdutivo (R$/h) | N3: Código | O3: Descrição | P3: Unidade | Q3: Preço Unitário (R$)
A4: P9801 | B4: Ajudante | C4: h | D4: 26.1543 | G4: E9001 | H4: Conjunto vibratório para tubos de concreto com encaixe PB e 3 jogos de fôrmas - D = 0,60 m - 2,20 kW | I4: 0 | J4: 18.4554 | K4: 11.1866 | L4: =IF(LEFT(G4,1)="A","A","") | N4: M0003 | O4: Aço CA 25 | P4: kg | Q4: 7.7515
A5: P9802 | B5: Ajudante especializado | C5: h | D5: 30.4788 | G5: E9002 | H5: Conjunto vibratório para tubos de concreto com encaixe PB e 3 jogos de fôrmas - D = 0,80 m - 2,20 kW | I5: 0 | J5: 24.2745 | K5: 14.7138 | L5: =IF(LEFT(G5,1)="A","A","") | N5: M0004 | O5: Aço CA 50 | P5: kg | Q5: 7.7377
A6: P9803 | B6: Almoxarife - mensalista | C6: mês | D6: 5495.1598 | G6: E9003 | H6: Conjunto vibratório para tubos de concreto com encaixe PB e 3 jogos de fôrmas - D = 1,00 m - 2,20 kW | I6: 0 | J6: 25.3791 | K6: 15.3834 | L6: =IF(LEFT(G6,1)="A","A","") | N6: M0005 | O6: Brita 0 | P6: m³ | Q6: 130.5907
A7: P9804 | B7: Apontador - mensalista | C7: mês | D7: 5124.3075 | G7: E9004 | H7: Conjunto vibratório para tubos de concreto com encaixe PB e 3 jogos de fôrmas - D = 1,20 m - 2,20 kW | I7: 0 | J7: 32.0676 | K7: 19.4376 | L7: =IF(LEFT(G7,1)="A","A","") | N7: M0006 | O7: Fibra de poliamida para concreto | P7: kg | Q7: 27.4859
A8: P9805 | B8: Armador | C8: h | D8: 33.8302 | G8: E9005 | H8: Conjunto vibratório para tubos de concreto com encaixe PB e 3 jogos de fôrmas - D = 1,50 m - 2,20 kW | I8: 0 | J8: 37.8818 | K8: 22.9618 | L8: =IF(LEFT(G8,1)="A","A","") | N8: M0007 | O8: Fibra de aço para concreto | P8: kg | Q8: 16.7652
A9: P9806 | B9: Auxiliar administrativo - mensalista | C9: mês | D9: 5104.4897 | G9: E9006 | H9: Equipamento para sondagem manual | I9: 0 | J9: 1.4715 | K9: 0.9669 | L9: =IF(LEFT(G9,1)="A","A","") | N9: M0008 | O9: Detergente líquido neutro | P9: l | Q9: 4.1271
A10: P9807 | B10: Bombeiro hidráulico | C10: h | D10: 34.373 | G10: E9007 | H10: Bomba de pistão triplex com capacidade de 7,80 m³/h (130 l/min) - 8,20 kW | I10: 0 | J10: 43.1433 | K10: 19.7913 | L10: =IF(LEFT(G10,1)="A","A","") | N10: M0009 | O10: Aço CP 175 RB | P10: kg | Q10: 9.4014
A11: P9808 | B11: Carpinteiro | C11: h | D11: 29.2217 | G11: E9008 | H11: Transportador manual de tubos de concreto com capacidade de 1 t | I11: 0 | J11: 2.273 | K11: 1.4872 | L11: =IF(LEFT(G11,1)="A","A","") | N11: M0010 | O11: Aditivo superplastificante à base de policarboxilato para concreto e argamassa | P11: kg | Q11: 13.1908
A12: P9809 | B12: Encarregado administrativo - mensalista | C12: mês | D12: 8397.0328 | G12: E9009 | H12: Embarcação rebocadora - 268 kW | I12: 135.9683 | J12: 451.5779 | K12: 146.8152 | L12: =IF(LEFT(G12,1)="A","A","") | N12: M0011 | O12: Aditivo modificador de viscosidade para concreto e argamassa | P12: kg | Q12: 9.0665
A13: P9810 | B13: Eletricista | C13: h | D13: 34.0597 | G13: E9010 | H13: Balança plataforma digital à bateria, com mesa de 75 x 75 cm e capacidade de 500 kg | I13: 0 | J13: 1.0943 | K13: 0.7351 | L13: =IF(LEFT(G13,1)="A","A","") | N13: M0012 | O13: Silicato de alumínio | P13: kg | Q13: 2.0183
A14: P9811 | B14: Encarregado especializado - mensalista | C14: mês | D14: 8883.9059 | G14: E9011 | H14: Carro manual modelo plataforma de 200 x 80 cm com capacidade de 800 kg | I14: 0 | J14: 0.5187 | K14: 0.3467 | L14: =IF(LEFT(G14,1)="A","A","") | N14: M0013 | O14: Grampo de ancoragem em aço CA 50 - D = 12,5 mm | P14: kg | Q14: 7.496
A15: P9812 | B15: Engenheiro - mensalista | C15: mês | D15: 26972.094 | G15: E9014 | H15: Deflectômetro de impacto (FWD) instalado em picape com reboque e faixa de carga de 7 a 120 kN - 147 kW | I15: 37.328 | J15: 377.7833 | K15: 263.1596 | L15: =IF(LEFT(G15,1)="A","A","") | N15: M0014 | O15: Aço CA 60 | P15: kg | Q15: 8.586
... A78: P9888 | B78: Engenheiro | C78: h | D78: 146.1624 | G78: E9083 | H78: Vagão fechado FLT com capacidade de 99 t | I78: 0 | J78: 34.8592 | K78: 27.616 | L78: =IF(LEFT(G78,1)="A","A","") | N78: M0103 | O78: Aditivo acelerador de pega para concreto e argamassa projetados | P78: kg | Q78: 7.3715
A79: P9889 | B79: Técnico da qualidade - mensalista | C79: mês | D79: 8544.2116 | G79: E9084 | H79: Vagão tanque convencional TCT com capacidade de 97 t e 103.000 l | I79: 0 | J79: 50.7418 | K79: 40.1985 | L79: =IF(LEFT(G79,1)="A","A","") | N79: M0104 | O79: Asfalto diluído de petróleo - CM-30 | P79: t | Q79: -
A80: P9890 | B80: Engenheiro auxiliar | C80: h | D80: 132.0367 | G80: E9085 | H80: Vagão gôndola GDE com capacidade de 93,5 t / 29 m³ | I80: 0 | J80: 25.5772 | K80: 20.2627 | L80: =IF(LEFT(G80,1)="A","A","") | N80: M0105 | O80: Ancoragem ativa para 4 cordoalhas - D = 15,2 mm | P80: un | Q80: 548.7609
A81: P9892 | B81: Auxiliar de blaster | C81: h | D81: 38.0107 | G81: E9086 | H81: Bomba de concreto rebocável com capacidade de 41 m³/h - 74 kW | I81: 25.9895 | J81: 222.15 | K81: 89.3289 | L81: =IF(LEFT(G81,1)="A","A","") | N81: M0106 | O81: Ancoragem ativa para 6 cordoalhas - D = 15,2 mm | P81: un | Q81: 591.6523
A82: P9893 | B82: Encarregado de pavimentação - mensalista | C82: mês | D82: 8883.9059 | G82: E9089 | H82: Roçadeira costal - 1,40 kW | I82: 0 | J82: 9.0732 | K82: 0.5136 | L82: =IF(LEFT(G82,1)="A","A","") | N82: M0107 | O82: Geocomposto para drenagem | P82: m² | Q82: 46.1402
A83: P9894 | B83: Engenheiro chefe | C83: h | D83: 178.9226 | G83: E9093 | H83: Veículo leve - 53 kW (sem motorista) | I83: 0 | J83: 36.5505 | K83: 6.5542 | L83: =IF(LEFT(G83,1)="A","A","") | N83: M0108 | O83: Ancoragem ativa para 7 cordoalhas - D = 15,2 mm | P83: un | Q83: 659.8864
A84: P9895 | B84: Engenheiro de segurança do trabalho | C84: h | D84: 136.3926 | G84: E9094 | H84: Guindaste móvel sobre pneus com 6 eixos com capacidade máxima de 350 t - 450 kW | I84: 37.328 | J84: 2383.4487 | K84: 1294.4701 | L84: =IF(LEFT(G84,1)="A","A","") | N84: M0109 | O84: Geodreno vertical - L = 10 cm e E = 5 mm | P84: m | Q84: 5.18
A85: P9896 | B85: Porteiro - mensalista | C85: mês | D85: 4528.1004 | G85: E9095 | H85: Guindaste móvel sobre pneus com 8 eixos com capacidade máxima de 500 t - 500 kW | I85: 37.328 | J85: 3934.0023 | K85: 2165.0612 | L85: =IF(LEFT(G85,1)="A","A","") | N85: M0110 | O85: Ancoragem ativa para 10 cordoalhas - D = 15,2 mm | P85: un | Q85: 1095.1146
A86: P9897 | B86: Técnico de meio ambiente - mensalista | C86: mês | D86: 8144.4711 | G86: E9096 | H86: Minicarregadeira de pneus - 45,50 kW | I86: 33.3148 | J86: 176.3378 | K86: 76.4748 | L86: =IF(LEFT(G86,1)="A","A","") | N86: M0111 | O86: Ancoragem ativa para 9 cordoalhas - D = 15,2 mm | P86: un | Q86: 967.7787
A87: P9898 | B87: Engenheiro supervisor | C87: h | D87: 146.1624 | G87: E9101 | H87: Removedora de faixas de sinalização viária - 9,69 kW | I87: 0 | J87: 26.4295 | K87: 4.883 | L87: =IF(LEFT(G87,1)="A","A","") | N87: M0112 | O87: Disco diamantado segmentado para corte de pavimento - D = 1.000 mm | P87: un | Q87: 6189.1351
A88: P9899 | B88: Faxineiro | C88: h | D88: 23.0762 | G88: E9102 | H88: Extrusora para sarjeta de concreto - 10,44 kW | I88: 25.9895 | J88: 48.7445 | K88: 34.1012 | L88: =IF(LEFT(G88,1)="A","A","") | N88: M0113 | O88: Ancoragem ativa para 12 cordoalhas - D = 15,2 mm | P88: un | Q88: 1247.1794
A89: P9901 | B89: Encarregado de superestrutura ferroviária - mensalista | C89: mês | D89: 8883.9059 | G89: E9103 | H89: Extrusora para meio-fio de concreto - 10,44 kW | I89: 25.9895 | J89: 46.1262 | K89: 32.5706 | L89: =IF(LEFT(G89,1)="A","A","") | N89: M0114 | O89: Disco diamantado segmentado para corte de pavimento - D = 1.500 mm | P89: un | Q89: 26132.469
A90: P9902 | B90: Imediato | C90: h | D90: 90.6504 | G90: E9105 | H90: Embarcação rebocadora multipropósito com guindaste hidráulico 155 kN.m - 2 x 186 kW | I90: 135.9683 | J90: 770.2341 | K90: 230.1506 | L90: =IF(LEFT(G90,1)="A","A","") | N90: M0115 | O90: Biomanta vegetal de fibras de coco entrelaçadas com fios de polipropileno biodegradáveis - densidade 0,4 kg/m² | P90: m² | Q90: 6.5
A91: P9903 | B91: Auxiliar técnico - mensalista | C91: mês | D91: 5433.8458 | G91: E9106 | H91: Balsa de convés com capacidade de 200 t | I91: 29.8334 | J91: 103.0079 | K91: 64.5214 | L91: =IF(LEFT(G91,1)="A","A","") | N91: M0116 | O91: Mangote flangeado de borracha reforçada com lonas sintéticas - C = 1,80 m e D = 0,30 m | P91: un | Q91: 10424.159
... A148: P9982 | B148: Vigia | C148: h | D148: 28.8537 | G148: E9203 | H148: Escavadeira hidráulica com martelo hidráulico de 1.700 kg - 103 kW com periculosidade | I148: 41.0438 | J148: 680.6375 | K148: 313.9873 | L148: =IF(LEFT(G148,1)="A","A","") | N148: M0217 | O148: Enxofre | P148: kg | Q148: 2.9892
G149: E9204 | H149: Perfuratriz sobre esteiras - 145 kW com periculosidade | I149: 41.0438 | J149: 524.506 | K149: 239.7854 | L149: =IF(LEFT(G149,1)="A","A","") | N149: M0220 | O149: Adubo à base de nitrogênio, fósforo e potássio (NPK) | P149: kg | Q149: 2.6454
G150: E9205 | H150: Equipamento de corte a plasma CNC - 12.000 x 5.500 mm - 19,5 kW | I150: 0 | J150: 165.2691 | K150: 102.7106 | L150: =IF(LEFT(G150,1)="A","A","") | N150: M0222 | O150: Filer calcário | P150: kg | Q150: 0.1548
G151: E9207 | H151: Máquina de solda elétrica retificadora 425 A - 18,70 kW | I151: 0 | J151: 2.4179 | K151: 1.2955 | L151: =IF(LEFT(G151,1)="A","A","") | N151: M0223 | O151: Sementes para hidrossemeadura | P151: kg | Q151: 28.2512
G152: E9209 | H152: Martelete perfurador/rompedor a ar comprimido de 25 kg para rocha, com insalubridade, com capacidade de 2.040 gpm | I152: 33.6956 | J152: 40.0035 | K152: 37.0754 | L152: =IF(LEFT(G152,1)="A","A","") | N152: M0224 | O152: Guia-chapéu pré-moldada - C = 120 cm | P152: un | Q152: 59.204
G153: E9213 | H153: Jumbo eletro-hidráulico com 3 braços - 155 kW/237 kW com periculosidade | I153: 55.7778 | J153: 2327.7067 | K153: 1123.3268 | L153: =IF(LEFT(G153,1)="A","A","") | N153: M0225 | O153: Adubo orgânico composto | P153: kg | Q153: 0.2637
G154: E9220 | H154: Ônibus rodoviário com capacidade para 50 passageiros - 280 kW | I154: 39.0819 | J154: 549.0824 | K154: 145.9001 | L154: =IF(LEFT(G154,1)="A","A","") | N154: M0229 | O154: Gabião tipo colchão em liga de zinco e alumínio revestido com polímero de malha hexagonal - E = 0,17 m | P154: m² | Q154: 160.2263
G155: E9231 | H155: Maçarico lança-chamas a gás liquefeito de petróleo (GLP) | I155: 0 | J155: 0.0241 | K155: 0.0129 | L155: =IF(LEFT(G155,1)="A","A","") | N155: M0230 | O155: Gabião tipo caixa em liga de zinco e alumínio de malha hexagonal - C = 2,00 m, L = 1,00 m e H = 0,50 m | P155: un | Q155: 496.7009
G156: E9239 | H156: Miniônibus com capacidade para 30 passageiros - 120 kW (sem motorista) | I156: 0 | J156: 216.5026 | K156: 44.7185 | L156: =IF(LEFT(G156,1)="A","A","") | N156: M0231 | O156: Gabião tipo caixa em liga de zinco e alumínio de malha hexagonal - C = 2,00 m, L = 1,00 m e H = 1,00 m | P156: un | Q156: 761.3939
G157: E9240 | H157: Ônibus com capacidade para 46 passageiros - 153 kW (sem motorista) | I157: 0 | J157: 315.1522 | K157: 77.0674 | L157: =IF(LEFT(G157,1)="A","A","") | N157: M0232 | O157: Gabião tipo caixa em liga de zinco e alumínio revestido com polímero de malha hexagonal - C = 2,00 m, L = 1,00 m e H = 0,50 m | P157: un | Q157: 628.4551
G158: E9242 | H158: Estação transmissora de superfície para televisionamento | I158: 0 | J158: 1.9643 | K158: 1.3679 | L158: =IF(LEFT(G158,1)="A","A","") | N158: M0233 | O158: Gabião tipo caixa em liga de zinco e alumínio revestido com polímero de malha hexagonal - C = 2,00 m, L = 1,00 m e H = 1,00 m | P158: un | Q158: 876.2314
G159: E9243 | H159: Câmara hiperbárica com filtro, serpentina e reservatório de ar para mergulho raso - D = 1,80 m e H = 2,22 m | I159: 60.9814 | J159: 100.1506 | K159: 83.4676 | L159: =IF(LEFT(G159,1)="A","A","") | N159: M0234 | O159: Gabião tipo saco em liga de zinco e alumínio revestido com polímero de malha hexagonal - D = 0,65 m | P159: m³ | Q159: 460.6063
G160: E9244 | H160: Estação transmissora de superfície para comunicação sem fio | I160: 0 | J160: 4.7428 | K160: 3.3028 | L160: =IF(LEFT(G160,1)="A","A","") | N160: M0235 | O160: Gabião tipo colchão em liga de zinco e alumínio revestido com polímero de malha hexagonal - E = 0,23 m | P160: m² | Q160: 170.9426
... G222: E9556 | H222: Compactador manual de placa vibratória - 3,00 kW | I222: 0 | J222: 10.2565 | K222: 2.4574 | L222: =IF(LEFT(G222,1)="A","A","") | N222: M0450 | O222: Compensado de virola - E = 6 mm | P222: m² | Q222: 30.1648
G223: E9558 | H223: Tanque de estocagem de asfalto com capacidade de 30.000 l | I223: 0 | J223: 133.3556 | K223: 86.5116 | L223: =IF(LEFT(G223,1)="A","A","") | N223: M0451 | O223: Concreto usinado - fck = 20 MPa (comercial) | P223: m³ | Q223: -
G224: E9559 | H224: Aquecedor de fluido térmico - 12 kW | I224: 0 | J224: 238.327 | K224: 143.8087 | L224: =IF(LEFT(G224,1)="A","A","") | N224: M0452 | O224: Concreto usinado - fck = 25 MPa (comercial) | P224: m³ | Q224: -
G225: E9560 | H225: Ônibus com capacidade para 46 passageiros - 153 kW | I225: 39.0819 | J225: 354.2341 | K225: 116.1493 | L225: =IF(LEFT(G225,1)="A","A","") | N225: M0453 | O225: Concreto usinado - fck = 30 MPa (comercial) | P225: m³ | Q225: -
G226: E9561 | H226: GPS geodésico de simples frequência (L1) | I226: 0 | J226: 8.0908 | K226: 5.3668 | L226: =IF(LEFT(G226,1)="A","A","") | N226: M0454 | O226: Concreto usinado - fck = 35 MPa (comercial) | P226: m³ | Q226: -
G227: E9562 | H227: GPS geodésico de dupla frequência (L1/L2) | I227: 0 | J227: 20.8233 | K227: 13.8126 | L227: =IF(LEFT(G227,1)="A","A","") | N227: M0459 | O227: Compensado plastificado - E = 14 mm | P227: m² | Q227: 52.036
G228: E9563 | H228: Perfuratriz hidráulica sobre esteiras com clamshell - 220 kW | I228: 33.3148 | J228: 1014.7908 | K228: 506.101 | L228: =IF(LEFT(G228,1)="A","A","") | N228: M0467 | O228: Luva em aço para emenda tipo prensada - D = 20,0 mm | P228: un | Q228: 34.33
G229: E9565 | H229: Trator sobre esteiras com lâmina e escarificador - 259 kW | I229: 33.3148 | J229: 1058.9594 | K229: 423.6229 | L229: =IF(LEFT(G229,1)="A","A","") | N229: M0468 | O229: Luva em aço para emenda tipo prensada - D = 25,0 mm | P229: un | Q229: 59.73
G230: E9566 | H230: Guindaste móvel sobre esteiras com clamshell de 1,9 m³ - 220 kW | I230: 44.6289 | J230: 643.1107 | K230: 309.6554 | L230: =IF(LEFT(G230,1)="A","A","") | N230: M0469 | O230: Luva em aço para emenda tipo prensada - D = 32,0 mm | P230: un | Q230: 137.85
G231: E9567 | H231: Fresadora de piso de concreto - 6,7 kW | I231: 0 | J231: 17.6131 | K231: 2.7402 | L231: =IF(LEFT(G231,1)="A","A","") | N231: M0470 | O231: Luva em aço para emenda com rosca cônica - D = 12,5 mm | P231: un | Q231: 11.65
G232: E9568 | H232: Furadeira de impacto de 12,5 mm - 0,80 kW | I232: 0 | J232: 0.3683 | K232: 0.2389 | L232: =IF(LEFT(G232,1)="A","A","") | N232: M0471 | O232: Luva em aço para emenda com rosca cônica - D = 16,0 mm | P232: un | Q232: 17.59
G233: E9569 | H233: Guindaste móvel sobre esteiras com clamshell de 4,6 m³ - 403 kW | I233: 89.2578 | J233: 871.6631 | K233: 402.9726 | L233: =IF(LEFT(G233,1)="A","A","") | N233: M0472 | O233: Luva em aço para emenda com rosca cônica - D = 20,0 mm | P233: un | Q233: 25.05
G234: E9570 | H234: Furadeira com base magnética - 1,20 kW | I234: 0 | J234: 1.7138 | K234: 1.0388 | L234: =IF(LEFT(G234,1)="A","A","") | N234: M0481 | O234: Luva em aço para emenda com rosca cônica - D = 25,0 mm | P234: un | Q234: 34.48
G235: E9574 | H235: Perfuratriz sobre esteiras - 145 kW | I235: 33.3148 | J235: 516.777 | K235: 232.0564 | L235: =IF(LEFT(G235,1)="A","A","") | N235: M0502 | O235: Luva em aço para emenda com rosca cônica - D = 32,0 mm | P235: un | Q235: 60.7273
G236: E9576 | H236: Escavadeira hidráulica de longo alcance sobre esteiras - 103 kW | I236: 33.3148 | J236: 319.1087 | K236: 148.6654 | L236: =IF(LEFT(G236,1)="A","A","") | N236: M0505 | O236: Broca de widia - D = 6,5 mm e C = 100 mm | P236: un | Q236: 5.7814
G237: E9577 | H237: Trator agrícola sobre pneus - 77 kW | I237: 25.9895 | J237: 181.6997 | K237: 70.4783 | L237: =IF(LEFT(G237,1)="A","A","") | N237: M0506 | O237: Broca de widia - D = 8 mm e C = 120 mm | P237: un | Q237: 9.136
G238: E9578 | H238: Conjunto vibratório para meio tubo de concreto com encaixe PB e 3 jogos de fôrmas - D = 0,40 m - 2,20 kW | I238: 0 | J238: 4.3773 | K238: 2.6533 | L238: =IF(LEFT(G238,1)="A","A","") | N238: M0511 | O238: Abrasivo tipo granalha de aço | P238: kg | Q238: 12.5798
... G277: E9626 | H277: Draga hopper com capacidade de 20.000 m³ | I277: 613.5183 | J277: 81393.434 | K277: 30313.913 | L277: =IF(LEFT(G277,1)="A","A","") | N277: M0603 | O277: Ponteiro para rompedor hidráulico de 520 kg | P277: un | Q277: 6206.9018
G278: E9627 | H278: Embarcação hotel com capacidade para 15 pessoas - 199 kW | I278: 61.5077 | J278: 380.8625 | K278: 102.2321 | L278: =IF(LEFT(G278,1)="A","A","") | N278: M0614 | O278: Concreto usinado - fctM,k = 4,5 MPa (comercial) | P278: m³ | Q278: -
G279: E9628 | H279: Fábrica de pré-moldado de concreto para balizador - 2,20 kW | I279: 0 | J279: 3.6394 | K279: 2.206 | L279: =IF(LEFT(G279,1)="A","A","") | N279: M0615 | O279: Aditivo incorporador de ar para concreto e argamassa | P279: kg | Q279: 7.2353
G280: E9629 | H280: Compressor de ar portátil de 185,95 l/s (394 PCM) - 81,50 kW | I280: 0 | J280: 137.8176 | K280: 32.7022 | L280: =IF(LEFT(G280,1)="A","A","") | N280: M0639 | O280: Bico para corte a plasma CNC - 130A | P280: un | Q280: 115.1747
G281: E9630 | H281: Bomba submersível com capacidade de 75 m³/h - 3,6 kW | I281: 0 | J281: 1.2937 | K281: 0.7463 | L281: =IF(LEFT(G281,1)="A","A","") | N281: M0640 | O281: Bocal para corte a plasma CNC - 130A | P281: un | Q281: 112.365
G282: E9631 | H282: Bomba para concreto projetado via seca com capacidade de 6 m³/h - 7,5 kW | I282: 44.6289 | J282: 120.0001 | K282: 87.8064 | L282: =IF(LEFT(G282,1)="A","A","") | N282: M0641 | O282: Capa do bico para corte a plasma CNC - 130A | P282: un | Q282: 1541.7735
G283: E9632 | H283: Conjunto vibratório para tubos de concreto com encaixe PB e 3 jogos de fôrmas - D = 0,20 m - 2,20 kW | I283: 0 | J283: 11.9518 | K283: 7.2445 | L283: =IF(LEFT(G283,1)="A","A","") | N283: M0642 | O283: Capa do bocal para corte a plasma CNC - 130A | P283: un | Q283: 776.7085
G284: E9633 | H284: Conjunto vibratório para tubos de concreto com encaixe PB e 3 jogos de fôrmas - D = 0,30 m - 2,20 kW | I284: 0 | J284: 13.8053 | K284: 8.368 | L284: =IF(LEFT(G284,1)="A","A","") | N284: M0643 | O284: Distribuidor de gás para corte a plasma CNC - 130A | P284: un | Q284: 208.3586
G285: E9634 | H285: Conjunto vibratório para tubos de concreto com encaixe PB e 3 jogos de fôrmas - D = 0,40 m - 2,20 kW | I285: 0 | J285: 15.2502 | K285: 9.2438 | L285: =IF(LEFT(G285,1)="A","A","") | N285: M0644 | O285: Eletrodo para corte a plasma CNC - 130A | P285: un | Q285: 125.922
G286: E9635 | H286: Draga de sucção e recalque com potência da bomba de 294 kW e cortador de 30 kW | I286: 64.4346 | J286: 664.3119 | K286: 205.5326 | L286: =IF(LEFT(G286,1)="A","A","") | N286: M0645 | O286: Tubo de água para corte a plasma CNC - 130A | P286: un | Q286: 197.2504
G287: E9636 | H287: Draga de sucção e recalque com potência da bomba de 483 kW e cortador de 55 kW | I287: 64.4346 | J287: 1061.1779 | K287: 300.7682 | L287: =IF(LEFT(G287,1)="A","A","") | N287: M0646 | O287: Estaca pré-moldada de concreto protendido com compressão admissível de 100 t | P287: m | Q287: 262.5945
G288: E9637 | H288: Draga de sucção e recalque com potência da bomba de 746 kW e cortador de 110 kW | I288: 94.268 | J288: 1824.3627 | K288: 536.1682 | L288: =IF(LEFT(G288,1)="A","A","") | N288: M0647 | O288: Estaca pré-moldada de concreto protendido com compressão admissível de 25 t | P288: m | Q288: 82.5666
G289: E9638 | H289: Draga de sucção e recalque com potência da bomba de 1.350 kW e cortador de 170 kW | I289: 94.268 | J289: 2915.1104 | K289: 768.9097 | L289: =IF(LEFT(G289,1)="A","A","") | N289: M0648 | O289: Estaca pré-moldada de concreto protendido com compressão admissível de 35 t | P289: m | Q289: 113.2471
G290: E9639 | H290: Embarcação hotel com capacidade para 30 pessoas - 2 x 112 kW | I290: 135.9683 | J290: 544.8173 | K290: 200.9638 | L290: =IF(LEFT(G290,1)="A","A","") | N290: M0649 | O290: Estaca pré-moldada de concreto protendido com compressão admissível de 60 t | P290: m | Q290: 141.8729
... G318: E9682 | H318: Rolo compactador liso tandem vibratório autopropelido de 1,6 t - 18 kW | I318: 33.3148 | J318: 127.0078 | K318: 69.2909 | L318: =IF(LEFT(G318,1)="A","A","") | N318: M0773 | O318: Perfil de alumínio tipo L463 para placa de sinalização - seção de 50 x 50 mm | P318: m | Q318: 53.1879
G319: E9683 | H319: Martelete perfurador/rompedor elétrico - 0,90 kW | I319: 0 | J319: 1.5478 | K319: 0.8293 | L319: =IF(LEFT(G319,1)="A","A","") | N319: M0785 | O319: Massa asfáltica comercial | P319: t | Q319: -
G320: E9684 | H320: Veículo leve picape média 4 x 4 com cabine dupla com capacidade de 1,10 t - 152,25 kW | I320: 31.7224 | J320: 115.6437 | K320: 55.7319 | L320: =IF(LEFT(G320,1)="A","A","") | N320: M0786 | O320: Placa de poliestireno expandido (EPS) | P320: m³ | Q320: 361.9303
G321: E9685 | H321: Rolo compactador pé de carneiro vibratório autopropelido por pneus de 11,6 t - 82 kW | I321: 33.3148 | J321: 247.7099 | K321: 110.5758 | L321: =IF(LEFT(G321,1)="A","A","") | N321: M0787 | O321: Suporte em aço-carbono galvanizado tipo perfil C para placa de sinalização | P321: kg | Q321: 30.2385
G322: E9689 | H322: Usina de asfalto a quente gravimétrica com capacidade de 100/140 t/h - 260 kW | I322: 44.6289 | J322: 1879.8997 | K322: 938.3328 | L322: =IF(LEFT(G322,1)="A","A","") | N322: M0789 | O322: Conjunto para fixação de placas em aço galvanizado composto por barra chata, abraçadeira, parafusos, porcas e arruelas | P322: kg | Q322: 35.5378
G323: E9691 | H323: Guincho tracionador de cordoalhas - 7,50 kW | I323: 25.9895 | J323: 90.3881 | K323: 68.479 | L323: =IF(LEFT(G323,1)="A","A","") | N323: M0796 | O323: Semipórtico metálico para vão de 8,3 m e vento de 35 m/s | P323: un | Q323: 63867.825
G324: E9692 | H324: Caldeira para aquecimento e injeção de cera - 1 kW | I324: 25.9895 | J324: 52.2902 | K324: 46.3281 | L324: =IF(LEFT(G324,1)="A","A","") | N324: M0798 | O324: Apoio de neoprene fretado | P324: dm³ | Q324: 120.6028
G325: E9694 | H325: Misturador de argamassa de alta turbulência com capacidade de 220 l - 13 kW | I325: 25.9895 | J325: 37.4728 | K325: 32.4738 | L325: =IF(LEFT(G325,1)="A","A","") | N325: M0804 | O325: Cabo de aço - D = 12,70 mm (1/2") | P325: m | Q325: 28.18
G326: E9697 | H326: Minicarregadeira de pneus com vassoura de 1,68 m - 45,50 kW | I326: 33.3148 | J326: 180.0742 | K326: 78.5284 | L326: =IF(LEFT(G326,1)="A","A","") | N326: M0805 | O326: Semipórtico duplo metálico para vão de 2 x 8,3 m e vento de 35 m/s | P326: un | Q326: 99228.308
G327: E9699 | H327: Trituradora de galhos e troncos rebocável com capacidade de até 350 mm de diâmetro com guincho - 96,94 kW | I327: 25.9895 | J327: 215.8585 | K327: 81.1187 | L327: =IF(LEFT(G327,1)="A","A","") | N327: M0808 | O327: Brita 4 | P327: m³ | Q327: 115.8044
G328: E9700 | H328: Fresadora a frio - 155 kW | I328: 44.6289 | J328: 1447.6886 | K328: 606.7783 | L328: =IF(LEFT(G328,1)="A","A","") | N328: M0809 | O328: Cabo de aço - D = 6,35 mm (1/4") | P328: m | Q328: 8.1566
G329: E9701 | H329: Jateador pressurizado multiabrasivo com capacidade de 280 l | I329: 25.9895 | J329: 31.6973 | K329: 29.1095 | L329: =IF(LEFT(G329,1)="A","A","") | N329: M0810 | O329: Cabo de aço - D = 52,00 mm (2") | P329: m | Q329: 505.4338
G330: E9703 | H330: Fábrica de pré-moldado de concreto para mourão - 2,20 kW | I330: 0 | J330: 3.6394 | K330: 2.206 | L330: =IF(LEFT(G330,1)="A","A","") | N330: M0812 | O330: Sapatilha em aço inox - D = 6,35 mm (1/4") | P330: un | Q330: 3.9
G331: E9704 | H331: Batelão sem propulsão montado na obra com capacidade de 66 m³ | I331: 29.8334 | J331: 60.7416 | K331: 43.9118 | L331: =IF(LEFT(G331,1)="A","A","") | N331: M0818 | O331: Semipórtico metálico para vão de 8,3 m e vento de 40 m/s | P331: un | Q331: 64579.114
... G385: E9770 | H385: Retroescavadeira de pneus com caçamba de escavação trapezoidal ou triangular com seção de corte inferior a 0,10 m² - 58 kW | I385: 33.3148 | J385: 155.0097 | K385: 77.2252 | L385: =IF(LEFT(G385,1)="A","A","") | N385: M1118 | O385: Cruzeta de madeira para poste - H = 240 cm | P385: un | Q385: 156
G386: E9771 | H386: Retroescavadeira de pneus com caçamba de escavação trapezoidal ou triangular com seção de corte de 0,10 a 0,15 m² - 58 kW | I386: 33.3148 | J386: 155.0097 | K386: 77.2252 | L386: =IF(LEFT(G386,1)="A","A","") | N386: M1129 | O386: Junta de dilatação em perfil extrudado de borracha vulcanizada | P386: m | Q386: -
G387: E9772 | H387: Retroescavadeira de pneus com caçamba de escavação trapezoidal ou triangular com seção de corte de 0,15 a 0,20 m² - 58 kW | I387: 33.3148 | J387: 155.0097 | K387: 77.2252 | L387: =IF(LEFT(G387,1)="A","A","") | N387: M1130 | O387: Selante elástico à base de poliuretano | P387: kg | Q387: 108.4864
G388: E9773 | H388: Retroescavadeira de pneus com caçamba de escavação trapezoidal ou triangular com seção de corte de 0,20 a 0,30 m² - 58 kW | I388: 33.3148 | J388: 155.0097 | K388: 77.2252 | L388: =IF(LEFT(G388,1)="A","A","") | N388: M1131 | O388: Cordão de polietileno expandido de baixa densidade - D = 15,0 mm | P388: m | Q388: 0.768
G389: E9774 | H389: Retroescavadeira de pneus com caçamba de escavação trapezoidal ou triangular com seção de corte de 0,30 a 0,50 m² - 58 kW | I389: 33.3148 | J389: 155.0097 | K389: 77.2252 | L389: =IF(LEFT(G389,1)="A","A","") | N389: M1132 | O389: Junta de dilatação em elastômero e perfil VV - L = 20 mm e H = 40 mm | P389: m | Q389: 186.3644
G390: E9775 | H390: Escavadeira hidráulica com martelo hidráulico de 1.700 kg - 103 kW | I390: 33.3148 | J390: 672.9085 | K390: 306.2583 | L390: =IF(LEFT(G390,1)="A","A","") | N390: M1134 | O390: Junta de dilatação em elastômero e perfil VV - L = 25 mm e H = 50 mm | P390: m | Q390: 206.0149
G391: E9776 | H391: Grupo gerador - 174 kVA | I391: 0 | J391: 176.3438 | K391: 16.9972 | L391: =IF(LEFT(G391,1)="A","A","") | N391: M1135 | O391: Pó de pedra | P391: m³ | Q391: 110.0729
G392: E9777 | H392: Extrusora de barreira de concreto - 74 kW | I392: 33.3148 | J392: 1124.4071 | K392: 543.1015 | L392: =IF(LEFT(G392,1)="A","A","") | N392: M1136 | O392: Cordão de polietileno expandido de baixa densidade - D = 10,0 mm | P392: m | Q392: 0.2555
G393: E9778 | H393: Grupo gerador - 338 kVA | I393: 0 | J393: 326.3146 | K393: 22.649 | L393: =IF(LEFT(G393,1)="A","A","") | N393: M1142 | O393: Junta de dilatação em elastômero e perfil VV - L = 35 mm e H = 60 mm | P393: m | Q393: 301.9524
G394: E9779 | H394: Grupo gerador - 113 kVA | I394: 0 | J394: 113.8123 | K394: 10.7708 | L394: =IF(LEFT(G394,1)="A","A","") | N394: M1150 | O394: Adesivo estrutural à base de resina epóxi bicomponente tipo ADE-52 ou similar | P394: kg | Q394: 135.1142
G395: E9780 | H395: Misturador automático para grauteamento com capacidade de 20 m³/h - 7 kW | I395: 25.9895 | J395: 125.2015 | K395: 74.7226 | L395: =IF(LEFT(G395,1)="A","A","") | N395: M1151 | O395: Junta de dilatação em elastômero e perfil VV - L = 40 mm e H = 70 mm | P395: m | Q395: 409.537
G396: E9781 | H396: Misturador com bomba para grauteamento tipo Flex E ou similar - 25 kW | I396: 25.9895 | J396: 251.1102 | K396: 145.6657 | L396: =IF(LEFT(G396,1)="A","A","") | N396: M1152 | O396: Junta de dilatação em elastômero e perfil VV - L = 50 mm e H = 80 mm | P396: m | Q396: 418.3669
G397: E9782 | H397: Perfuratriz pneumática com avanço de coluna de 33,5 kg com capacidade de 2.280 gpm | I397: 25.9895 | J397: 42.6494 | K397: 34.9159 | L397: =IF(LEFT(G397,1)="A","A","") | N397: M1176 | O397: Arame liso em aço galvanizado - D = 1,65 mm (16 BWG) | P397: kg | Q397: 18.5431
...

Sheet CPU-RES
A1: Item | B1: Descrição Abreviada | C1: Unid | D1: Custo Unitário
A2: 4805757 | B2: Escavação mecânica de vala em material de 1ª categoria | C2: m³ | D2: 7.03
A3: 2306122 | B3: Estaca duplo trilho TR 68 - com emenda - fornecimento e cravação | C3: m | D3: 546.13
A4: 1106057 | B4: Concreto magro - confecção em betoneira e lançamento manual - areia e brita comerciais | C4: m³ | D4: 539.81
A5: 3108012 | B5: Fôrmas de compensado plastificado 12 mm - uso geral - utilização de 2 vezes - confecção, instalação e retirada | C5: m² | D5: 96.98
A6: 407819 | B6: Armação em aço CA-50 - fornecimento, preparo e colocação | C6: kg | D6: 11.76
A7: 1107900 | B7: Concreto fck = 30 MPa - confecção em betoneira e lançamento manual - areia e brita comerciais | C7: m³ | D7: 615.25
A8: 1100657 | B8: Adensamento de concreto por vibrador de imersão | C8: m³ | D8: 3.7
A9: 4815671 | B9: Reaterro e compactação com soquete vibratório | C9: m³ | D9: 19.83
A10: 2003864 | B10: Esgotamento de água com bomba submersa | C10: h | D10: 14.54
A11: 2108166 | B11: Escoramento com pontaletes D = 10 cm - utilização de 2 vezes - confecção, instalação e retirada | C11: m³ | D11: 24.91
A12: 1109680 | B12: Argamassa para reparos e grauteamento - confecção em misturador e lançamento manual | C12: m³ | D12: 4462.09
A13: 307732 | B13: Aparelho de apoio de neoprene fretado para estruturas pré-moldadas - fornecimento e instalação | C13: dm³ | D13: 126.15
... A48: 5915014 | B48: Transporte com caminhão carroceria com capacidade de 11,5 t e com guindauto com capacidade de elevação de 11,9 t - rodovia pavimentada | C48: tkm | D48: 1.37

Sheet RESUMO
A1: =DADOS!$A$1 -> Obra: Construção de Obra de Arte Especial | C1: Data Base: | D1: =ORCAMENTO!F1 -> Outubro/2025
A2: =DADOS!$A$2 -> Rodovia Vicinal - Tacuru/MS | C2: Mão de Obra: | D2: Sem Deson.
A3: =DADOS!$A$3 -> Ponte sobre o Rio Puitã | C3: BDI da Obra: | D3: =ORCAMENTO!F3 -> 0.28791653
A4: RESUMO DO ORÇAMENTO
A5: ITEM | B5: DISCRIMINAÇÃO | C5: % | D5: PREÇO TOTAL
A7: 1. | B7: SERVIÇOS DE PRELIMINARES | C7: =D7/$D$25 -> 0.028758462 | D7: =ORCAMENTO!J9 -> 58593.05
A9: 2. | B9: MOBILIZAÇÃO E DESMOBILIZAÇÃO | C9: =D9/$D$25 -> 0.097381264 | D9: =ORCAMENTO!J18 -> 198406.48
A11: 3. | B11: INFRA E MESOESTRUTURA | C11: =D11/$D$25 -> 0.37446293 | D11: =ORCAMENTO!J73 -> 762938.04
A13: 4. | B13: SUPERESTRUTURA | C13: =D13/$D$25 -> 0.2931436 | D13: =ORCAMENTO!J130 -> 597256.46
A15: 5. | B15: DESVIO PROVISÓRIO | C15: =D15/$D$25 -> 0.027689036 | D15: =ORCAMENTO!J140 -> 56414.18
A17: 6. | B17: TERRAPLENAGEM | C17: =D17/$D$25 -> 0.056504168 | D17: =ORCAMENTO!J155 -> 115122.69
A19: 7. | B19: SINALIZAÇÃO E SEGURANÇA VIÁRIA | C19: =D19/$D$25 -> 0.0064657722 | D19: =ORCAMENTO!J160 -> 13173.49
A21: 8. | B21: REMOÇÃO DA PONTE DE MADEIRA E RESÍDUOS SÓLIDOS | C21: =D21/$D$25 -> 0.0013726776 | D21: =ORCAMENTO!J166 -> 2796.72
A23: 9. | B23: ADMINISTRAÇÃO LOCAL | C23: =D23/$D$25 -> 0.1142221 | D23: =ORCAMENTO!J170 -> 232718.32
A25: TOTAL ORÇAMENTO SEM DESONERAÇÃO | D25: =SUM(D7:D24) -> 2037419.4
D28: =33.8*6 -> 202.8
D29: =D25/D28 -> 10046.447

Sheet ORCAMENTO
A1: =DADOS!$A$1 -> Obra: Construção de Obra de Arte Especial | D1: Data Base: | F1: =DADOS!B6 -> Outubro/2025
A2: =DADOS!$A$2 -> Rodovia Vicinal - Tacuru/MS | D2: Mão de Obra: | F2: =DADOS!B7 -> Sem Desoneração
A3: =DADOS!$A$3 -> Ponte sobre o Rio Puitã | D3: BDI da Obra: | F3: ='BDI SICRO'!D18/100 -> 0.28791653
A4: PLANILHA ORÇAMENTÁRIA
A5: ITEM | B5: CÓDIGO | C5: DISCRIMINAÇÃO | D5: UND | E5: QUANT. | F5: CUSTO UNITÁRIO | H5: BDI ADOTADO | I5: % | J5: PREÇO TOTAL
F6: SEM BDI | G6: COM BDI
A7: 1 | C7: SERVIÇOS DE PRELIMINARES
A8: 1.1 | B8: - | C8: Instalação de canteiro de obras e alojamentos | D8: un | E8: 1 | F8: =CANTEIRO!H93 -> 45494.45 | G8: =TRUNC(F8*(1+H8),2) -> 58593.05 | H8: =$F$3 -> 0.28791653 | I8: =J8/$J$172 -> 0.028758462 | J8: =TRUNC(G8*E8,2) -> 58593.05
C9: ="TOTAL DE "&C7 -> TOTAL DE SERVIÇOS DE PRELIMINARES | I9: TOTAL DE SERVIÇOS DE PRELIMINARES | J9: =SUM(J8:J8) -> 58593.05
A11: 2 | C11: MOBILIZAÇÃO E DESMOBILIZAÇÃO
A12: 2.1 | B12: - | C12: Mobilização de pessoal | D12: un | E12: 1 | F12: ='MOB-DESM'!P72 -> 1460.64 | G12: =TRUNC(F12*(1+H12),2) -> 1881.18 | H12: =$F$3 -> 0.28791653 | I12: =J12/$J$172 -> 0.00092331504 | J12: =TRUNC(G12*E12,2) -> 1881.18
A13: 2.2 | B13: - | C13: Desmobilização de pessoal | D13: un | E13: 1 | F13: ='MOB-DESM'!P73 -> 1460.64 | G13: =TRUNC(F13*(1+H13),2) -> 1881.18 | H13: =$F$3 -> 0.28791653 | I13: =J13/$J$172 -> 0.00092331504 | J13: =TRUNC(G13*E13,2) -> 1881.18
A14: 2.3 | B14: - | C14: Mobilização de equipamento rodante | D14: un | E14: 1 | F14: ='MOB-DESM'!P20 -> 23815.1 | G14: =TRUNC(F14*(1+H14),2) -> 30671.86 | H14: =$F$3 -> 0.28791653 | I14: =J14/$J$172 -> 0.015054269 | J14: =TRUNC(G14*E14,2) -> 30671.86
A15: 2.4 | B15: - | C15: Desmobilização de equipamento rodante | D15: un | E15: 1 | F15: ='MOB-DESM'!P21 -> 23815.1 | G15: =TRUNC(F15*(1+H15),2) -> 30671.86 | H15: =$F$3 -> 0.28791653 | I15: =J15/$J$172 -> 0.015054269 | J15: =TRUNC(G15*E15,2) -> 30671.86
A16: 2.5 | B16: - | C16: Mobilização de equipamento pesado | D16: un | E16: 1 | F16: ='MOB-DESM'!P39 -> 51750.41 | G16: =TRUNC(F16*(1+H16),2) -> 66650.2 | H16: =$F$3 -> 0.28791653 | I16: =J16/$J$172 -> 0.032713048 | J16: =TRUNC(G16*E16,2) -> 66650.2
A17: 2.6 | B17: - | C17: Desmobilização de equipamento pesado | D17: un | E17: 1 | F17: ='MOB-DESM'!P40 -> 51750.41 | G17: =TRUNC(F17*(1+H17),2) -> 66650.2 | H17: =$F$3 -> 0.28791653 | I17: =J17/$J$172 -> 0.032713048 | J17: =TRUNC(G17*E17,2) -> 66650.2
C18: ="TOTAL DE "&C11 -> TOTAL DE MOBILIZAÇÃO E DESMOBILIZAÇÃO | I18: TOTAL DE MOBILIZAÇÃO E DESMOBILIZAÇÃO | J18: =SUM(J12:J17) -> 198406.48
A20: 3 | C20: INFRA E MESOESTRUTURA
A21: 3.1 | C21: ESTACAS E BLOCOS
A22: 3.1.1 | B22: 4805757 | C22: Escavação mecânica de vala em material de 1ª categoria | D22: m³ | E22: 222.3 | F22: =VLOOKUP(B22,'CPU-RES'!A:D,4,0) -> 7.03 | G22: =TRUNC(F22*(1+H22),2) -> 9.05 | H22: =$F$3 -> 0.28791653 | I22: =J22/$J$172 -> 0.00098743046 | J22: =TRUNC(G22*E22,2) -> 2011.81
A23: 3.1.2 | B23: 2306122 | C23: Estaca duplo trilho TR 68 - com emenda - fornecimento e cravação | D23: m | E23: 480 | F23: =VLOOKUP(B23,'CPU-RES'!A:D,4,0) -> 546.13 | G23: =TRUNC(F23*(1+H23),2) -> 703.36 | H23: =$F$3 -> 0.28791653 | I23: =J23/$J$172 -> 0.16570609 | J23: =TRUNC(G23*E23,2) -> 337612.8
A24: 3.1.3 | B24: 1106057 | C24: Concreto magro - confecção em betoneira e lançamento manual - areia e brita comerciais | D24: m³ | E24: 2.4 | F24: =VLOOKUP(B24,'CPU-RES'!A:D,4,0) -> 539.81 | G24: =TRUNC(F24*(1+H24),2) -> 695.23 | H24: =$F$3 -> 0.28791653 | I24: =J24/$J$172 -> 0.00081895263 | J24: =TRUNC(G24*E24,2) -> 1668.55
A25: 3.1.4 | B25: 3108012 | C25: Fôrmas de compensado plastificado 12 mm - uso geral - utilização de 2 vezes - confecção, instalação e retirada | D25: m² | E25: 104.16 | F25: =VLOOKUP(B25,'CPU-RES'!A:D,4,0) -> 96.98 | G25: =TRUNC(F25*(1+H25),2) -> 124.9 | H25: =$F$3 -> 0.28791653 | I25: =J25/$J$172 -> 0.0063853224 | J25: =TRUNC(G25*E25,2) -> 13009.58
A26: 3.1.5 | B26: 407819 | C26: Armação em aço CA-50 - fornecimento, preparo e colocação | D26: kg | E26: 2621 | F26: =VLOOKUP(B26,'CPU-RES'!A:D,4,0) -> 11.76 | G26: =TRUNC(F26*(1+H26),2) -> 15.14 | H26: =$F$3 -> 0.28791653 | I26: =J26/$J$172 -> 0.019476569 | J26: =TRUNC(G26*E26,2) -> 39681.94
A27: 3.1.6 | B27: 1107900 | C27: Concreto fck = 30 MPa - confecção em betoneira e lançamento manual - areia e brita comerciais | D27: m³ | E27: 30.24 | F27: =VLOOKUP(B27,'CPU-RES'!A:D,4,0) -> 615.25 | G27: =TRUNC(F27*(1+H27),2) -> 792.39 | H27: =$F$3 -> 0.28791653 | I27: =J27/$J$172 -> 0.011760892 | J27: =TRUNC(G27*E27,2) -> 23961.87
A28: 3.1.7 | B28: 1100657 | C28: Adensamento de concreto por vibrador de imersão | D28: m³ | E28: 30.24 | F28: =VLOOKUP(B28,'CPU-RES'!A:D,4,0) -> 3.7 | G28: =TRUNC(F28*(1+H28),2) -> 4.76 | H28: =$F$3 -> 0.28791653 | I28: =J28/$J$172 -> 7.0648192e-05 | J28: =TRUNC(G28*E28,2) -> 143.94
A29: 3.1.8 | B29: 4815671 | C29: Reaterro e compactação com soquete vibratório | D29: m³ | E29: 191.1 | F29: =VLOOKUP(B29,'CPU-RES'!A:D,4,0) -> 19.83 | G29: =TRUNC(F29*(1+H29),2) -> 25.53 | H29: =$F$3 -> 0.28791653 | I29: =J29/$J$172 -> 0.0023945879 | J29: =TRUNC(G29*E29,2) -> 4878.78
A30: 3.1.9 | B30: 2003864 | C30: Esgotamento de água com bomba submersa | D30: h | E30: 2621 | F30: =VLOOKUP(B30,'CPU-RES'!A:D,4,0) -> 14.54 | G30: =TRUNC(F30*(1+H30),2) -> 18.72 | H30: =$F$3 -> 0.28791653 | I30: =J30/$J$172 -> 0.024081993 | J30: =TRUNC(G30*E30,2) -> 49065.12
C31: ="TOTAL DE "&C21 -> TOTAL DE ESTACAS E BLOCOS | I31: Total de Estacas e Blocos | J31: =SUM(J22:J30) -> 472034.39
A33: 3.2 | C33: PILARES
A34: 3.2.1 | B34: 3108012 | C34: Fôrmas de compensado plastificado 12 mm - uso geral - utilização de 2 vezes - confecção, instalação e retirada | D34: m² | E34: 25.14 | F34: =VLOOKUP(B34,'CPU-RES'!A:D,4,0) -> 96.98 | G34: =TRUNC(F34*(1+H34),2) -> 124.9 | H34: =$F$3 -> 0.28791653 | I34: =J34/$J$172 -> 0.0015411554 | J34: =TRUNC(G34*E34,2) -> 3139.98
A35: 3.2.2 | B35: 407819 | C35: Armação em aço CA-50 - fornecimento, preparo e colocação | D35: kg | E35: 834 | F35: =VLOOKUP(B35,'CPU-RES'!A:D,4,0) -> 11.76 | G35: =TRUNC(F35*(1+H35),2) -> 15.14 | H35: =$F$3 -> 0.28791653 | I35: =J35/$J$172 -> 0.0061974279 | J35: =TRUNC(G35*E35,2) -> 12626.76
A36: 3.2.3 | B36: 1107900 | C36: Concreto fck = 30 MPa - confecção em betoneira e lançamento manual - areia e brita comerciais | D36: m³ | E36: 6.284 | F36: =VLOOKUP(B36,'CPU-RES'!A:D,4,0) -> 615.25 | G36: =TRUNC(F36*(1+H36),2) -> 792.39 | H36: =$F$3 -> 0.28791653 | I36: =J36/$J$172 -> 0.0024439592 | J36: =TRUNC(G36*E36,2) -> 4979.37
A37: 3.2.4 | B37: 1100657 | C37: Adensamento de concreto por vibrador de imersão | D37: m³ | E37: 6.284 | F37: =VLOOKUP(B37,'CPU-RES'!A:D,4,0) -> 3.7 | G37: =TRUNC(F37*(1+H37),2) -> 4.76 | H37: =$F$3 -> 0.28791653 | I37: =J37/$J$172 -> 1.4680335e-05 | J37: =TRUNC(G37*E37,2) -> 29.91
C38: ="TOTAL DE "&C33 -> TOTAL DE PILARES | I38: Total de Pilares | J38: =SUM(J34:J37) -> 20776.02
A40: 3.3 | C40: TRAVESSAS, CORTINAS E BERÇOS
A41: 3.3.1 | B41: 3108012 | C41: Fôrmas de compensado plastificado 12 mm - uso geral - utilização de 2 vezes - confecção, instalação e retirada | D41: m² | E41: 126.31 | F41: =VLOOKUP(B41,'CPU-RES'!A:D,4,0) -> 96.98 | G41: =TRUNC(F41*(1+H41),2) -> 124.9 | H41: =$F$3 -> 0.28791653 | I41: =J41/$J$172 -> 0.0077431823 | J41: =TRUNC(G41*E41,2) -> 15776.11
A42: 3.3.2 | B42: 2108166 | C42: Escoramento com pontaletes D = 10 cm - utilização de 2 vezes - confecção, instalação e retirada | D42: m³ | E42: 41.055 | F42: =VLOOKUP(B42,'CPU-RES'!A:D,4,0) -> 24.91 | G42: =TRUNC(F42*(1+H42),2) -> 32.08 | H42: =$F$3 -> 0.28791653 | I42: =J42/$J$172 -> 0.00064642556 | J42: =TRUNC(G42*E42,2) -> 1317.04
A43: 3.3.3 | B43: 407819 | C43: Armação em aço CA-50 - fornecimento, preparo e colocação | D43: kg | E43: 4247 | F43: =VLOOKUP(B43,'CPU-RES'!A:D,4,0) -> 11.76 | G43: =TRUNC(F43*(1+H43),2) -> 15.14 | H43: =$F$3 -> 0.28791653 | I43: =J43/$J$172 -> 0.031559324 | J43: =TRUNC(G43*E43,2) -> 64299.58
A44: 3.3.4 | B44: 1107900 | C44: Concreto fck = 30 MPa - confecção em betoneira e lançamento manual - areia e brita comerciais | D44: m³ | E44: 46.326 | F44: =VLOOKUP(B44,'CPU-RES'!A:D,4,0) -> 615.25 | G44: =TRUNC(F44*(1+H44),2) -> 792.39 | H44: =$F$3 -> 0.28791653 | I44: =J44/$J$172 -> 0.018017031 | J44: =TRUNC(G44*E44,2) -> 36708.25
A45: 3.3.5 | B45: 1100657 | C45: Adensamento de concreto por vibrador de imersão | D45: m³ | E45: 46.326 | F45: =VLOOKUP(B45,'CPU-RES'!A:D,4,0) -> 3.7 | G45: =TRUNC(F45*(1+H45),2) -> 4.76 | H45: =$F$3 -> 0.28791653 | I45: =J45/$J$172 -> 0.00010823005 | J45: =TRUNC(G45*E45,2) -> 220.51
A46: 3.3.6 | B46: 1109680 | C46: Argamassa para reparos e grauteamento - confecção em misturador e lançamento manual | D46: m³ | E46: 0.096 | F46: =VLOOKUP(B46,'CPU-RES'!A:D,4,0) -> 4462.09 | G46: =TRUNC(F46*(1+H46),2) -> 5746.79 | H46: =$F$3 -> 0.28791653 | I46: =J46/$J$172 -> 0.00027077881 | J46: =TRUNC(G46*E46,2) -> 551.69
A47: 3.3.7 | B47: 307732 | C47: Aparelho de apoio de neoprene fretado para estruturas pré-moldadas - fornecimento e instalação | D47: dm³ | E47: 67.2 | F47: =VLOOKUP(B47,'CPU-RES'!A:D,4,0) -> 126.15 | G47: =TRUNC(F47*(1+H47),2) -> 162.47 | H47: =$F$3 -> 0.28791653 | I47: =J47/$J$172 -> 0.0053587297 | J47: =TRUNC(G47*E47,2) -> 10917.98
C48: ="TOTAL DE "&C40 -> TOTAL DE TRAVESSAS, CORTINAS E BERÇOS | I48: Total de Travessas, Cortinas e Berços | J48: =SUM(J41:J47) -> 129791.16
A50: 3.4 | C50: ALAS
A51: 3.4.1 | B51: 3108012 | C51: Fôrmas de compensado plastificado 12 mm - uso geral - utilização de 2 vezes - confecção, instalação e retirada | D51: m² | E51: 51.53 | F51: =VLOOKUP(B51,'CPU-RES'!A:D,4,0) -> 96.98 | G51: =TRUNC(F51*(1+H51),2) -> 124.9 | H51: =$F$3 -> 0.28791653 | I51: =J51/$J$172 -> 0.0031589421 | J51: =TRUNC(G51*E51,2) -> 6436.09
A52: 3.4.2 | B52: 407819 | C52: Armação em aço CA-50 - fornecimento, preparo e colocação | D52: kg | E52: 1402 | F52: =VLOOKUP(B52,'CPU-RES'!A:D,4,0) -> 11.76 | G52: =TRUNC(F52*(1+H52),2) -> 15.14 | H52: =$F$3 -> 0.28791653 | I52: =J52/$J$172 -> 0.010418218 | J52: =TRUNC(G52*E52,2) -> 21226.28
A53: 3.4.3 | B53: 1107900 | C53: Concreto fck = 30 MPa - confecção em betoneira e lançamento manual - areia e brita comerciais | D53: m³ | E53: 6.48 | F53: =VLOOKUP(B53,'CPU-RES'!A:D,4,0) -> 615.25 | G53: =TRUNC(F53*(1+H53),2) -> 792.39 | H53: =$F$3 -> 0.28791653 | I53: =J53/$J$172 -> 0.002520188 | J53: =TRUNC(G53*E53,2) -> 5134.68
A54: 3.4.4 | B54: 1100657 | C54: Adensamento de concreto por vibrador de imersão | D54: m³ | E54: 6.48 | F54: =VLOOKUP(B54,'CPU-RES'!A:D,4,0) -> 3.7 | G54: =TRUNC(F54*(1+H54),2) -> 4.76 | H54: =$F$3 -> 0.28791653 | I54: =J54/$J$172 -> 1.5136795e-05 | J54: =TRUNC(G54*E54,2) -> 30.84
C55: ="TOTAL DE "&C50 -> TOTAL DE ALAS | I55: Total de Alas | J55: =SUM(J51:J54) -> 32827.89
A57: 3.5 | C57: LAJE DE TRANSIÇÃO
A58: 3.5.1 | B58: 3108012 | C58: Fôrmas de compensado plastificado 12 mm - uso geral - utilização de 2 vezes - confecção, instalação e retirada | D58: m² | E58: 65.8 | F58: =VLOOKUP(B58,'CPU-RES'!A:D,4,0) -> 96.98 | G58: =TRUNC(F58*(1+H58),2) -> 124.9 | H58: =$F$3 -> 0.28791653 | I58: =J58/$J$172 -> 0.0040337399 | J58: =TRUNC(G58*E58,2) -> 8218.42
A59: 3.5.2 | B59: 407819 | C59: Armação em aço CA-50 - fornecimento, preparo e colocação | D59: kg | E59: 1741 | F59: =VLOOKUP(B59,'CPU-RES'!A:D,4,0) -> 11.76 | G59: =TRUNC(F59*(1+H59),2) -> 15.14 | H59: =$F$3 -> 0.28791653 | I59: =J59/$J$172 -> 0.012937316 | J59: =TRUNC(G59*E59,2) -> 26358.74
A60: 3.5.3 | B60: 1107900 | C60: Concreto fck = 30 MPa - confecção em betoneira e lançamento manual - areia e brita comerciais | D60: m³ | E60: 15.24 | F60: =VLOOKUP(B60,'CPU-RES'!A:D,4,0) -> 615.25 | G60: =TRUNC(F60*(1+H60),2) -> 792.39 | H60: =$F$3 -> 0.28791653 | I60: =J60/$J$172 -> 0.0059271154 | J60: =TRUNC(G60*E60,2) -> 12076.02
A61: 3.5.4 | B61: 1100657 | C61: Adensamento de concreto por vibrador de imersão | D61: m³ | E61: 15.24 | F61: =VLOOKUP(B61,'CPU-RES'!A:D,4,0) -> 3.7 | G61: =TRUNC(F61*(1+H61),2) -> 4.76 | H61: =$F$3 -> 0.28791653 | I61: =J61/$J$172 -> 3.5603862e-05 | J61: =TRUNC(G61*E61,2) -> 72.54
A62: 3.5.5 | B62: 2003842 | C62: Enchimento de junta de concreto com argamassa asfáltica de densidade 1.700 kg/m³ - espessura de 1 cm | D62: kg | E62: 40.8 | F62: =VLOOKUP(B62,'CPU-RES'!A:D,4,0) -> 76.08 | G62: =TRUNC(F62*(1+H62),2) -> 97.98 | H62: =$F$3 -> 0.28791653 | I62: =J62/$J$172 -> 0.00196208 | J62: =TRUNC(G62*E62,2) -> 3997.58
C63: ="TOTAL DE "&C57 -> TOTAL DE LAJE DE TRANSIÇÃO | I63: Total de Laje de Transição | J63: =SUM(J58:J62) -> 50723.3
A65: 3.6 | C65: PROTEÇÃO DOS TALUDES E ENCONTROS
A66: 3.6.1 | B66: 1505879 | C66: Enrocamento de pedra arrumada manualmente - pedra de mão comercial - fornecimento e assentamento | D66: m³ | E66: 59.4 | F66: =VLOOKUP(B66,'CPU-RES'!A:D,4,0) -> 290.7 | G66: =TRUNC(F66*(1+H66),2) -> 374.39 | H66: =$F$3 -> 0.28791653 | I66: =J66/$J$172 -> 0.01091516 | J66: =TRUNC(G66*E66,2) -> 22238.76
A67: 3.6.2 | B67: 4815671 | C67: Reaterro e compactação com soquete vibratório | D67: m³ | E67: 103.635 | F67: =VLOOKUP(B67,'CPU-RES'!A:D,4,0) -> 19.83 | G67: =TRUNC(F67*(1+H67),2) -> 25.53 | H67: =$F$3 -> 0.28791653 | I67: =J67/$J$172 -> 0.0012986035 | J67: =TRUNC(G67*E67,2) -> 2645.8
A68: 3.6.3 | B68: 3816196 | C68: Injeção de nata de cimento | D68: m³ | E68: 10.364 | F68: =VLOOKUP(B68,'CPU-RES'!A:D,4,0) -> 1432.98 | G68: =TRUNC(F68*(1+H68),2) -> 1845.55 | H68: =$F$3 -> 0.28791653 | I68: =J68/$J$172 -> 0.0093879933 | J68: =TRUNC(G68*E68,2) -> 19127.28
A69: 3.6.4 | B69: 2003854 | C69: Camada drenante para proteção de muros de contenção - areia comercial | D69: m³ | E69: 23.94 | F69: =VLOOKUP(B69,'CPU-RES'!A:D,4,0) -> 193.49 | G69: =TRUNC(F69*(1+H69),2) -> 249.19 | H69: =$F$3 -> 0.28791653 | I69: =J69/$J$172 -> 0.0029280176 | J69: =TRUNC(G69*E69,2) -> 5965.6
A70: 3.6.5 | B70: 2003856 | C70: Camada drenante para proteção de muros de contenção - brita comercial | D70: m³ | E70: 32.13 | F70: =VLOOKUP(B70,'CPU-RES'!A:D,4,0) -> 146.3 | G70: =TRUNC(F70*(1+H70),2) -> 188.42 | H70: =$F$3 -> 0.28791653 | I70: =J70/$J$172 -> 0.0029713715 | J70: =TRUNC(G70*E70,2) -> 6053.93
A71: 3.6.6 | B71: 2003866 | C71: Aplicação de geotêxtil não-tecido agulhado com resistência à tração longitudinal de 14 kN/m | D71: m² | E71: 76.23 | F71: =VLOOKUP(B71,'CPU-RES'!A:D,4,0) -> 7.68 | G71: =TRUNC(F71*(1+H71),2) -> 9.89 | H71: =$F$3 -> 0.28791653 | I71: =J71/$J$172 -> 0.00037003181 | J71: =TRUNC(G71*E71,2) -> 753.91
C72: ="TOTAL DE "&C65 -> TOTAL DE PROTEÇÃO DOS TALUDES E ENCONTROS | I72: Total de Proteção dos Taludes | J72: =SUM(J66:J71) -> 56785.28
C73: ="TOTAL DE "&C20 -> TOTAL DE INFRA E MESOESTRUTURA | I73: TOTAL DE INFRA E MESOESTRUTURA | J73: =J31+J38+J48+J55+J63+J72 -> 762938.04
A75: 4 | C75: SUPERESTRUTURA
A76: 4.1 | C76: VIGAS PRÉ-MOLDADAS 18,70M
A77: 4.1.1 | B77: 1106057 | C77: Concreto magro - confecção em betoneira e lançamento manual - areia e brita comerciais | D77: m³ | E77: 3.74 | F77: =VLOOKUP(B77,'CPU-RES'!A:D,4,0) -> 539.81 | G77: =TRUNC(F77*(1+H77),2) -> 695.23 | H77: =$F$3 -> 0.28791653 | I77: =J77/$J$172 -> 0.0012762026 | J77: =TRUNC(G77*E77,2) -> 2600.16
A78: 4.1.2 | B78: 3106427 | C78: Fôrma metálica para viga de concreto pré-moldada protendida para OAE - utilização de 20 vezes - confecção, instalação e retirada | D78: m² | E78: 241.18 | F78: =VLOOKUP(B78,'CPU-RES'!A:D,4,0) -> 41.39 | G78: =TRUNC(F78*(1+H78),2) -> 53.3 | H78: =$F$3 -> 0.28791653 | I78: =J78/$J$172 -> 0.006309398 | J78: =TRUNC(G78*E78,2) -> 12854.89
A79: 4.1.3 | B79: 407819 | C79: Armação em aço CA-50 - fornecimento, preparo e colocação | D79: kg | E79: 6405 | F79: =VLOOKUP(B79,'CPU-RES'!A:D,4,0) -> 11.76 | G79: =TRUNC(F79*(1+H79),2) -> 15.14 | H79: =$F$3 -> 0.28791653 | I79: =J79/$J$172 -> 0.047595354 | J79: =TRUNC(G79*E79,2) -> 96971.7
A80: 4.1.4 | B80: 4507959 | C80: Cordoalha engraxada CP 190 RB D = 15,2 mm - fornecimento e instalação | D80: kg | E80: 978 | F80: =VLOOKUP(B80,'CPU-RES'!A:D,4,0) -> 13.81 | G80: =TRUNC(F80*(1+H80),2) -> 17.78 | H80: =$F$3 -> 0.28791653 | I80: =J80/$J$172 -> 0.0085347375 | J80: =TRUNC(G80*E80,2) -> 17388.84
A81: 4.1.5 | B81: 4507784 | C81: Ancoragem ativa para lajes com 1 cordoalha engraxada D = 15,2 mm - fornecimento e instalação | D81: un. | E81: 40 | F81: =VLOOKUP(B81,'CPU-RES'!A:D,4,0) -> 114.52 | G81: =TRUNC(F81*(1+H81),2) -> 147.49 | H81: =$F$3 -> 0.28791653 | I81: =J81/$J$172 -> 0.0028956237 | J81: =TRUNC(G81*E81,2) -> 5899.6
A82: 4.1.6 | B82: 4507867 | C82: Ancoragem passiva para lajes com 1 cordoalha engraxada D = 15,2 mm - fornecimento e instalação | D82: un. | E82: 40 | F82: =VLOOKUP(B82,'CPU-RES'!A:D,4,0) -> 108.92 | G82: =TRUNC(F82*(1+H82),2) -> 140.27 | H82: =$F$3 -> 0.28791653 | I82: =J82/$J$172 -> 0.0027538758 | J82: =TRUNC(G82*E82,2) -> 5610.8
A83: 4.1.7 | B83: 1107908 | C83: Concreto fck = 40 MPa - confecção em betoneira e lançamento manual - areia e brita comerciais | D83: m³ | E83: 17.054 | F83: =VLOOKUP(B83,'CPU-RES'!A:D,4,0) -> 692.73 | G83: =TRUNC(F83*(1+H83),2) -> 892.17 | H83: =$F$3 -> 0.28791653 | I83: =J83/$J$172 -> 0.0074678094 | J83: =TRUNC(G83*E83,2) -> 15215.06
A84: 4.1.8 | B84: 1100657 | C84: Adensamento de concreto por vibrador de imersão | D84: m³ | E84: 17.054 | F84: =VLOOKUP(B84,'CPU-RES'!A:D,4,0) -> 3.7 | G84: =TRUNC(F84*(1+H84),2) -> 4.76 | H84: =$F$3 -> 0.28791653 | I84: =J84/$J$172 -> 3.9839612e-05 | J84: =TRUNC(G84*E84,2) -> 81.17
A85: 4.1.9 | B85: 5915400 | C85: Carga, descarga e manobra de vigas pré-moldadas de até 500 kN em cavalo mecânico com dolly de 4 eixos com capacidade de 57 t | D85: un. | E85: 4 | F85: =VLOOKUP(B85,'CPU-RES'!A:D,4,0) -> 3330.13 | G85: =TRUNC(F85*(1+H85),2) -> 4288.92 | H85: =$F$3 -> 0.28791653 | I85: =J85/$J$172 -> 0.0084202986 | J85: =TRUNC(G85*E85,2) -> 17155.68
A86: 4.1.10 | B86: 3806420 | C86: Lançamento de viga pré-moldada de até 500 kN com utilização de guindaste | D86: un. | E86: 4 | F86: =VLOOKUP(B86,'CPU-RES'!A:D,4,0) -> 4185.25 | G86: =TRUNC(F86*(1+H86),2) -> 5390.25 | H86: =$F$3 -> 0.28791653 | I86: =J86/$J$172 -> 0.010582504 | J86: =TRUNC(G86*E86,2) -> 21561
C87: ="TOTAL DE "&C76 -> TOTAL DE VIGAS PRÉ-MOLDADAS 18,70M | I87: Total de Vigas Pré-Moldadas de 18,70m | J87: =SUM(J77:J86) -> 195338.9
A89: 4.2 | C89: VIGAS PRÉ-MOLDADAS 14,70M
A90: 4.2.1 | B90: 1106057 | C90: Concreto magro - confecção em betoneira e lançamento manual - areia e brita comerciais | D90: m³ | E90: 2.94 | F90: =VLOOKUP(B90,'CPU-RES'!A:D,4,0) -> 539.81 | G90: =TRUNC(F90*(1+H90),2) -> 695.23 | H90: =$F$3 -> 0.28791653 | I90: =J90/$J$172 -> 0.0010032151 | J90: =TRUNC(G90*E90,2) -> 2043.97
A91: 4.2.2 | B91: 3106427 | C91: Fôrma metálica para viga de concreto pré-moldada protendida para OAE - utilização de 20 vezes - confecção, instalação e retirada | D91: m² | E91: 189.98 | F91: =VLOOKUP(B91,'CPU-RES'!A:D,4,0) -> 41.39 | G91: =TRUNC(F91*(1+H91),2) -> 53.3 | H91: =$F$3 -> 0.28791653 | I91: =J91/$J$172 -> 0.0049699781 | J91: =TRUNC(G91*E91,2) -> 10125.93
A92: 4.2.3 | B92: 407819 | C92: Armação em aço CA-50 - fornecimento, preparo e colocação | D92: kg | E92: 5130 | F92: =VLOOKUP(B92,'CPU-RES'!A:D,4,0) -> 11.76 | G92: =TRUNC(F92*(1+H92),2) -> 15.14 | H92: =$F$3 -> 0.28791653 | I92: =J92/$J$172 -> 0.038120869 | J92: =TRUNC(G92*E92,2) -> 77668.2
A93: 4.2.4 | B93: 4507959 | C93: Cordoalha engraxada CP 190 RB D = 15,2 mm - fornecimento e instalação | D93: kg | E93: 546 | F93: =VLOOKUP(B93,'CPU-RES'!A:D,4,0) -> 13.81 | G93: =TRUNC(F93*(1+H93),2) -> 17.78 | H93: =$F$3 -> 0.28791653 | I93: =J93/$J$172 -> 0.0047647921 | J93: =TRUNC(G93*E93,2) -> 9707.88
A94: 4.2.5 | B94: 4507784 | C94: Ancoragem ativa para lajes com 1 cordoalha engraxada D = 15,2 mm - fornecimento e instalação | D94: un. | E94: 28 | F94: =VLOOKUP(B94,'CPU-RES'!A:D,4,0) -> 114.52 | G94: =TRUNC(F94*(1+H94),2) -> 147.49 | H94: =$F$3 -> 0.28791653 | I94: =J94/$J$172 -> 0.0020269366 | J94: =TRUNC(G94*E94,2) -> 4129.72
A95: 4.2.6 | B95: 4507867 | C95: Ancoragem passiva para lajes com 1 cordoalha engraxada D = 15,2 mm - fornecimento e instalação | D95: un. | E95: 28 | F95: =VLOOKUP(B95,'CPU-RES'!A:D,4,0) -> 108.92 | G95: =TRUNC(F95*(1+H95),2) -> 140.27 | H95: =$F$3 -> 0.28791653 | I95: =J95/$J$172 -> 0.001927713 | J95: =TRUNC(G95*E95,2) -> 3927.56
A96: 4.2.7 | B96: 1107908 | C96: Concreto fck = 40 MPa - confecção em betoneira e lançamento manual - areia e brita comerciais | D96: m³ | E96: 13.406 | F96: =VLOOKUP(B96,'CPU-RES'!A:D,4,0) -> 692.73 | G96: =TRUNC(F96*(1+H96),2) -> 892.17 | H96: =$F$3 -> 0.28791653 | I96: =J96/$J$172 -> 0.0058703818 | J96: =TRUNC(G96*E96,2) -> 11960.43
A97: 4.2.8 | B97: 1100657 | C97: Adensamento de concreto por vibrador de imersão | D97: m³ | E97: 13.406 | F97: =VLOOKUP(B97,'CPU-RES'!A:D,4,0) -> 3.7 | G97: =TRUNC(F97*(1+H97),2) -> 4.76 | H97: =$F$3 -> 0.28791653 | I97: =J97/$J$172 -> 3.131903e-05 | J97: =TRUNC(G97*E97,2) -> 63.81
A98: 4.2.9 | B98: 5915400 | C98: Carga, descarga e manobra de vigas pré-moldadas de até 500 kN em cavalo mecânico com dolly de 4 eixos com capacidade de 57 t | D98: un. | E98: 4 | F98: =VLOOKUP(B98,'CPU-RES'!A:D,4,0) -> 3330.13 | G98: =TRUNC(F98*(1+H98),2) -> 4288.92 | H98: =$F$3 -> 0.28791653 | I98: =J98/$J$172 -> 0.0084202986 | J98: =TRUNC(G98*E98,2) -> 17155.68
A99: 4.2.10 | B99: 3806420 | C99: Lançamento de viga pré-moldada de até 500 kN com utilização de guindaste | D99: un. | E99: 4 | F99: =VLOOKUP(B99,'CPU-RES'!A:D,4,0) -> 4185.25 | G99: =TRUNC(F99*(1+H99),2) -> 5390.25 | H99: =$F$3 -> 0.28791653 | I99: =J99/$J$172 -> 0.010582504 | J99: =TRUNC(G99*E99,2) -> 21561
C100: ="TOTAL DE "&C89 -> TOTAL DE VIGAS PRÉ-MOLDADAS 14,70M | I100: Total de Vigas Pré-Moldadas de 14,70m | J100: =SUM(J90:J99) -> 158344.18
A102: 4.3 | C102: PRÉ-LAJES
A103: 4.3.1 | B103: 3108012 | C103: Fôrmas de compensado plastificado 12 mm - uso geral - utilização de 2 vezes - confecção, instalação e retirada | D103: m² | E103: 190.199 | F103: =VLOOKUP(B103,'CPU-RES'!A:D,4,0) -> 96.98 | G103: =TRUNC(F103*(1+H103),2) -> 124.9 | H103: =$F$3 -> 0.28791653 | I103: =J103/$J$172 -> 0.011659774 | J103: =TRUNC(G103*E103,2) -> 23755.85
A104: 4.3.2 | B104: 407819 | C104: Armação em aço CA-50 - fornecimento, preparo e colocação | D104: kg | E104: 1123 | F104: =VLOOKUP(B104,'CPU-RES'!A:D,4,0) -> 11.76 | G104: =TRUNC(F104*(1+H104),2) -> 15.14 | H104: =$F$3 -> 0.28791653 | I104: =J104/$J$172 -> 0.0083449778 | J104: =TRUNC(G104*E104,2) -> 17002.22
A105: 4.3.3 | B105: 407820 | C105: Armação em aço CA-60 - fornecimento, preparo e colocação | D105: kg | E105: 453 | F105: =VLOOKUP(B105,'CPU-RES'!A:D,4,0) -> 14.61 | G105: =TRUNC(F105*(1+H105),2) -> 18.81 | H105: =$F$3 -> 0.28791653 | I105: =J105/$J$172 -> 0.0041822169 | J105: =TRUNC(G105*E105,2) -> 8520.93
A106: 4.3.4 | B106: 1107900 | C106: Concreto fck = 30 MPa - confecção em betoneira e lançamento manual - areia e brita comerciais | D106: m³ | E106: 8.482 | F106: =VLOOKUP(B106,'CPU-RES'!A:D,4,0) -> 615.25 | G106: =TRUNC(F106*(1+H106),2) -> 792.39 | H106: =$F$3 -> 0.28791653 | I106: =J106/$J$172 -> 0.0032988053 | J106: =TRUNC(G106*E106,2) -> 6721.05
A107: 4.3.5 | B107: 1100657 | C107: Adensamento de concreto por vibrador de imersão | D107: m³ | E107: 8.482 | F107: =VLOOKUP(B107,'CPU-RES'!A:D,4,0) -> 3.7 | G107: =TRUNC(F107*(1+H107),2) -> 4.76 | H107: =$F$3 -> 0.28791653 | I107: =J107/$J$172 -> 1.981428e-05 | J107: =TRUNC(G107*E107,2) -> 40.37
A108: 4.3.6 | B108: 3806426 | C108: Lançamento de pré-laje com utilização de guindauto | D108: t | E108: 21.205 | F108: =VLOOKUP(B108,'CPU-RES'!A:D,4,0) -> 66.09 | G108: =TRUNC(F108*(1+H108),2) -> 85.11 | H108: =$F$3 -> 0.28791653 | I108: =J108/$J$172 -> 0.0008858019 | J108: =TRUNC(G108*E108,2) -> 1804.75
C109: ="TOTAL DE "&C102 -> TOTAL DE PRÉ-LAJES | I109: Total de Pré-Lajes | J109: =SUM(J103:J108) -> 57845.17
A111: 4.4 | C111: TRANSVERSINAS
...

Sheet CRONOG
A1: =DADOS!$A$1 -> Obra: Construção de Obra de Arte Especial | G1: Data Base: | I1: =ORCAMENTO!F1 -> Outubro/2025
A2: =DADOS!$A$2 -> Rodovia Vicinal - Tacuru/MS | G2: Mão de Obra: | I2: =ORCAMENTO!F2 -> Sem Desoneração
A3: =DADOS!$A$3 -> Ponte sobre o Rio Puitã | G3: BDI da Obra: | I3: =ORCAMENTO!F3 -> 0.28791653
A4: CRONOGRAMA FÍSICO FINANCEIRO
A5: ITEM | B5: DISCRIMINAÇÃO | C5: PREÇO TOTAL | D5: Mês 1 | F5: Mês 2 | H5: Mês 3 | J5: Mês 4 | L5: Mês 5
A7: 1. | B7: SERVIÇOS DE PRELIMINARES | C7: =RESUMO!D7 -> 58593.05 | D7: 1 | E7: =D7*$C7 -> 58593.05 | G7: =F7*$C7 -> 0 | I7: =H7*$C7 -> 0 | K7: =J7*$C7 -> 0 | M7: =L7*$C7 -> 0
A8: 2. | B8: MOBILIZAÇÃO E DESMOBILIZAÇÃO | C8: =RESUMO!D9 -> 198406.48 | D8: 0.5 | E8: =D8*$C8 -> 99203.24 | L8: 0.5 | M8: =L8*$C8 -> 99203.24
A9: 3. | B9: INFRA E MESOESTRUTURA | C9: =RESUMO!D11 -> 762938.04 | E9: =D9*$C9 -> 0 | F9: 0.7 | G9: =F9*$C9 -> 534056.63 | H9: 0.3 | I9: =H9*$C9 -> 228881.41 | K9: =J9*$C9 -> 0 | M9: =L9*$C9 -> 0
A10: 4. | B10: SUPERESTRUTURA | C10: =RESUMO!D13 -> 597256.46 | G10: =F10*$C10 -> 0 | H10: 0.24 | I10: =H10*$C10 -> 143341.55 | J10: 0.56 | K10: =J10*$C10 -> 334463.62 | L10: 0.2 | M10: =L10*$C10 -> 119451.29
A11: 5. | B11: DESVIO PROVISÓRIO | C11: =RESUMO!D15 -> 56414.18 | E11: =D11*$C11 -> 0 | F11: 1 | G11: =F11*$C11 -> 56414.18 | I11: =H11*$C11 -> 0 | K11: =J11*$C11 -> 0
A12: 6. | B12: TERRAPLENAGEM | C12: =RESUMO!D17 -> 115122.69 | L12: 1 | M12: =L12*$C12 -> 115122.69
A13: 7. | B13: SINALIZAÇÃO E SEGURANÇA VIÁRIA | C13: =RESUMO!D19 -> 13173.49 | L13: 1 | M13: =L13*$C13 -> 13173.49
A14: 8. | B14: REMOÇÃO DA PONTE DE MADEIRA E RESÍDUOS SÓLIDOS | C14: =RESUMO!D21 -> 2796.72 | F14: 1 | G14: =F14*$C14 -> 2796.72
A15: 9. | B15: ADMINISTRAÇÃO LOCAL | C15: =RESUMO!D23 -> 232718.32 | E15: =D15*$C15 -> 0 | F15: 0.25 | G15: =F15*$C15 -> 58179.58 | H15: 0.25 | I15: =H15*$C15 -> 58179.58 | J15: 0.25 | K15: =J15*$C15 -> 58179.58 | L15: 0.25 | M15: =L15*$C15 -> 58179.58
A16: TOTAL ORÇAMENTO | C16: =SUM(C7:C15) -> 2037419.4 | D16: =E16/$C16 -> 0.077449095 | E16: =SUM(E7:E15) -> 157796.29 | F16: =G16/$C16 -> 0.31974129 | G16: =SUM(G7:G15) -> 651447.11 | H16: =I16/$C16 -> 0.21124887 | I16: =SUM(I7:I15) -> 430402.54 | J16: =K16/$C16 -> 0.19271594 | K16: =SUM(K7:K15) -> 392643.2 | L16: =M16/$C16 -> 0.19884482 | M16: =SUM(M7:M15) -> 405130.29
A17: TOTAL ACUMULADO | D17: =D16 -> 0.077449095 | E17: =E16 -> 157796.29 | F17: =F16+D17 -> 0.39719038 | G17: =G16+E17 -> 809243.4 | H17: =H16+F17 -> 0.60843925 | I17: =I16+G17 -> 1239645.9 | J17: =J16+H17 -> 0.80115518 | K17: =K16+I17 -> 1632289.1 | L17: =L16+J17 -> 1 | M17: =M16+K17 -> 2037419.4

Sheet QQUANT
A1: =DADOS!$A$1 -> Obra: Construção de Obra de Arte Especial
A2: =DADOS!$A$2 -> Rodovia Vicinal - Tacuru/MS
A3: =DADOS!$A$3 -> Ponte sobre o Rio Puitã
A4: QUADRO DE QUANTIDADES
A5: ITEM | B5: CÓDIGO | C5: DISCRIMINAÇÃO | D5: UND | E5: QUANT.
A7: 1 | C7: SERVIÇOS DE PRELIMINARES
A8: 1.1 | B8: - | C8: Instalação de canteiro de obras e alojamentos | D8: un | E8: 1
A10: 2 | C10: MOBILIZAÇÃO E DESMOBILIZAÇÃO
A11: 2.1 | B11: - | C11: Mobilização de pessoal | D11: un | E11: 1
A12: 2.2 | B12: - | C12: Desmobilização de pessoal | D12: un | E12: 1
A13: 2.3 | B13: - | C13: Mobilização de equipamento rodante | D13: un | E13: 1
A14: 2.4 | B14: - | C14: Desmobilização de equipamento rodante | D14: un | E14: 1
A15: 2.5 | B15: - | C15: Mobilização de equipamento pesado | D15: un | E15: 1
A16: 2.6 | B16: - | C16: Desmobilização de equipamento pesado | D16: un | E16: 1
A18: 3 | C18: INFRA E MESOESTRUTURA
A19: 3.1 | C19: ESTACAS E BLOCOS
A20: 3.1.1 | B20: 4805757 | C20: Escavação mecânica de vala em material de 1ª categoria | D20: m³ | E20: 222.3
A21: 3.1.2 | B21: 2306122 | C21: Estaca duplo trilho TR 68 - com emenda - fornecimento e cravação | D21: m | E21: 480
A22: 3.1.3 | B22: 1106057 | C22: Concreto magro - confecção em betoneira e lançamento manual - areia e brita comerciais | D22: m³ | E22: 2.4
A23: 3.1.4 | B23: 3108012 | C23: Fôrmas de compensado plastificado 12 mm - uso geral - utilização de 2 vezes - confecção, instalação e retirada | D23: m² | E23: 104.16
A24: 3.1.5 | B24: 407819 | C24: Armação em aço CA-50 - fornecimento, preparo e colocação | D24: kg | E24: 2621
A25: 3.1.6 | B25: 1107900 | C25: Concreto fck = 30 MPa - confecção em betoneira e lançamento manual - areia e brita comerciais | D25: m³ | E25: 30.24
A26: 3.1.7 | B26: 1100657 | C26: Adensamento de concreto por vibrador de imersão | D26: m³ | E26: 30.24
A27: 3.1.8 | B27: 4815671 | C27: Reaterro e compactação com soquete vibratório | D27: m³ | E27: 191.1
A28: 3.1.9 | B28: 2003864 | C28: Esgotamento de água com bomba submersa | D28: h | E28: 2621
A30: 3.2 | C30: PILARES
A31: 3.2.1 | B31: 3108012 | C31: Fôrmas de compensado plastificado 12 mm - uso geral - utilização de 2 vezes - confecção, instalação e retirada | D31: m² | E31: 25.14
A32: 3.2.2 | B32: 407819 | C32: Armação em aço CA-50 - fornecimento, preparo e colocação | D32: kg | E32: 834
A33: 3.2.3 | B33: 1107900 | C33: Concreto fck = 30 MPa - confecção em betoneira e lançamento manual - areia e brita comerciais | D33: m³ | E33: 6.284
A34: 3.2.4 | B34: 1100657 | C34: Adensamento de concreto por vibrador de imersão | D34: m³ | E34: 6.284
A36: 3.3 | C36: TRAVESSAS, CORTINAS E BERÇOS
A37: 3.3.1 | B37: 3108012 | C37: Fôrmas de compensado plastificado 12 mm - uso geral - utilização de 2 vezes - confecção, instalação e retirada | D37: m² | E37: 126.31
A38: 3.3.2 | B38: 2108166 | C38: Escoramento com pontaletes D = 10 cm - utilização de 2 vezes - confecção, instalação e retirada | D38: m³ | E38: 41.055
A39: 3.3.3 | B39: 407819 | C39: Armação em aço CA-50 - fornecimento, preparo e colocação | D39: kg | E39: 4247
A40: 3.3.4 | B40: 1107900 | C40: Concreto fck = 30 MPa - confecção em betoneira e lançamento manual - areia e brita comerciais | D40: m³ | E40: 46.326
A41: 3.3.5 | B41: 1100657 | C41: Adensamento de concreto por vibrador de imersão | D41: m³ | E41: 46.326
A42: 3.3.6 | B42: 1109680 | C42: Argamassa para reparos e grauteamento - confecção em misturador e lançamento manual | D42: m³ | E42: 0.096
A43: 3.3.7 | B43: 307732 | C43: Aparelho de apoio de neoprene fretado para estruturas pré-moldadas - fornecimento e instalação | D43: dm³ | E43: 67.2
A45: 3.4 | C45: ALAS
A46: 3.4.1 | B46: 3108012 | C46: Fôrmas de compensado plastificado 12 mm - uso geral - utilização de 2 vezes - confecção, instalação e retirada | D46: m² | E46: 51.53
A47: 3.4.2 | B47: 407819 | C47: Armação em aço CA-50 - fornecimento, preparo e colocação | D47: kg | E47: 1402
A48: 3.4.3 | B48: 1107900 | C48: Concreto fck = 30 MPa - confecção em betoneira e lançamento manual - areia e brita comerciais | D48: m³ | E48: 6.48
A49: 3.4.4 | B49: 1100657 | C49: Adensamento de concreto por vibrador de imersão | D49: m³ | E49: 6.48
A51: 3.5 | C51: LAJE DE TRANSIÇÃO
A52: 3.5.1 | B52: 3108012 | C52: Fôrmas de compensado plastificado 12 mm - uso geral - utilização de 2 vezes - confecção, instalação e retirada | D52: m² | E52: 65.8
A53: 3.5.2 | B53: 407819 | C53: Armação em aço CA-50 - fornecimento, preparo e colocação | D53: kg | E53: 1741
A54: 3.5.3 | B54: 1107900 | C54: Concreto fck = 30 MPa - confecção em betoneira e lançamento manual - areia e brita comerciais | D54: m³ | E54: 15.24
A55: 3.5.4 | B55: 1100657 | C55: Adensamento de concreto por vibrador de imersão | D55: m³ | E55: 15.24
A56: 3.5.5 | B56: 2003842 | C56: Enchimento de junta de concreto com argamassa asfáltica de densidade 1.700 kg/m³ - espessura de 1 cm | D56: kg | E56: 40.8
A58: 3.6 | C58: PROTEÇÃO DOS TALUDES
A59: 3.6.1 | B59: 1505879 | C59: Enrocamento de pedra arrumada manualmente - pedra de mão comercial - fornecimento e assentamento | D59: m³ | E59: 59.4
A60: 3.6.2 | B60: 4815671 | C60: Reaterro e compactação com soquete vibratório | D60: m³ | E60: 103.635
A61: 3.6.3 | B61: 3816196 | C61: Injeção de nata de cimento | D61: m³ | E61: 10.364
A62: 3.6.4 | B62: 2003854 | C62: Camada drenante para proteção de muros de contenção - areia comercial | D62: m³ | E62: 23.94
A63: 3.6.5 | B63: 2003856 | C63: Camada drenante para proteção de muros de contenção - brita comercial | D63: m³ | E63: 32.13
A64: 3.6.6 | B64: 2003866 | C64: Aplicação de geotêxtil não-tecido agulhado com resistência à tração longitudinal de 14 kN/m | D64: m² | E64: 76.23
A66: 4 | C66: SUPERESTRUTURA
A67: 4.1 | C67: VIGAS PRÉ-MOLDADAS 18,70M
A68: 4.1.1 | B68: 1106057 | C68: Concreto magro - confecção em betoneira e lançamento manual - areia e brita comerciais | D68: m³ | E68: 3.74
A69: 4.1.2 | B69: 3106427 | C69: Fôrma metálica para viga de concreto pré-moldada protendida para OAE - utilização de 20 vezes - confecção, instalação e retirada | D69: m² | E69: 241.18
A70: 4.1.3 | B70: 407819 | C70: Armação em aço CA-50 - fornecimento, preparo e colocação | D70: kg | E70: 6405
A71: 4.1.4 | B71: 4507959 | C71: Cordoalha engraxada CP 190 RB D = 15,2 mm - fornecimento e instalação | D71: kg | E71: 978
A72: 4.1.5 | B72: 4507784 | C72: Ancoragem ativa para lajes com 1 cordoalha engraxada D = 15,2 mm - fornecimento e instalação | D72: un. | E72: 40
A73: 4.1.6 | B73: 4507867 | C73: Ancoragem passiva para lajes com 1 cordoalha engraxada D = 15,2 mm - fornecimento e instalação | D73: un. | E73: 40
A74: 4.1.7 | B74: 1107908 | C74: Concreto fck = 40 MPa - confecção em betoneira e lançamento manual - areia e brita comerciais | D74: m³ | E74: 17.054
A75: 4.1.8 | B75: 1100657 | C75: Adensamento de concreto por vibrador de imersão | D75: m³ | E75: 17.054
A76: 4.1.9 | B76: 5915400 | C76: Carga, descarga e manobra de vigas pré-moldadas de até 500 kN em cavalo mecânico com dolly de 4 eixos com capacidade de 57 t | D76: un. | E76: 4
A77: 4.1.10 | B77: 3806420 | C77: Lançamento de viga pré-moldada de até 500 kN com utilização de guindaste | D77: un. | E77: 4
A79: 4.2 | C79: VIGAS PRÉ-MOLDADAS 14,70M
A80: 4.2.1 | B80: 1106057 | C80: Concreto magro - confecção em betoneira e lançamento manual - areia e brita comerciais | D80: m³ | E80: 2.94
A81: 4.2.2 | B81: 3106427 | C81: Fôrma metálica para viga de concreto pré-moldada protendida para OAE - utilização de 20 vezes - confecção, instalação e retirada | D81: m² | E81: 189.98
A82: 4.2.3 | B82: 407819 | C82: Armação em aço CA-50 - fornecimento, preparo e colocação | D82: kg | E82: 5130
A83: 4.2.4 | B83: 4507959 | C83: Cordoalha engraxada CP 190 RB D = 15,2 mm - fornecimento e instalação | D83: kg | E83: 546
A84: 4.2.5 | B84: 4507784 | C84: Ancoragem ativa para lajes com 1 cordoalha engraxada D = 15,2 mm - fornecimento e instalação | D84: un. | E84: 28
A85: 4.2.6 | B85: 4507867 | C85: Ancoragem passiva para lajes com 1 cordoalha engraxada D = 15,2 mm - fornecimento e instalação | D85: un. | E85: 28
A86: 4.2.7 | B86: 1107908 | C86: Concreto fck = 40 MPa - confecção em betoneira e lançamento manual - areia e brita comerciais | D86: m³ | E86: 13.406
A87: 4.2.8 | B87: 1100657 | C87: Adensamento de concreto por vibrador de imersão | D87: m³ | E87: 13.406
A88: 4.2.9 | B88: 5915400 | C88: Carga, descarga e manobra de vigas pré-moldadas de até 500 kN em cavalo mecânico com dolly de 4 eixos com capacidade de 57 t | D88: un. | E88: 4
A89: 4.2.10 | B89: 3806420 | C89: Lançamento de viga pré-moldada de até 500 kN com utilização de guindaste | D89: un. | E89: 4
A91: 4.3 | C91: PRÉ-LAJES
A92: 4.3.1 | B92: 3108012 | C92: Fôrmas de compensado plastificado 12 mm - uso geral - utilização de 2 vezes - confecção, instalação e retirada | D92: m² | E92: 190.199
A93: 4.3.2 | B93: 407819 | C93: Armação em aço CA-50 - fornecimento, preparo e colocação | D93: kg | E93: 1123
A94: 4.3.3 | B94: 407820 | C94: Armação em aço CA-60 - fornecimento, preparo e colocação | D94: kg | E94: 453
A95: 4.3.4 | B95: 1107900 | C95: Concreto fck = 30 MPa - confecção em betoneira e lançamento manual - areia e brita comerciais | D95: m³ | E95: 8.482
A96: 4.3.5 | B96: 1100657 | C96: Adensamento de concreto por vibrador de imersão | D96: m³ | E96: 8.482
A97: 4.3.6 | B97: 3806426 | C97: Lançamento de pré-laje com utilização de guindauto | D97: t | E97: 21.205
A99: 4.4 | C99: TRANSVERSINAS
A100: 4.4.1 | B100: 3108012 | C100: Fôrmas de compensado plastificado 12 mm - uso geral - utilização de 2 vezes - confecção, instalação e retirada | D100: m² | E100: 45.984
A101: 4.4.2 | B101: 407819 | C101: Armação em aço CA-50 - fornecimento, preparo e colocação | D101: kg | E101: 929
A102: 4.4.3 | B102: 1107900 | C102: Concreto fck = 30 MPa - confecção em betoneira e lançamento manual - areia e brita comerciais | D102: m³ | E102: 5.832
A103: 4.4.4 | B103: 1100657 | C103: Adensamento de concreto por vibrador de imersão | D103: m³ | E103: 5.832
A105: 4.5 | C105: LAJE E BARREIRAS RÍGIDAS
A106: 4.5.1 | B106: 3108012 | C106: Fôrmas de compensado plastificado 12 mm - uso geral - utilização de 2 vezes - confecção, instalação e retirada | D106: m² | E106: 128.59
A107: 4.5.2 | B107: 407819 | C107: Armação em aço CA-50 - fornecimento, preparo e colocação | D107: kg | E107: 6429
A108: 4.5.3 | B108: 1107900 | C108: Concreto fck = 30 MPa - confecção em betoneira e lançamento manual - areia e brita comerciais | D108: m³ | E108: 43.48
A109: 4.5.4 | B109: 1100657 | C109: Adensamento de concreto por vibrador de imersão | D109: m³ | E109: 43.48
A110: 4.5.5 | B110: 2007971 | C110: Dreno de PVC D = 100 mm para OAE - fornecimento e instalação | D110: m | E110: 12
A112: 4.6 | C112: JUNTAS DE DILATAÇÃO
A113: 4.6.1 | B113: 307737 | C113: Junta de dilatação em elastômero e perfil VV - L = 50 mm e H = 80 mm - fornecimento e instalação | D113: m | E113: 12
A114: 4.6.2 | B114: 307084 | C114: Lábios poliméricos em junta de pavimento de concreto - L = 20 mm e H = 30 mm - confecção e assentamento | D114: m | E114: 48
...

Sheet ABC-S
A1: Obra: Construção de Obra de Arte Especial | D1: Data Base: | F1: Outubro/2025
A2: Rodovia Vicinal - Tacuru/MS | D2: Mão de Obra: | F2: Sem Desoneração
A3: Ponte sobre o Rio Puitã | D3: BDI da Obra: | F3: 0.28791653
A4: CURVA ABC DE SERVIÇOS
A5: CÓDIGO | B5: DISCRIMINAÇÃO | C5: UND | D5: QUANT. | E5: PREÇO UNIT. | F5: PREÇO TOTAL | G5: % ITEM | H5: % ACUM.
A6: 407819 | B6: Armação em aço CA-50 - fornecimento, preparo e colocação | C6: kg | D6: 30861 | E6: 15.14 | F6: 467235.54 | G6: 0.22932712 | H6: 0.22932712
A7: 2306122 | B7: Estaca duplo trilho TR 68 - com emenda - fornecimento e cravação | C7: m | D7: 480 | E7: 703.36 | F7: 337612.8 | G7: 0.16570609 | H7: 0.39503321
A8: - | B8: Administração Local da Obra | C8: unid | D8: 1 | E8: 232718.32 | F8: 232718.32 | G8: 0.1142221 | H8: 0.50925531
A9: 1107900 | B9: Concreto fck = 30 MPa - confecção em betoneira e lançamento manual - areia e brita comerciais | C9: m³ | D9: 162.364 | E9: 792.39 | F9: 128655.56 | G9: 0.06314633 | H9: 0.57240164
A10: 3108012 | B10: Fôrmas de compensado plastificado 12 mm - uso geral - utilização de 2 vezes - confecção, instalação e retirada | C10: m² | D10: 737.713 | E10: 124.9 | F10: 92140.32 | G10: 0.045224031 | H10: 0.61762567
A11: - | B11: Mobilização de equipamento pesado | C11: un | D11: 1 | E11: 66650.2 | F11: 66650.2 | G11: 0.032713048 | H11: 0.65033872
A12: - | B12: Desmobilização de equipamento pesado | C12: un | D12: 1 | E12: 66650.2 | F12: 66650.2 | G12: 0.032713048 | H12: 0.68305177
A13: 5502120 | B13: Escavação, carga e transporte de material de 1ª categoria - DMT de 2.500 a 3.000 m - caminho de serviço em leito natural - com escavadeira e caminhão basculante de 14 m³ | C13: m³ | D13: 3767.83 | E13: 16.39 | F13: 61754.73 | G13: 0.030310269 | H13: 0.71336203
A14: - | B14: Instalação de canteiro de obras e alojamentos | C14: un | D14: 1 | E14: 58593.05 | F14: 58593.05 | G14: 0.028758462 | H14: 0.7421205
A15: 2003864 | B15: Esgotamento de água com bomba submersa | C15: h | D15: 2621 | E15: 18.72 | F15: 49065.12 | G15: 0.024081993 | H15: 0.76620249
A16: 804035 | B16: Corpo de BSTC D = 0,80 m PA4 - areia, brita e pedra de mão comerciais | C16: m | D16: 36 | E16: 1241.83 | F16: 44705.88 | G16: 0.021942404 | H16: 0.78814489
A17: 3806420 | B17: Lançamento de viga pré-moldada de até 500 kN com utilização de guindaste | C17: un. | D17: 8 | E17: 5390.25 | F17: 43122 | G17: 0.021165009 | H17: 0.8093099
A18: 5915400 | B18: Carga, descarga e manobra de vigas pré-moldadas de até 500 kN em cavalo mecânico com dolly de 4 eixos com capacidade de 57 t | C18: un. | D18: 8 | E18: 4288.92 | F18: 34311.36 | G18: 0.016840597 | H18: 0.8261505
A19: - | B19: Mobilização de equipamento rodante | C19: un | D19: 1 | E19: 30671.86 | F19: 30671.86 | G19: 0.015054269 | H19: 0.84120477
A20: - | B20: Desmobilização de equipamento rodante | C20: un | D20: 1 | E20: 30671.86 | F20: 30671.86 | G20: 0.015054269 | H20: 0.85625904
A21: 5502978 | B21: Compactação de aterros a 100% do Proctor normal | C21: m³ | D21: 3528.1 | E21: 7.71 | F21: 27201.64 | G21: 0.013351026 | H21: 0.86961006
A22: 1107908 | B22: Concreto fck = 40 MPa - confecção em betoneira e lançamento manual - areia e brita comerciais | C22: m³ | D22: 30.46 | E22: 892.17 | F22: 27175.49 | G22: 0.013338191 | H22: 0.88294825
A23: 4507959 | B23: Cordoalha engraxada CP 190 RB D = 15,2 mm - fornecimento e instalação | C23: kg | D23: 1524 | E23: 17.78 | F23: 27096.72 | G23: 0.01329953 | H23: 0.89624778
A24: 3106427 | B24: Fôrma metálica para viga de concreto pré-moldada protendida para OAE - utilização de 20 vezes - confecção, instalação e retirada | C24: m² | D24: 431.16 | E24: 53.3 | F24: 22980.82 | G24: 0.011279376 | H24: 0.90752716
A25: 1505879 | B25: Enrocamento de pedra arrumada manualmente - pedra de mão comercial - fornecimento e assentamento | C25: m³ | D25: 59.4 | E25: 374.39 | F25: 22238.76 | G25: 0.01091516 | H25: 0.91844232
A26: 3816196 | B26: Injeção de nata de cimento | C26: m³ | D26: 10.364 | E26: 1845.55 | F26: 19127.28 | G26: 0.0093879933 | H26: 0.92783031
A27: 4413996 | B27: Enleivamento | C27: m² | D27: 834 | E27: 18.03 | F27: 15037.02 | G27: 0.0073804244 | H27: 0.93521074
A28: 307732 | B28: Aparelho de apoio de neoprene fretado para estruturas pré-moldadas - fornecimento e instalação | C28: dm³ | D28: 67.2 | E28: 162.47 | F28: 10917.98 | G28: 0.0053587297 | H28: 0.94056947
A29: 4507784 | B29: Ancoragem ativa para lajes com 1 cordoalha engraxada D = 15,2 mm - fornecimento e instalação | C29: un. | D29: 68 | E29: 147.49 | F29: 10029.32 | G29: 0.0049225603 | H29: 0.94549203
A30: 307737 | B30: Junta de dilatação em elastômero e perfil VV - L = 50 mm e H = 80 mm - fornecimento e instalação | C30: m | D30: 12 | E30: 798.01 | F30: 9576.12 | G30: 0.0047001221 | H30: 0.95019215
A31: 4507867 | B31: Ancoragem passiva para lajes com 1 cordoalha engraxada D = 15,2 mm - fornecimento e instalação | C31: un. | D31: 68 | E31: 140.27 | F31: 9538.36 | G31: 0.0046815888 | H31: 0.95487374
A32: 5213572 | B32: Fornecimento e implantação de placa de aço, de solo, irregular, simples - película III + III | C32: m² | D32: 11.165 | E32: 763.38 | F32: 8523.13 | G32: 0.0041832967 | H32: 0.95905704
... A44: 307084 | B44: Lábios poliméricos em junta de pavimento de concreto - L = 20 mm e H = 30 mm - confecção e assentamento | C44: m | D44: 48 | E44: 46.23 | F44: 2219.04 | G44: 0.0010891425 | H44: 0.99158031
A45: - | B45: Mobilização de pessoal | C45: un | D45: 1 | E45: 1881.18 | F45: 1881.18 | G45: 0.00092331504 | H45: 0.99250363
A46: - | B46: Desmobilização de pessoal | C46: un | D46: 1 | E46: 1881.18 | F46: 1881.18 | G46: 0.00092331504 | H46: 0.99342694
A47: 5501710 | B47: Escavação, carga e transporte em material de 1ª categoria - DMT de 50 m | C47: m³ | D47: 360 | E47: 5.04 | F47: 1814.4 | G47: 0.00089053828 | H47: 0.99431748
A48: 3806426 | B48: Lançamento de pré-laje com utilização de guindauto | C48: t | D48: 21.205 | E48: 85.11 | F48: 1804.75 | G48: 0.0008858019 | H48: 0.99520328
A49: 5915014 | B49: Transporte com caminhão carroceria com capacidade de 11,5 t e com guindauto com capacidade de elevação de 11,9 t - rodovia pavimentada | C49: tkm | D49: 1025.3 | E49: 1.76 | F49: 1804.52 | G49: 0.00088568901 | H49: 0.99608897
A50: 2007971 | B50: Dreno de PVC D = 100 mm para OAE - fornecimento e instalação | C50: m | D50: 12 | E50: 118.3 | F50: 1419.6 | G50: 0.00069676375 | H50: 0.99678573
A51: 2108166 | B51: Escoramento com pontaletes D = 10 cm - utilização de 2 vezes - confecção, instalação e retirada | C51: m³ | D51: 41.055 | E51: 32.08 | F51: 1317.04 | G51: 0.00064642556 | H51: 0.99743216
A52: 5502109 | B52: Escavação, carga e transporte de material de 1ª categoria - DMT de 50 a 200 m - caminho de serviço em leito natural - com escavadeira e caminhão basculante de 14 m³ | C52: m³ | D52: 113.08 | E52: 8.52 | F52: 963.44 | G52: 0.00047287269 | H52: 0.99790503
A53: 1100657 | B53: Adensamento de concreto por vibrador de imersão | C53: m³ | D53: 192.824 | E53: 4.76 | F53: 917.81 | G53: 0.00045047671 | H53: 0.99835551
A54: 5915015 | B54: Carga, manobra e descarga de materiais diversos em caminhão carroceria com capacidade de 11,5 t e com guindauto com capacidade de elevação de 11,9 t | C54: t | D54: 28.72 | E54: 28.63 | F54: 822.25 | G54: 0.00040357424 | H54: 0.99875908
A55: 2003866 | B55: Aplicação de geotêxtil não-tecido agulhado com resistência à tração longitudinal de 14 kN/m | C55: m² | D55: 76.23 | E55: 9.89 | F55: 753.91 | G55: 0.00037003181 | H55: 0.99912911
A56: 1109680 | B56: Argamassa para reparos e grauteamento - confecção em misturador e lançamento manual | C56: m³ | D56: 0.096 | E56: 5746.79 | F56: 551.69 | G56: 0.00027077881 | H56: 0.99939989
A57: 1600404 | B57: Remoção de tubos de concreto com diâmetro de 0,40 m a 1,00 m em valas e bueiros | C57: m | D57: 36 | E57: 13.79 | F57: 496.44 | G57: 0.00024366117 | H57: 0.99964355
A58: 4413987 | B58: Irrigação de área plantada para proteção vegetal do corpo estradal | C58: m² | D58: 834 | E58: 0.5 | F58: 417 | G58: 0.00020467067 | H58: 0.99984822
... A60: 5502985 | B60: Limpeza mecanizada da camada vegetal | C60: m² | D60: 131.4 | E60: 1.06 | F60: 139.28 | G60: 6.8360985e-05 | H60: 1

Sheet ABC-MAT
A1: Obra: Construção de Obra de Arte Especial | D1: Data Base: | F1: Outubro/2025
A2: Rodovia Vicinal - Tacuru/MS | D2: Mão de Obra: | F2: Sem Desoneração
A3: Ponte sobre o Rio Puitã | D3: BDI da Obra: | F3: =RESUMO!D3 -> 0.28791653
A4: CURVA ABC DE MATERIAIS
A5: CÓDIGO | B5: DISCRIMINAÇÃO | C5: UND | D5: QUANT. | E5: CUSTO UNIT. | F5: PREÇO TOTAL | G5: % ITEM | H5: % ACUM.
A6: M1606 | B6: Trilho TR68 em aço-carbono usado | C6: kg | D6: 64896 | E6: 3.5 | F6: 227136 | G6: 0.33961929 | H6: 0.33961929
A7: M0004 | B7: Aço CA 50 | C7: kg | D7: 33947.1 | E7: 5.5807 | F7: 189448.58 | G7: 0.28326814 | H7: 0.62288742
A8: M0424 | B8: Cimento Portland CP II - 32 - saco | C8: kg | D8: 90212.379 | E8: 0.7692 | F8: 69391.36 | G8: 0.10375565 | H8: 0.72664308
A9: M0443 | B9: Compensado plastificado - E = 12 mm | C9: m² | D9: 426.02926 | E9: 43.0198 | F9: 18327.69 | G9: 0.027404009 | H9: 0.75404709
A10: M2425 | B10: Cordoalha engraxada tipo CP 190 RB - D = 15,2 mm | C10: kg | D10: 1600.2 | E10: 10.738 | F10: 17182.95 | G10: 0.025692366 | H10: 0.77973945
A11: M2174 | B11: Tubo de concreto armado PA4 - D = 0,80 m | C11: m | D11: 36 | E11: 409.2814 | F11: 14734.13 | G11: 0.022030831 | H11: 0.80177028
A12: M2432 | B12: Ancoragem ativa para cordoalha engraxada - D = 15,2 mm | C12: un | D12: 136 | E12: 100.8334 | F12: 13713.34 | G12: 0.02050452 | H12: 0.8222748
A13: M0082 | B13: Areia média lavada | C13: m³ | D13: 123.57565 | E13: 109.7818 | F13: 13566.36 | G13: 0.020284752 | H13: 0.84255956
A14: M1097 | B14: Pedra de mão ou rachão | C14: m³ | D14: 122.76357 | E14: 82.5 | F14: 10127.99 | G14: 0.015143618 | H14: 0.85770317
A15: M0191 | B15: Brita 1 | C15: m³ | D15: 109.09132 | E15: 90 | F15: 9818.22 | G15: 0.014680442 | H15: 0.87238362
A16: M1376 | B16: Chapa fina em aço ASTM A36 | C16: kg | D16: 869.85236 | E16: 10.2 | F16: 8872.49 | G16: 0.013266363 | H16: 0.88564998
A17: M0290 | B17: Tábua - E = 2,5 cm e L = 10 cm | C17: m | D17: 2251.793 | E17: 3.8442 | F17: 8656.34 | G17: 0.012943171 | H17: 0.89859315
... A61: M1397 | B61: Eletrodo revestido E60XX | C61: kg | D61: 0.001515 | E61: 28.1958 | F61: 0.04 | G61: 5.9808976e-08 | H61: 1
B63: CUSTO TOTAL DOS MATERIAIS | F63: 668795.94
C64: CUSTO TOTAL DA OBRA | F64: =RESUMO!D25/(1+RESUMO!D3) -> 1581949.9
C65: PERCENTUAL DE MATERIAIS | F65: =F63/F64 -> 0.42276683
C66: PERCENTUAL DE SERVIÇOS | F66: =1-F65 -> 0.57723317

Sheet ABC-MAT-REF
A1: Obra: Construção de Obra de Arte Especial | D1: Data Base: | F1: Outubro/2025
A2: Rodovia Vicinal - Tacuru/MS | D2: Mão de Obra: | F2: Sem Desoneração
A3: Ponte sobre o Rio Puitã | D3: BDI da Obra: | F3: =RESUMO!D3 -> 0.28791653
A4: CURVA ABC DE MATERIAIS - PREÇOS REFERÊNCIAIS DO SICRO
A5: CÓDIGO | B5: DISCRIMINAÇÃO | C5: UND | D5: QUANT. | E5: CUSTO UNIT. | F5: PREÇO TOTAL | G5: % ITEM | H5: % ACUM.
A6: M1606 | B6: Trilho TR68 em aço-carbono usado | C6: kg | D6: 64896 | E6: 5.1637 | F6: 335103.48 | G6: 0.3899197 | H6: 0.3899197
A7: M0004 | B7: Aço CA 50 | C7: kg | D7: 33947.1 | E7: 7.7377 | F7: 262672.48 | G7: 0.30564044 | H7: 0.69556013
A8: M0424 | B8: Cimento Portland CP II - 32 - saco | C8: kg | D8: 90212.379 | E8: 0.7004 | F8: 63184.75 | G8: 0.07352051 | H8: 0.76908064
A9: M2425 | B9: Cordoalha engraxada tipo CP 190 RB - D = 15,2 mm | C9: kg | D9: 1600.2 | E9: 12.666 | F9: 20268.13 | G9: 0.02358359 | H9: 0.79266423
A10: M0443 | B10: Compensado plastificado - E = 12 mm | C10: m² | D10: 426.02926 | E10: 43.0198 | F10: 18327.69 | G10: 0.021325733 | H10: 0.81398997
A11: M0082 | B11: Areia média lavada | C11: m³ | D11: 123.57565 | E11: 125.5355 | F11: 15513.13 | G11: 0.018050767 | H11: 0.83204073
A12: M2174 | B12: Tubo de concreto armado PA4 - D = 0,80 m | C12: m | D12: 36 | E12: 409.2814 | F12: 14734.13 | G12: 0.017144339 | H12: 0.84918507
A13: M1097 | B13: Pedra de mão ou rachão | C13: m³ | D13: 122.76357 | E13: 115.063 | F13: 14125.55 | G13: 0.016436207 | H13: 0.86562128
A14: M0191 | B14: Brita 1 | C14: m³ | D14: 109.09132 | E14: 126.0002 | F14: 13745.53 | G14: 0.015994023 | H14: 0.8816153
A15: M2432 | B15: Ancoragem ativa para cordoalha engraxada - D = 15,2 mm | C15: un | D15: 136 | E15: 100.8334 | F15: 13713.34 | G15: 0.015956568 | H15: 0.89757187
A16: M0192 | B16: Brita 2 | C16: m³ | D16: 80.422842 | E16: 123.313 | F16: 9917.18 | G16: 0.011539432 | H16: 0.9091113
A17: M1376 | B17: Chapa fina em aço ASTM A36 | C17: kg | D17: 869.85236 | E17: 10.2 | F17: 8872.49 | G17: 0.010323852 | H17: 0.91943515
... A61: M1397 | B61: Eletrodo revestido E60XX | C61: kg | D61: 0.001515 | E61: 28.1958 | F61: 0.04 | G61: 4.6543199e-08 | H61: 1
B63: CUSTO TOTAL DOS MATERIAIS | F63: 859416.65
C64: CUSTO TOTAL DA OBRA | F64: =RESUMO!D25/(1+RESUMO!D3) -> 1581949.9
C65: PERCENTUAL DE MATERIAIS | F65: =F63/F64 -> 0.54326414
C66: PERCENTUAL DE SERVIÇOS | F66: =1-F65 -> 0.45673586
F68: =0.05*0.55 -> 0.0275

Sheet BDI-DIF
A1: =DADOS!$A$1 -> Obra: Construção de Obra de Arte Especial
A2: =DADOS!$A$2 -> Rodovia Vicinal - Tacuru/MS
A3: =DADOS!$A$3 -> Ponte sobre o Rio Puitã
A4: BENEFÍCIOS E DESPESAS INDIRETAS (BDI)¹ MATERIAIS E EQUIPAMENTOS - SEM DESONERAÇÃO DNIT - OAE - Pequeno Porte
A5: Despesas Indiretas | C5: % sobre o PV | D5: % sobre CD
A7: Administração Central | B7: Variável - f (CD) | C7: =ROUND(D7/(1+$D$21),2) -> 4.35 | D7: 5
A8: Despesas Financeiras | B8: 1,17% sobre (PV - Lucro) | C8: =ROUND(D8/(1+$D$21),2) -> 1.24 | D8: 1.43
A9: Seguros e Garantias Contratuais | B9: 0,25% do PV | C9: =TRUNC(D9/(1+$D$21),2) -> 0.28 | D9: 0.33
A10: Riscos | B10: 0,50% do PV | C10: 0.5 | D10: 0.66
B11: Subtotal 1 | C11: =ROUND(SUM(C7:C10),2) -> 6.37 | D11: =TRUNC(SUM(D7:D10),2) -> 7.42
A12: Benefícios
A13: Lucro | B13: Variável - f (CD) | C13: =D13/(1+D21) -> 2.9391304 | D13: 3.38
B14: Subtotal 2 | C14: =ROUND(SUM(C13),2) -> 2.94 | D14: =ROUND(SUM(D13),2) -> 3.38
A15: Tributos
A16: PIS | B16: 0,65% do PV | C16: 0.65 | D16: =C16*(1+$D$21) -> 0.7475
A17: COFINS | B17: 3,00% do PV | C17: 3 | D17: =C17*(1+$D$21) -> 3.45
A18: ISSQN² | B18: 0,00% do PV | C18: 0 | D18: =C18*(1+$D$21) -> 0
B19: Subtotal 3 | C19: =ROUND(SUM(C16:C18),2) -> 3.65 | D19: =ROUND(SUM(D16:D18),2) -> 4.2
B20: Total - BDI (%) | C20: =ROUND(C19+C14+C11,2) -> 12.96 | D20: =ROUND(100*(1+(D11/100+D14/100))/(1-(C19/100))-100,2) -> 15
A21: BDI SEM DESONERAÇÃO - MATERIAIS E EQUIP. | D21: =D20/100 -> 0.15
A22: ¹ BDI conforme Ofício-Circular nº 4706/2025 (SEI DNIT nº 21705904) com ajuste na aliquota efetiva de ISSQN. ² Conforme Lei Municipal n. 1333 de 9 de novembro de 2017 que Dispõe sobre o Sistema Tributário do Município de TACURU - MS a Execução, por administração, empreitada ou subempreitada, de obras de construção civil, hidráulica ou elétrica e de outras obras semelhantes, inclusive sondagem de perfuração de poços, escavação, drenagem e irrigação, terraplanagem, pavimentação, concretagem e a instalação e montagem de produtos, peças e equipamentos, será tributado 40% (quarenta por cento) de mão de Obra, descrita em nota fiscal sendo que o valor máximo admitido é de 60% (sessenta por cento) de material ou peças. Considerando percentual de serviços de aproximadamente 52% em relação ao custo da obra, conforme demonstrado na Curva ABC de materiais, realiza-se a ponderação do ISSQN, sendo 5% x 52% = 2,60% de aliquota efetiva para a obra.

Sheet BDI SICRO
A1: Planilha de Cálculo do BDI - Sem Desoneração
A2: Descrição das Parcelas | C2: Construção de Obras de Arte Especiais | F2: BDI conforme Ofício-Circular nº 185/2026 (SEI DNIT nº 23528014) sendo adotado do BDI para Construção de Obras de Arte Especiais de Pequeno Porte. Conforme Lei Municipal n. 1333 de 9 de novembro de 2017 que Dispõe sobre o Sistema Tributário do Município de TACURU - MS a Execução, por administração, empreitada ou subempreitada, de obras de construção civil, hidráulica ou elétrica e de outras obras semelhantes, inclusive sondagem de perfuração de poços, escavação, drenagem e irrigação, terraplanagem, pavimentação, concretagem e a instalação e montagem de produtos, peças e equipamentos, será tributado 40% (quarenta por cento) de mão de Obra, descrita em nota fiscal sendo que o valor máximo admitido é de 60% (sessenta por cento) de material ou peças. Considerando percentual de serviços de aproximadamente 60% em relação ao custo da obra, conforme demonstrado na Curva ABC de materiais, realiza-se a ponderação do ISSQN, sendo 5% x 57,70% = 2,90% de aliquota efetiva para a obra.
C3: Pequeno Porte
A4: Despesas Indiretas | C4: % sobre PV | D4: % sobre CD
A5: Administração Central | B5: Variável - f (CD) | C5: =D5/(1+D$18/100) -> 6.2115827 | D5: 8
A6: Despesas Financeiras | B6: 1.17 | C6: =D6/(1+D$18/100) -> 1.0791556 | D6: =D18-(D5+D7+D8+D11+D14+D15+D16) -> 1.3898623
A7: Seguros e Garantias Contratuais | B7: 0,25% do PV | C7: 0.25 | D7: =C7*(1+D$18/100) -> 0.32197913
A8: Riscos | B8: 0,50% do PV | C8: 0.5 | D8: =C8*(1+D$18/100) -> 0.64395827
B9: Subtotal 1 | C9: =SUM(C5:C8) -> 8.0407383 | D9: =SUM(D5:D8) -> 10.3558
A10: Benefícios | C10: % sobre PV | D10: % sobre CD
A11: Lucro | B11: Variável - f (CD) | C11: =D11/(1+D$18/100) -> 7.7644783 | D11: 10
B12: Subtotal 2 | C12: =C11 -> 7.7644783 | D12: =D11 -> 10
A13: Tributos | C13: % sobre PV | D13: % sobre CD
A14: PIS | B14: 0,65% do PV | C14: 0.65 | D14: =C14*(1+D$18/100) -> 0.83714574
A15: COFINS | B15: 3,00% do PV | C15: 3 | D15: =C15*(1+D$18/100) -> 3.8637496
A16: ISSQN* | B16: 2,90% do PV | C16: 2.9 | D16: =C16*(1+D$18/100) -> 3.7349579
B17: Subtotal 3 | C17: =SUM(C14:C16) -> 6.55 | D17: =SUM(D14:D16) -> 8.4358533
A18: Total - BDI (%) Sem Desoneração | C18: =C9+C12+C17 -> 22.355217 | D18: =((1+(D5/100+D11/100-($B6/100*D11/100)))/(1-($B6/100+C8/100+C7/100+C14/100+C15/100+C16/100))-1)*100 -> 28.791653
A20: Planilha de Cálculo do BDI - Com desoneração
A21: Descrição das Parcelas | C21: Construção de Obras de Arte Especiais
C22: Pequeno Porte | F22: No Art. 9º-A da Lei nº 14.973/2024 estabelece que, sobre a Contribuição Previdenciária sobre a Receita Bruta – CPRB adotada para as empresas de construção de obras de infraestrutura, enquadradas nos grupos 421, 422, 429 e 431 da CNAE 2.0, cuja alíquota é de 4,50%, deverão ser aplicadas bases de cálculos específicas a cada ano. Desse modo, durante o regime de transição deverão ser adotadas as alíquotas indicadas a seguir: ▪ 80% de 4,50% em 2025, resultando na alíquota de 3,60%; ▪ 60% de 4,50% em 2026, resultando na alíquota de 2,70%; ▪ 40% de 4,50% em 2027, resultando na alíquota de 1,80%.
A23: Despesas Indiretas | C23: % sobre PV | D23: % sobre CD
A24: Administração Central | B24: Variável - f (CD) | C24: =D24/(1+D$38/100) -> 6.0283501 | D24: 8
A25: Despesas Financeiras | B25: 1.17 | C25: =D25/(1+D$38/100) -> 1.0818354 | D25: =D38-(D24+D26+D27+D30+D33+D34+D35+D36) -> 1.4356636
A26: Seguros e Garantias Contratuais | B26: 0,25% do PV | C26: 0.25 | D26: =C26*(1+D$38/100) -> 0.33176573
A27: Riscos | B27: 0,50% do PV | C27: 0.5 | D27: =C27*(1+D$38/100) -> 0.66353146
B28: Subtotal 1 | C28: =SUM(C24:C27) -> 7.8601855 | D28: =SUM(D24:D27) -> 10.430961
A29: Benefícios | C29: % sobre PV | D29: % sobre CD
A30: Lucro | B30: Variável - f (CD) | C30: =D30/(1+D$38/100) -> 7.5354377 | D30: 10
B31: Subtotal 2 | C31: =C30 -> 7.5354377 | D31: =D30 -> 10
A32: Tributos | C32: % sobre PV | D32: % sobre CD
A33: PIS | B33: 0,65% do PV | C33: 0.65 | D33: =C33*(1+D$38/100) -> 0.8625909
A34: COFINS | B34: 3,00% do PV | C34: 3 | D34: =C34*(1+D$38/100) -> 3.9811888
A35: ISSQN* | B35: 2,90% do PV | C35: 2.9 | D35: =C35*(1+D$38/100) -> 3.8484825
A36: Contribuição Previdenciária sobre a Receita Bruta (CPRB) | B36: 2,70% do PV | C36: 2.7 | D36: =C36*(1+D$38/100) -> 3.5830699
B37: Subtotal 3 | C37: =SUM(C33:C36) -> 9.25 | D37: =SUM(D33:D36) -> 12.275332
A38: Total - BDI (%) Com Desoneração | C38: =C28+C31+C37 -> 24.645623 | D38: =((1+(D24/100+D30/100-($B25/100*D30/100)))/(1-($B25/100+C27/100+C26/100+C33/100+C34/100+C35/100+C36/100))-1)*100 -> 32.706293
A40: PV = Preço de Venda
A41: CD = Custo Direto
A42: SELIC (janeiro/2025) = 13,25% a.a.
A43: DF = [(1+SELIC)^(1/12)-1] sobre (PV - Lucro), o que resulta em DF = 1,04% sobre (PV - Lucro)
A44: Observação: (*) Limite máximo adotado de 5%, valor variável em função da legislação de cada município. O valor real do ISSQN a ser adotado nos orçamentos dos projetos aprovados pelo DNIT deve ser aquele proveniente das alíquotas dos municípios situados na área de influência das obras.

Sheet BIN-MAT
A1: QUADRO DE PESQUISA DE MERCADO
A2: AÇO CA-50 (kg)
A3: Empresa | B3: Cidade | C3: Coordenadas | D3: Frete | E3: Preço Unit. (R$) | F3: Data Pesq. | G3: Ind. Data Pesq. | H3: Ind. Data Base | I3: Preço Reaj. (R$) | J3: DMT P | K3: DMT RP | L3: Cons. (T/Unid.) | M3: Cod. Tranp. P. | N3: Cod. Transp. RP | O3: Custo Transp PV | P3: Custo Transp RP | Q3: Custo PV + RP | R3: Custo Total
A4: ARCELOR MITTAL | B4: Campo Grande/MS | C4: 20°25'01.9"S 54°34'47.7"W | D4: FOB | E4: 6.3346 | F4: 46023 | G4: 1167.239 | H4: 1165.984 | I4: 6.3278 | J4: 406 | K4: 2.2 | L4: 0.001 | M4: 5914479 | N4: 5914464 | O4: 0.74 | P4: 0.9 | Q4: 0.3024 | R4: 6.6302
A5: AÇO E AÇO | B5: Campo Grande/MS | C5: 20°23'11.33"S 54°32'38.88"O | D5: CIF | E5: 7.5756 | F5: 46023 | G5: 1167.239 | H5: 1165.984 | I5: 7.5675 | Q5: 0 | R5: 7.5675
A6: GUERDAU | B6: Campo Grande/MS | C6: 23°46'48.95"S 53°18'9.28"O | D6: CIF | E6: 6.2722 | F6: 46023 | G6: 1167.239 | H6: 1165.984 | I6: 6.2655 | Q6: 0 | R6: 6.2655
A7: AÇOFORT | B7: Dourados/MS | C7: 22°13'19.38"S 54°45'4.54"O | D7: CIF | E7: 5.5867 | F7: 46023 | G7: 1167.239 | H7: 1165.984 | I7: 5.5807 | Q7: 0 | R7: 5.5807
A9: CORDOALHAS CP-190 RB Ø 15,2mm ENGRAXADA (kg)
A10: Empresa | B10: Cidade | C10: Coordenadas | D10: Frete | E10: Preço Unit. (R$) | F10: Data Pesq. | G10: Ind. Data Pesq. | H10: Ind. Data Base | I10: Preço Reaj. (R$) | J10: DMT P | K10: DMT RP | L10: Cons. (T/Unid.) | M10: Cod. Tranp. P. | N10: Cod. Transp. RP | O10: Custo Transp PV | P10: Custo Transp RP | Q10: Custo PV + RP | R10: Custo Total
A11: PROTENFOR | B11: Maringa/PR | C11: 23°23'38.1"S 51°57'42.4"W | D11: FOB | E11: 10.738 | F11: 45931 | G11: 1165.984 | H11: 1165.984 | I11: 10.738 | J11: 415 | K11: 2.2 | L11: 0.001 | M11: 5914479 | N11: 5914464 | O11: 0.74 | P11: 0.9 | Q11: 0.3091 | R11: 11.0471
A12: AWA | B12: Navegantes/SC | C12: 26°52'21.5"S 48°40'19.3"W | D12: FOB | E12: 10.738 | F12: 45931 | G12: 1165.984 | H12: 1165.984 | I12: 10.738 | J12: 993 | K12: 2.2 | L12: 0.001 | M12: 5914479 | N12: 5914464 | O12: 0.74 | P12: 0.9 | Q12: 0.7368 | R12: 11.4748
A13: AWA | B13: Navegantes/SC | C13: 26°52'21.5"S 48°40'19.3"W | D13: CIF | E13: 13.488 | F13: 45931 | G13: 1165.984 | H13: 1165.984 | I13: 13.488 | L13: 0 | M13: 0 | N13: 0 | O13: 0 | P13: 0 | Q13: 0 | R13: 13.488
A15: BRITA 1 (m³)
A16: Empresa | B16: Cidade | C16: Coordenadas | D16: Frete | E16: Preço Unit. (R$) | F16: Data Pesq. | G16: Ind. Data Pesq. | H16: Ind. Data Base | I16: Preço Reaj. (R$) | J16: DMT P | K16: DMT RP | L16: Cons. (T/Unid.) | M16: Cod. Tranp. P. | N16: Cod. Transp. RP | O16: Custo Transp PV | P16: Custo Transp RP | Q16: Custo PV + RP | R16: Custo Total
A17: PEDREIRA AMAMBAI | B17: Amambai/MS | C17: 23°19'43.0"S 55°12'41.6"W | D17: FOB | E17: 90 | F17: 45931 | G17: 1165.984 | H17: 1165.984 | I17: 90 | J17: 19.9 | K17: 5.3 | L17: 1.5 | M17: 5914389 | N17: 5914374 | O17: 0.85 | P17: 1.03 | Q17: 33.561 | R17: 123.561
A18: DOURAPARK | B18: Dourados/MS | C18: 22°13'25.99"S 54°45'28.96"O | D18: FOB | E18: 125 | F18: 46023 | G18: 1167.239 | H18: 1165.984 | I18: 124.8656 | J18: 176 | K18: 3 | L18: 1.5 | M18: 5914389 | N18: 5914374 | O18: 0.85 | P18: 1.03 | Q18: 229.035 | R18: 353.9006
A19: PEDREIRA SANTO ONOFRE | B19: Terenos/MS | C19: 20°28'43.05"S 54°45'34.46"O | D19: FOB | E19: 103.5 | F19: 46023 | G19: 1167.239 | H19: 1165.984 | I19: 103.3887 | J19: 404 | K19: 3 | L19: 1.5 | M19: 5914389 | N19: 5914374 | O19: 0.85 | P19: 1.03 | Q19: 519.735 | R19: 623.1237
A20: PEDREIRA SANTO ONOFRE | B20: Terenos/MS | C20: 20°28'43.05"S 54°45'34.46"O | D20: CIF | E20: 350.7 | F20: 46023 | G20: 1167.239 | H20: 1165.984 | I20: 350.3229 | R20: 350.3229
A21: PEDREIRA ESTEIO | B21: Dourados/MS | C21: 22° 7'47.24"S 54°57'59.15"O | D21: FOB | E21: 60 | F21: 46023 | G21: 1167.239 | H21: 1165.984 | I21: 59.9355 | J21: 191 | K21: 3 | L21: 1.5 | M21: 5914389 | N21: 5914374 | O21: 0.85 | P21: 1.03 | Q21: 248.16 | R21: 308.0955
A22: CAMBARU | B22: NaviraI/ms | C22: 23° 3'39.19"S 54°12'6.55"O | D22: FOB | E22: 230 | F22: 46023 | G22: 1167.239 | H22: 1165.984 | I22: 229.7527 | J22: 172 | K22: 3 | L22: 1.5 | M22: 5914389 | N22: 5914374 | O22: 0.85 | P22: 1.03 | Q22: 223.935 | R22: 453.6877
A23: ILHA GRANDE | B23: NaviraI/ms | C23: 23° 3'30.16"S 54°12'1.12"O | D23: FOB | E23: 222.3 | F23: 46023 | G23: 1167.239 | H23: 1165.984 | I23: 222.061 | J23: 172 | K23: 3 | L23: 1.5 | M23: 5914389 | N23: 5914374 | O23: 0.85 | P23: 1.03 | Q23: 223.935 | R23: 445.996
A24: DOURATERRA | B24: Dourados/MS | C24: 22°11'25.50"S 54°50'24.72"O | D24: FOB | E24: 115 | F24: 46023 | G24: 1167.239 | H24: 1165.984 | I24: 114.8764 | J24: 176 | K24: 3 | L24: 1.5 | M24: 5914389 | N24: 5914374 | O24: 0.85 | P24: 1.03 | Q24: 229.035 | R24: 343.9114
A26: BRITA 2 (m³)
A27: Empresa | B27: Cidade | C27: Coordenadas | D27: Frete | E27: Preço Unit. (R$) | F27: Data Pesq. | G27: Ind. Data Pesq. | H27: Ind. Data Base | I27: Preço Reaj. (R$) | J27: DMT P | K27: DMT RP | L27: Cons. (T/Unid.) | M27: Cod. Tranp. P. | N27: Cod. Transp. RP | O27: Custo Transp PV | P27: Custo Transp RP | Q27: Custo PV + RP | R27: Custo Total
A28: PEDREIRA AMAMBAI | B28: Amambai/MS | C28: 23°19'43.0"S 55°12'41.6"W | D28: FOB | E28: 90 | F28: 45931 | G28: 1165.984 | H28: 1165.984 | I28: 90 | J28: 19.9 | K28: 5.3 | L28: 1.5 | M28: 5914389 | N28: 5914374 | O28: 0.85 | P28: 1.03 | Q28: 33.561 | R28: 123.561
A29: PEDREIRA ESTEIO | B29: Dourados/MS | C29: 22° 7'47.24"S 54°57'59.15"O | D29: FOB | E29: 68 | F29: 46023 | G29: 1167.239 | H29: 1165.984 | I29: 67.9269 | J29: 191 | K29: 3 | L29: 1.5 | M29: 5914389 | N29: 5914374 | O29: 0.85 | P29: 1.03 | Q29: 248.16 | R29: 316.0869
A30: PEDREIRA SANTO ONOFRE | B30: Terenos/MS | C30: 20°28'43.05"S 54°45'34.46"O | D30: FOB | E30: 103.5 | F30: 46023 | G30: 1167.239 | H30: 1165.984 | I30: 103.3887 | J30: 404 | K30: 3 | L30: 1.5 | M30: 5914389 | N30: 5914374 | O30: 0.85 | P30: 1.03 | Q30: 519.735 | R30: 623.1237
A31: PEDREIRA SANTO ONOFRE | B31: Terenos/MS | C31: 20°28'43.05"S 54°45'34.46"O | D31: CIF | E31: 350.7 | F31: 46023 | G31: 1167.239 | H31: 1165.984 | I31: 350.3229 | Q31: 0 | R31: 350.3229
A32: DOURATERRA | B32: Dourados/MS | C32: 22°11'25.50"S 54°50'24.72"O | D32: FOB | E32: 120 | F32: 46023 | G32: 1167.239 | H32: 1165.984 | I32: 119.871 | J32: 176 | K32: 3 | L32: 1.5 | M32: 5914389 | N32: 5914374 | O32: 0.85 | P32: 1.03 | Q32: 229.035 | R32: 348.906
A34: PEDRA DE MÃO (m³)
A35: Empresa | B35: Cidade | C35: Coordenadas | D35: Frete | E35: Preço Unit. (R$) | F35: Data Pesq. | G35: Ind. Data Pesq. | H35: Ind. Data Base | I35: Preço Reaj. (R$) | J35: DMT P | K35: DMT RP | L35: Cons. (T/Unid.) | M35: Cod. Tranp. P. | N35: Cod. Transp. RP | O35: Custo Transp PV | P35: Custo Transp RP | Q35: Custo PV + RP | R35: Custo Total
A36: PEDREIRA AMAMBAI | B36: Amambai/MS | C36: 23°19'43.0"S 55°12'41.6"W | D36: FOB | E36: 82.5 | F36: 45931 | G36: 1165.984 | H36: 1165.984 | I36: 82.5 | J36: 19.9 | K36: 5.3 | L36: 1.5 | M36: 5914389 | N36: 5914374 | O36: 0.85 | P36: 1.03 | Q36: 33.561 | R36: 116.061
A37: PEDREIRA ESTEIO | B37: Dourados/MS | C37: 22° 7'47.24"S 54°57'59.15"O | D37: FOB | E37: 62 | F37: 46023 | G37: 1167.239 | H37: 1165.984 | I37: 61.9333 | J37: 191 | K37: 2.2 | L37: 1.5 | M37: 5914389 | N37: 5914374 | O37: 0.85 | P37: 1.03 | Q37: 246.924 | R37: 308.8573
A38: CAMBARU | B38: Navirai/MS | C38: 23° 3'39.19"S 54°12'6.55"O | D38: FOB | E38: 265 | F38: 46023 | G38: 1167.239 | H38: 1165.984 | I38: 264.7151 | J38: 172 | K38: 2.2 | L38: 1.5 | M38: 5914389 | N38: 5914374 | O38: 0.85 | P38: 1.03 | Q38: 222.699 | R38: 487.4141
A39: PEDREIRA SANTO ONOFRE | B39: Terenos/MS | C39: 20°28'43.05"S 54°45'34.46"O | D39: FOB | E39: 90 | F39: 46023 | G39: 1167.239 | H39: 1165.984 | I39: 89.9032 | J39: 404 | K39: 2.2 | L39: 1.5 | M39: 5914389 | N39: 5914374 | O39: 0.85 | P39: 1.03 | Q39: 518.499 | R39: 608.4022
A40: PEDREIRA SANTO ONOFRE | B40: Terenos/MS | C40: 20°28'43.05"S 54°45'34.46"O | D40: CIF | E40: 337.2 | F40: 46023 | G40: 1167.239 | H40: 1165.984 | I40: 336.8374 | Q40: 0 | R40: 336.8374
A41: DOURATERRA | B41: Dourados/MS | C41: 22°11'25.50"S 54°50'24.72"O | D41: FOB | E41: 119 | F41: 46023 | G41: 1167.239 | H41: 1165.984 | I41: 118.8721 | J41: 176 | K41: 2.2 | L41: 1.5 | M41: 5914389 | N41: 5914374 | O41: 0.85 | P41: 1.03 | Q41: 227.799 | R41: 346.6711
A43: CIMENTO (kg)
A44: Empresa | B44: Cidade | C44: Coordenadas | D44: Frete | E44: Preço Unit. (R$) | F44: Data Pesq. | G44: Ind. Data Pesq. | H44: Ind. Data Base | I44: Preço Reaj. (R$) | J44: DMT P | K44: DMT RP | L44: Cons. (T/Unid.) | M44: Cod. Tranp. P. | N44: Cod. Transp. RP | O44: Custo Transp PV | P44: Custo Transp RP | Q44: Custo PV + RP | R44: Custo Total
A45: VOTORANTIM | B45: Itau de Minas/MG | C45: 20°45'36.9"S 46°45'50.8"W | D45: FOB | E45: 0.675 | F45: 45931 | G45: 1165.984 | H45: 1165.984 | I45: 0.675 | J45: 1175 | K45: 2.2 | L45: 0.001 | M45: 5914479 | N45: 5914464 | O45: 0.74 | P45: 0.9 | Q45: 0.8715 | R45: 1.5465
A46: DSO | B46: Dourados/MS | C46: 22°14'46.46"S 54°44'27.73"O | D46: FOB | E46: 0.77 | F46: 46023 | G46: 1167.239 | H46: 1165.984 | I46: 0.7692 | J46: 178 | K46: 2.2 | L46: 0.001 | M46: 5914479 | N46: 5914464 | O46: 0.74 | P46: 0.9 | Q46: 0.1337 | R46: 0.9029
A47: DSO | B47: Campo Grande/MS | C47: 20°25'0.65"S 54°34'47.06"O | D47: FOB | E47: 0.748 | F47: 46023 | G47: 1167.239 | H47: 1165.984 | I47: 0.7472 | J47: 406 | K47: 2.2 | L47: 0.001 | M47: 5914479 | N47: 5914464 | O47: 0.74 | P47: 0.9 | Q47: 0.3024 | R47: 1.0496
A48: CIMENTAO | B48: Amanbai/MS | C48: 23° 6'46.18"S 55°13'34.38"O | D48: CIF | E48: 1.038 | F48: 46023 | G48: 1167.239 | H48: 1165.984 | I48: 1.0369 | L48: 0.001 | M48: 5914479 | N48: 5914464 | O48: 0.74 | P48: 0.9 | Q48: 0 | R48: 1.0369
A50: TRILHO TR-68 USADO (kg)
A51: Empresa | B51: Cidade | C51: Coordenadas | D51: Frete | E51: Preço Unit. (R$) | F51: Data Pesq. | G51: Ind. Data Pesq. | H51: Ind. Data Base | I51: Preço Reaj. (R$) | J51: DMT P | K51: DMT RP | L51: Cons. (T/Unid.) | M51: Cod. Tranp. P. | N51: Cod. Transp. RP | O51: Custo Transp PV | P51: Custo Transp RP | Q51: Custo PV + RP | R51: Custo Total
A52: FSM TRILHOS | B52: Itaúna/MG | D52: CIF | E52: 3.5 | F52: 45931 | G52: 1165.984 | H52: 1165.984 | I52: 3.5 | R52: 3.5
A53: GMS RESIDUOS | B53: Raul Sorares/MG | D53: CIF | E53: 3.5 | F53: 45931 | G53: 1165.984 | H53: 1165.984 | I53: 3.5 | R53: 3.5
A54: TRILHOS FERROVIÁRIOS | B54: Embu das Artes/SP | C54: 23°37'53.3"S 46°51'05.0"W | D54: FOB | E54: 3.9 | F54: 45931 | G54: 1165.984 | H54: 1165.984 | I54: 3.9 | J54: 1041 | K54: 2.2 | L54: 0.001 | M54: 5914479 | N54: 5914464 | O54: 0.74 | P54: 0.9 | Q54: 0.7723 | R54: 4.6723
A56: AREIA (m³)
A57: Empresa | B57: Cidade | C57: Coordenadas | D57: Frete | E57: Preço Unit. (R$) | F57: Data Pesq. | G57: Ind. Data Pesq. | H57: Ind. Data Base | I57: Preço Reaj. (R$) | J57: DMT P | K57: DMT RP | L57: Cons. (T/Unid.) | M57: Cod. Tranp. P. | N57: Cod. Transp. RP | O57: Custo Transp PV | P57: Custo Transp RP | Q57: Custo PV + RP | R57: Custo Total
A58: DEPOSITO PRIMAVERA | B58: Dourados/MS | C58: 22°13'9.35"S 54°50'25.02"O | D58: CIF | E58: 250 | F58: 46023 | G58: 1167.239 | H58: 1165.984 | I58: 249.7312 | Q58: 0 | R58: 249.7312
A59: CIMENTÃO | B59: Amambai/MS | C59: 23° 6'46.18"S 55°13'34.38"O | D59: FOB | E59: 109.9 | F59: 46023 | G59: 1167.239 | H59: 1165.984 | I59: 109.7818 | J59: 42.7 | K59: 2.2 | L59: 1.5 | M59: 5914389 | N59: 5914374 | O59: 0.85 | P59: 1.03 | Q59: 57.8415 | R59: 167.6233
A60: DOURAPARK | B60: Dourados/MS | C60: 22°13'25.99"S 54°45'28.96"O | D60: FOB | E60: 135 | F60: 46023 | G60: 1167.239 | H60: 1165.984 | I60: 134.8548 | J60: 176 | K60: 2.2 | L60: 1.5 | M60: 5914389 | N60: 5914374 | O60: 0.85 | P60: 1.03 | Q60: 227.799 | R60: 362.6538
A61: SÃO LUIZ MATERIAIS PARA CONSTRUÇÃO | B61: Amambai/MS | C61: 23° 6'48.99"S 55°13'30.81"O | D61: FOB | E61: 155 | F61: 46023 | G61: 1167.239 | H61: 1165.984 | I61: 154.8333 | J61: 42 | K61: 3 | L61: 1.5 | M61: 5914389 | N61: 5914374 | O61: 0.85 | P61: 1.03 | Q61: 58.185 | R61: 213.0183
A62: IGRAM | B62: Campo Grande/MS | C62: 20°27'4.86"S 54°23'23.65"O | D62: FOB | E62: 31.5 | F62: 46023 | G62: 1167.239 | H62: 1165.984 | I62: 31.4661 | J62: 415 | K62: 2.2 | L62: 1.5 | M62: 5914389 | N62: 5914374 | O62: 0.85 | P62: 1.03 | Q62: 532.524 | R62: 563.9901
A63: EXATA MATERIAIS | B63: Amanbai/MS | C63: 23° 5'58.68"S 55°14'1.20"O | D63: FOB | E63: 109.9 | F63: 46023 | G63: 1167.239 | H63: 1165.984 | I63: 109.7818 | J63: 44.5 | K63: 2.2 | L63: 1.5 | M63: 5914389 | N63: 5914374 | O63: 0.85 | P63: 1.03 | Q63: 60.1365 | R63: 169.9183
A64: DOURATERRA | B64: Dourados/MS | C64: 22°11'25.50"S 54°50'24.72"O | D64: FOB | E64: 128 | F64: 46023 | G64: 1167.239 | H64: 1165.984 | I64: 127.8624 | J64: 176 | K64: 2.2 | L64: 1.5 | M64: 5914389 | N64: 5914374 | O64: 0.85 | P64: 1.03 | Q64: 227.799 | R64: 355.6614
A65: DISTRIB. DE AREIA TRES LAGOAS | B65: Campo Grande/MS | C65: 20°25'15.10"S 54°34'54.85"O | D65: FOB | E65: 115 | F65: 46023 | G65: 1167.239 | H65: 1165.984 | I65: 114.8764 | J65: 406 | K65: 2.2 | L65: 1.5 | M65: 5914389 | N65: 5914374 | O65: 0.85 | P65: 1.03 | Q65: 521.049 | R65: 635.9254
A73: INDICES DE REAJUSTAMENTO UTILIZADOS
A74: REFERENCIA | B74: SICRO/DNIT
A75: Data base do orçamento | B75: 45931
A76: MATERIAL | B76: TIPO | C76: INDICE
C77: Data base do orçamento
A78: AÇO CA-50 | B78: IGP - DI | C78: 1165.984
A79: CHAPA DE AÇO | B79: IGP - DI | C79: 1165.984
A80: CORDOALHAS | B80: IGP - DI | C80: 1165.984
A81: AREIA | B81: IGP - DI | C81: 1165.984
A82: BRITAS | B82: IGP - DI | C82: 1165.984
A83: GABIÃO | B83: IGP - DI | C83: 1165.984
A84: CIMENTO | B84: IGP - DI | C84: 1165.984
A86: 23°28'29.4"S 55°10'27.4"W
A88: 45658 | B88: 1182.693
A89: 45689 | B89: 1194.518
A90: 45717 | B90: 1188.55
A91: 45748 | B91: 1192.079
A92: 45778 | B92: 1181.945
A93: 45809 | B93: 1160.613
A94: 45839 | B94: 1159.851
A95: 45870 | B95: 1162.219
A96: 45901 | B96: 1166.349
A97: 45931 | B97: 1165.984
A98: 45962 | B98: 1166.075
A99: 45992 | B99: 1167.239
A100: 46023 | B100: 1167.239

Sheet BIN-LVIGAS
A1: QUADRO DE PESQUISA DE MERCADO
A2: LANÇAMENTO DE VIGAS (un.)
A3: Empresa | B3: Cidade | C3: Coordenadas | D3: Frete | E3: Preço Unit. (R$) | F3: Data Pesq. | G3: Ind. Data Pesq. | H3: Ind. Data Base | I3: Custo Reaj. (R$) | J3: BDI | K3: Preço Orç. (R$)
A4: Nova Rental | B4: Campo Grande/MS | E4: 8593.75 | F4: 46023 | G4: 1167.239 | H4: 1165.984 | I4: 8584.51 | J4: 0.1527 | K4: 9895.36
A5: Concrelaje | B5: Campo Grande/MS | E5: 8640.5 | F5: 46023 | G5: 1167.239 | H5: 1165.984 | I5: 8631.21 | J5: 0.1527 | K5: 9949.2
A6: Airos | B6: Campo Grande/MS | E6: 13750 | F6: 46023 | G6: 1167.239 | H6: 1165.984 | I6: 13735.22 | J6: 0.1527 | K6: 15832.59
A7: Valores totais propostos fracionados para o lançamento por viga
A9: Composição de Preço Pelo SICRO
A10: Sicro | B10: 5915400 | C10: Carga e Desc | E10: 3330.13 | F10: 45931 | G10: 1165.984 | H10: 1165.984 | I10: 3330.13 | J10: 0.29 | K10: 4295.87
A11: Sicro | B11: 3806420 | C11: Lançamento | E11: 4185.25 | F11: 45931 | G11: 1165.984 | H11: 1165.984 | I11: 4185.25 | J11: 0.29 | K11: 5398.97
A12: Sicro | B12: E9094 | C12: Mobilizacao | E12: 246.85327 | F12: 45931 | G12: 1165.984 | H12: 1165.984 | I12: 246.85 | J12: 0.29 | K12: 318.44
A13: Sicro | B13: E9094 | C13: Desmobilizacao | E13: 246.85327 | F13: 45931 | G13: 1165.984 | H13: 1165.984 | I13: 246.85 | J13: 0.29 | K13: 318.44
A14: Sicro | H14: Total | I14: 8009.08 | K14: 10331.72
A15: Valores totais de mobilização e desmobilização, partindo de Dourados/MS, fracionados para o lançamento por viga
A16: Verifica-se, portando, compatibilidade entre os valores de mercado e os valores orçados pela metodologia do SICRO, sendo que este possui o custo ligeiramente menor em compactação aos preços de mercado.
A22: INDICES DE REAJUSTAMENTO UTILIZADOS
A23: REFERENCIA | B23: SICRO/DNIT
A24: Data base do orçamento | B24: 45931
A25: MATERIAL | B25: TIPO | C25: INDICE
C26: Data base do orçamento
A27: AÇO CA-50 | B27: IGP - DI | C27: 1165.984
A28: CHAPA DE AÇO | B28: IGP - DI | C28: 1165.984
A29: CORDOALHAS | B29: IGP - DI | C29: 1165.984
A30: AREIA | B30: IGP - DI | C30: 1165.984
A31: BRITAS | B31: IGP - DI | C31: 1165.984
A32: GABIÃO | B32: IGP - DI | C32: 1165.984
A33: CIMENTO | B33: IGP - DI | C33: 1165.984
A35: 23°28'29.4"S 55°10'27.4"W
A37: 45658 | B37: 1182.693
A38: 45689 | B38: 1194.518
A39: 45717 | B39: 1188.55
A40: 45748 | B40: 1192.079
A41: 45778 | B41: 1181.945
A42: 45809 | B42: 1160.613
A43: 45839 | B43: 1159.851
A44: 45870 | B44: 1162.219
A45: 45901 | B45: 1166.349
A46: 45931 | B46: 1165.984
A47: 45962 | B47: 1166.075
A48: 45992 | B48: 1167.239
A49: 46023 | B49: 1167.239

Sheet BIN-ACO
A1: PREÇO MÉDIO POR KG DO AÇO CA-50
A2: ARCELOR MITTAL (FOB)
A3: Ø (mm) | B3: kg | D3: R$/t | E3: R$/kg
A4: 6.3 | B4: 1000 | D4: 6727.75 | E4: 6.7278
A5: 8 | B5: 1000 | D5: 6727.75 | E5: 6.7278
A6: 10 | B6: 1000 | D6: 6421.95 | E6: 6.422
A7: 12.5 | B7: 1000 | D7: 6116.08 | E7: 6.1161
A8: 16 | B8: 1000 | D8: 6116.08 | E8: 6.1161
A9: 20 | B9: 1000 | D9: 6116.08 | E9: 6.1161
A10: 25 | B10: 1000 | D10: 6116.08 | E10: 6.1161
D11: Média | E11: 6.3346
A13: AÇO E AÇO
A14: Ø (mm) | B14: Kg/m | C14: Barra (kg) | D14: R$/Barra | E14: R$/kg
A15: 6.3 | B15: 0.245 | C15: 2.94 | D15: 24.71205 | E15: 8.4054592
A16: 8 | B16: 0.395 | C16: 4.74 | D16: 30.86928 | E16: 6.5125063
A17: 10 | B17: 0.617 | C17: 7.404 | D17: 53.40711 | E17: 7.213278
A18: 12.5 | B18: 0.963 | C18: 11.556 | D18: 82.21114 | E18: 7.114152
A19: 16 | B19: 1.578 | C19: 18.936 | D19: 150.1315 | E19: 7.928364
A20: 20 | B20: 2.466 | C20: 29.592 | D20: 234.6208 | E20: 7.9285212
A21: 25 | B21: 3.853 | C21: 46.236 | D21: 366.5231 | E21: 7.9272234
D22: Média | E22: 7.5756
A24: GUERDAU
A25: Ø (mm) | B25: kg | D25: R$/t | E25: R$/kg
A26: 6.3 | B26: 1000.48 | D26: 6625.78 | E26: 6.6226
A27: 8 | B27: 1004.05 | D27: 6649.43 | E27: 6.6226
A28: 10 | B28: 1000.1 | D28: 6316.64 | E28: 6.316
A29: 12.5 | B29: 1000.18 | D29: 5949.15 | E29: 5.9481
A30: 16 | B30: 1009.65 | D30: 6191.22 | E30: 6.132
A31: 20 | B31: 1012.18 | D31: 6206.72 | E31: 6.132
A32: 25 | B32: 1023.22 | D32: 6274.43 | E32: 6.132
D33: Média | E33: 6.2722
A35: AÇO FORT
A36: Ø (mm) | B36: Kg/m | C36: Barra (kg) | D36: R$/Barra | E36: R$/kg
A37: 6.3 | B37: 0.245 | C37: 2.94 | D37: 12.5 | E37: 4.2517007
A38: 8 | B38: 0.395 | C38: 4.74 | D38: 30 | E38: 6.3291139
A39: 10 | B39: 0.617 | C39: 7.404 | D39: 42 | E39: 5.6726094
A40: 12.5 | B40: 0.963 | C40: 11.556 | D40: 62 | E40: 5.3651783
A41: 16 | B41: 1.578 | C41: 18.936 | D41: 110 | E41: 5.809041
A42: 20 | B42: 2.466 | C42: 29.592 | D42: 160 | E42: 5.4068667
A43: 25 | B43: 3.853 | C43: 46.236 | D43: 290 | E43: 6.2721689
D44: Média | E44: 5.5867

Sheet DMT-QD
A1: Obra: Construção de Obra de Arte Especial
A2: Rodovia Vicinal - Tacuru/MS
A3: Ponte sobre o Rio Puitã | J3: 23°28'29.4"S 55°10'27.4"W
A4: QUADRO RESUMO DE DISTÂNCIA MÉDIA DE TRANSPORTES
A5: Nº de Ocorr. | B5: Material | C5: Procedência | G5: DMT Fixo (Comercial) | I5: DMT Local | J5: D M T
C6: Fornecedor | D6: Município | E6: Coordenadas | F6: Frete | G6: Pav | H6: N Pav | I6: N Pav
A7: P O N T E S
A8: AC | B8: Aço CA-50 | D8: Dourados/MS | J8: CIF | L8: 5.5807
A9: CP | B9: Aço CP 190 RB Engraxada | D9: Maringa/PR | G9: 415 | H9: 2.2 | I9: 0 | J9: 417.2 | L9: 10.738
A10: A1 | B10: Areia Lavada | D10: Amambai/MS | G10: 42.7 | H10: 2.2 | I10: 0 | J10: 44.9 | L10: 109.7818
A11: B1 | B11: Brita 1 | D11: Amambai/MS | G11: 19.9 | H11: 5.3 | I11: 0 | J11: 25.2 | L11: 90
A12: B2 | B12: Brita 2 | D12: Amambai/MS | G12: 19.9 | H12: 5.3 | I12: 0 | J12: 25.2 | L12: 90
A13: PM | B13: Pedra de Mão | D13: Amambai/MS | G13: 19.9 | H13: 5.3 | I13: 0 | J13: 25.2 | L13: 82.5
A14: CI | B14: Cimento | D14: Dourados/MS | G14: 178 | H14: 2.2 | I14: 0 | J14: 180.2 | L14: 0.7692
A15: TR68 | B15: Trilho TR-68 | D15: Itauna/MG | J15: CIF | L15: 3.5
A16: ID | B16: Insumos Diversos | D16: Dourados/MS | G16: 178 | H16: 2.2 | I16: 0 | J16: 180.2

Sheet ADM-RES
A1: Obra: Construção de Obra de Arte Especial
A2: Rodovia Vicinal - Tacuru/MS
A3: Ponte sobre o Rio Puitã | G3: 4 | H3: meses
A4: RESUMO DA ADMINISTRAÇÃO LOCAL
B5: DISCRIMINAÇÃO | C5: Unid | D5: Quantid | E5: Custo Unitário | F5: Custo Total (R$)
A6: 1. | B6: Parcela Fixa
A7: 1.1 | B7: Gerência Técnica | C7: mês | D7: 4 | E7: 23221.39 | F7: 92885.56 | H7: 0.057151383
A8: 1.2 | B8: Gerência Administrativa | C8: mês | D8: 4 | E8: 4244.16 | F8: 16976.64 | H8: 0.010445525
A10: 2. | B10: Parcela Vinculada
A11: 2.1 | B11: Equipe de topografia | C11: mês | D11: 4 | E11: 6110.69 | F11: 24442.76 | H11: 0.01503934
A12: 2.2 | B12: Equipe de medicina e segurança do trabalho | C12: mês | D12: 4 | E12: 1530.9 | F12: 6123.6 | H12: 0.0037677784
A14: 3. | B14: Parcela Variável
A15: 3.1 | B15: Equipe de controle tecnológico | C15: mês | D15: 0.222 | E15: 29432.24 | F15: 6533.95 | H15: 0.0040202619
A17: 4. | B17: Manutenção do Canteiro de Obras
A18: 4.1 | B18: Manutenção de Canteiro de Obras e Acampamento | C18: mês | D18: 4 | E18: 6281.67 | F18: 25126.68 | H18: 0.015460148
A20: 5. | B20: Despesas Diversas
A21: 5.1 | B21: Despesas Diversas | C21: unid | D21: 0.05 | E21: 172089.19 | F21: 8604.45 | H21: 0.005294216
A23: Total da Administração Local | F23: 180693.64 | H23: 0.11117865
A24: Nota 1: Administração Local conforme Manual de Custos de Infraestrutura de Transporte - Anexo 04/2024

Sheet ADM-MES
A1: Obra: Construção de Obra de Arte Especial
A2: Rodovia Vicinal - Tacuru/MS
A3: Ponte sobre o Rio Puitã
A4: ADMINISTRAÇÃO LOCAL - MENSAL
A5: ITEM | B5: CÓDIGO | C5: DESCRIÇÃO | D5: Unid | E5: Quantid | F5: Ocupação Produtiva | G5: Unidade Produtiva | H5: Quantid Produtiva | I5: Preço unitário | J5: Preço Total
A6: 1 | C6: Parcela Fixa - Gerência Técnica / Administrativa
A7: 1.1 | C7: Gerência técnica
A8: 1.1.1 | C8: Mão de Obra
A9: 1.1.1.1 | B9: P9819 | C9: Engenheiro supervisor | D9: unid | E9: 1 | F9: 0.25 | G9: mês | H9: 0.25 | I9: 26972.094 | J9: 6743.02
A10: 1.1.1.2 | B10: P9840 | C10: Encarregado geral | D10: unid | E10: 1 | F10: 1 | G10: mês | H10: 1 | I10: 13026.171 | J10: 13026.17
A12: 1.1.2 | C12: Veículos | F12: Utiliz Prod | G12: Utiliz Impr | H12: Hora Prod | I12: Hora Impr
A13: 1.1.2.1 | B13: E9093 | C13: Veículo leve - 53 kW (sem motorista) | D13: unid | E13: 1.25 | F13: 44 | G13: 176 | H13: 36.5505 | I13: 6.5542 | J13: 3452.2
A14: 1.1.2.2 | B14: E9134 | C14: Minionibus coletivo - 111 Kw | D14: unid | E14: 0 | F14: 44 | G14: 176 | H14: 255.5845 | I14: 83.8004 | J14: 0
I15: Total Gerência técnica | J15: 23221.39
A17: 1.2 | C17: Gerência administrativa
A18: 1.2.1 | C18: Mão de Obra
A19: 1.2.1.1 | B19: P9842 | C19: Faxineiro | D19: unid | E19: 1 | F19: 1 | G19: mês | H19: 1 | I19: 4244.1624 | J19: 4244.16
A21: 1.2.2 | C21: Veículos | F21: Utiliz Prod | G21: Utiliz Impr | H21: Hora Prod | I21: Hora Impr
A22: 1.2.2.1 | B22: E9093 | C22: Veículo leve - 53 kW (sem motorista) | D22: unid | E22: 0 | F22: 44 | G22: 176 | H22: 36.5505 | I22: 6.5542 | J22: 0
I23: Total Gerência administrativa | J23: 4244.16
A25: Nota 1: O miniônibus é empregado somente quando não há alojamentos previstos no canteiro. Nessa hipótese, são alugadas residências para a mão de obra.
A26: Nota 2: Desconsiderado o veículo leve para a Gerência administrativa em razão da possibilidade do faxineiro ficar nos alojamentos.
A28: ADMINISTRAÇÃO LOCAL - MENSAL
A29: 2 | C29: Parcela Vinculada
A30: 2.1 | C30: Equipe de topografia
A31: 2.1.1 | C31: Mão de Obra
A32: 2.1.1.1 | B32: P9949 | C32: Topógrafo | D32: unid | E32: 1 | F32: 0.2 | G32: mês | H32: 0.2 | I32: 6783.6811 | J32: 1356.73
A33: 2.1.1.2 | B33: P9950 | C33: Auxiliar de topografia | D33: unid | E33: 2 | F33: 0.2 | G33: mês | H33: 0.4 | I33: 5470.2388 | J33: 2188.09
A35: 2.1.2 | C35: Veículos | F35: Utiliz Prod | G35: Utiliz Impr | H35: Hora Prod | I35: Hora Impr
A36: 2.1.2.1 | B36: E9125 | C36: Van furgão a diesel - 93 kW | D36: unid | E36: 0.2 | F36: 44 | G36: 176 | H36: 90.8082 | I36: 50.1921 | J36: 2565.87
I37: Total Equipe de topografia | J37: 6110.69
A39: 2.3 | C39: Equipe de medicina e segurança do trabalho
A40: 2.3.1 | C40: Mão de Obra
A41: 2.3.1.1 | B41: P9876 | C41: Técnico de segurança do trabalho | D41: unid | E41: 1 | F41: 0.2 | G41: mês | H41: 0.2 | I41: 7654.5391 | J41: 1530.9
I42: Total Equipe de medicina e segurança do trabalho | J42: 1530.9
A44: Nota 3: Se tratanto de Construção de Obra de Arte Especial isolada adotou-se o acompanhamento da equipe de topografia em 20% do período de execução da obra.
A45: Nota 4: Considerando o número de funcionários total inferior a 100 será necessário apenas 1 Técnico de segurança do trabalho trabalhando 20% do tempo para a obra.
A46: 3. | C46: Parcela Variável
A47: 3.1 | C47: Equipe de controle tecnológico
A48: 3.1.1 | C48: Mão de Obra
A49: 3.1.1.3 | B49: P9858 | C49: Laboratorista | D49: unid | E49: 1 | F49: 1 | G49: mês | H49: 1 | I49: 6801.32 | J49: 6801.32
A50: 3.1.1.4 | B50: P9833 | C50: Auxiliar de laboratório | D50: unid | E50: 2 | F50: 1 | G50: mês | H50: 2 | I50: 4900.7796 | J50: 9801.55
A52: 3.1.2 | C52: Veículos | F52: Utiliz Prod | G52: Utiliz Impr | H52: Hora Prod | I52: Hora Impr
A53: 3.1.2.1 | B53: E9125 | C53: Van furgão a diesel - 93 kW | D53: unid | E53: 1 | F53: 44 | G53: 176 | H53: 90.8082 | I53: 50.1921 | J53: 12829.37
I54: Total de Laboratório de concreto/solos | J54: 29432.24
C57: PF-ESP | D57: 1.25
C58: PF-NE | D58: 1
C59: PVINC-ESP | D59: 1.2
C60: PVINC-NE | D60: 0.4
C61: PVAR | D61: 3

Sheet ADM-CT
A1: Obra: Construção de Obra de Arte Especial
A2: Rodovia Vicinal - Tacuru/MS
A3: Ponte sobre o Rio Puitã
A4: EQUIPE DE CONTROLE TECNOLÓGICO
A5: CÓDIGO | B5: DESCRIÇÃO | C5: Unid | D5: Quantidade | E5: QE | F5: QP
A6: 5502978 | B6: Compactação de aterros a 100% do Proctor normal | C6: m³ | D6: 3528.1 | E6: 169000 | F6: 0.021
A7: 1107900 | B7: Concreto fck = 30 MPa - confecção em betoneira e lançamento manual - areia e brita comerciais | C7: m³ | D7: 162.364 | E7: 1000 | F7: 0.162
A8: 1107908 | B8: Concreto fck = 40 MPa - confecção em betoneira e lançamento manual - areia e brita comerciais | C8: m³ | D8: 30.46 | E8: 1000 | F8: 0.03
A9: 1106057 | B9: Concreto magro - confecção em betoneira e lançamento manual - areia e brita comerciais | C9: m³ | D9: 9.08 | E9: 1000 | F9: 0.009
A11: Total de Equipe de Controle Tecnológico | F11: 0.222

Sheet ADM-MAN
A1: Obra: Construção de Obra de Arte Especial
A2: Rodovia Vicinal - Tacuru/MS
A3: Ponte sobre o Rio Puitã
A4: EQUIPE DE MANUTENÇÃO DE CANTEIRO
A5: ITEM | B5: CÓDIGO | C5: DESCRIÇÃO | D5: Unid | E5: Quantid Cant. Ref. | F5: Quantid. Canteiro | G5: Preço unitário | H5: Preço Total
A6: 1 | C6: Manutenção de Canteiro de Obras e Acampamento
A7: 1.1 | C7: Mão de Obra
A8: 1.1.1 | B8: P9953 | C8: Eletricista | D8: mês | E8: 0.1 | F8: 0.39348888 | G8: 6293.855 | H8: 2476.56
A9: 1.1.2 | B9: P9952 | C9: Pedreiro | D9: mês | E9: 0.1 | F9: 0.39348888 | G9: 5356.6809 | H9: 2107.79
A10: 1.1.3 | B10: P9954 | C10: Servente | D10: mês | E10: 0.1 | F10: 0.39348888 | G10: 4313.5243 | H10: 1697.32
A12: Valor Mensal da Parcela Variável - Equipe de Manutenção de Canteiro | H12: 6281.67
A14: COEFICIENTE DE PROPORCIONALIDADE DE ÁREA DO CANTEIRO
C15: Área do Canteiro de Projeto | D15: Área do Cant. De Referência | G15: CAC
C16: 1200.81 | D16: 305.17 | G16: 3.9348888

Sheet CANTEIRO
A1: Obra: Construção de Obra de Arte Especial
A2: Rodovia Vicinal - Tacuru/MS
A3: Ponte sobre o Rio Puitã
A4: CANTEIRO DE OBRA E ACAMPAMENTO
A6: A | B6: Identificação do empreendimento
A7: Obra: Construção de Obra de Arte Especial
A8: Rodovia Vicinal - Tacuru/MS
A9: Ponte sobre o Rio Puitã
A10: Extensão: | B10: 33,80m | D10: Largura: | E10: 6,00m
A11: Prazo de execução: | C11: 5
A12: Mão de obra ordinária média (funcionários/mês): | G12: 23 | H12: funcionários
A13: Mão de obra ordinária máxima (funcionários/mês): | G13: 24 | H13: funcionários
A14: Mão de obra parcela fixa da administ local (especializada funcion/mês): | G14: 1.25 | H14: funcionários
A15: Mão de obra parcela fixa da administ local (não especializ funcion/mês): | G15: 1 | H15: funcionários
A16: Mão de obra parcela vinculada da administ local (espec funcion/mês): | G16: 1.2 | H16: funcionários
A17: Mão de obra parcela vinculada da administ local (não espec funcion/mês): | G17: 0.4 | H17: funcionários
A18: Mão de obra parcela variável da administração local (funcionários/mês): | G18: 3 | H18: funcionários
A19: Distância entre o canteiro e a cidade mais próxima (pavimentado): | G19: 29 | H19: km
A20: Distância entre o canteiro e a cidade mais próxima (não pavimentado): | G20: 2.2 | H20: km
A21: Unidade da Federação: | G21: MS
A22: Mês-base: | G22: out/25
A24: B | B24: Custo Médio da Construção Civil (CMCC)
A25: Custo Médio da Construção Civil (CMCC) | F25: 1935.78 | G25: (Out/2025 Sem Des.) | J25: 1819.29 | K25: CD
A27: C | B27: Caracterização da Mão de Obra
A28: • Número de funcionários da mão de obra ordinária no mês de pico (NMO)
A29: NMO = | B29: 1 | C29: 24 | D29: = | E29: 24 | F29: funcionários/mês
A30: • Número de funcionários da parcela variável no mês de pico (NPV)
A31: NPV = | B31: 1,33 x | C31: 3 | D31: = | E31: 4 | F31: funcionários/mês
A32: • Número de funcionários especializ e não especializ da parcela fixa da administração local (NPF)
A33: NPF = | B33: 1.25 | C33: funcion espec/mês | F33: 1 | G33: funcion não espec/mês
A34: • Número de funcionários especializ e não especializados das parcelas fixa e vinculada (NPF-V)
A35: NPF-V1 = | B35: 2.45 | C35: funcion espec/mês | E35: NPF-V2 = | F35: 1.4 | G35: funcion não espec/mês
A36: • Número de funcionários alojados no canteiro (NFA))
A37: NFA = | B37: 50% (NMO + NPV) + NPF-V | E37: 18 | F37: funcionários/mês
A38: • Número máximo de funcionários (NMAX)
A39: NMAX = | B39: 31.85 | C39: funcionários/mês
A41: D | B41: Dimensionamento das áreas
A42: Escritório e seção técnica
A43: AE-ST = 57,95 + 4,50 × NPF-V = | E43: 75.275 | F43: m²
A44: Instalações sanitárias e vestiário
A45: AI-V = 0,77 × (NMO + NPV) = | E45: 21.56 | F45: m²
A46: Local para refeição e cozinha
A47: ALR-C = 1,55 × (50% × NMAX) = | E47: 24.68375 | F47: m²
A48: Alojamento e residências
A49: AAL = 3,11 × 50% × (NMO + NPV) = | E49: 43.54 | F49: m²
A50: ARES = 8,46 × NPF-V = | E50: 32.571 | F50: m²
A51: Instalações adicionais
A52: AAMB = 0,25 × NMAX = | E52: 7.9625 | F52: m²
A54: E | B54: Instalações por módulo do canteiro de intervenções pontuais
A55: Instalações | D55: Cap. | E55: Área de Ref. (m²) | F55: Estrutura Modular | G55: QP | H55: Área Coberta (m²)
A56: Seção técnica + escritório | D56: 4 | E56: 14.79 | F56: M0042 | G56: 3 | H56: 44.37
A57: Almoxarifado | D57: 1 | E57: 14.79 | F57: M0042 | G57: 2 | H57: 29.58
A58: Depósito de cimento | D58: 240 sc | E58: 14.79 | F58: M0042 | G58: 1 | H58: 14.79
A59: Local para refeição | D59: 48 | E59: 29.57 | F59: M0057 | G59: 1 | H59: 29.57
A60: Cozinha | D60: 1 | E60: 29.57 | F60: M0058 | G60: 1 | H60: 29.57
A61: Alojamento | D61: 6 | E61: 14.79 | F61: M0059 | G61: 3 | H61: 44.37
A62: Instalações sanitárias e vestiário | D62: 20 | E62: 14.79 | F62: M0041 | G62: 2 | H62: 29.58
A63: Oficina | D63: 3 | E63: 14.79 | F63: M0042 | G63: 1 | H63: 14.79
A64: Ambulatório | D64: 2 | E64: 14.79 | F64: M0059 | G64: 0 | H64: 0
A65: Guarita | D65: 1 | E65: 7.44 | F65: M0297 | G65: 0 | H65: 0
A66: Residências | D66: 3 | E66: 14.79 | F66: M0059 | G66: 2 | H66: 29.58
A67: Laboratório | D67: 3 | E67: 14.79 | F67: M0042 | G67: 1 | H67: 14.79
A68: Área Total | G68: 17 | H68: 280.99
A69: Nota: Não são previstos ambulatório e guarita. Reduzida a área de seção técnica e escritório em 50%.
A71: F | B71: Área total do canteiro
A72: Relação entre as áreas cobertas edificadas e as áreas totais dos terrenos | G72: 0.234 | H72: (RCT)
A73: Área Coberta = | C73: 280.99 | D73: m² | F73: Área Total = | G73: 1200.81 | H73: m²
A74: Área Descoberta = | C74: 919.82 | D74: m² | F74: AT = AC + AD = AC / RCT
A76: G | B76: Fator de Mobiliário e Aparelhagem (k2)
A77: Intervenções pontuais - k2 = | F77: 1.33
A79: H | B79: Fator de Equivalência de Áreas Totais do Terreno
A80: Fator de Equivalência de Áreas Totais do Terreno (FEAT) | G80: 0.0097
A82: I | B82: Custo das Estruturas Modulares
A83: Estrutura Modular | F83: Quantidade | G83: Custo unit. | H83: Total
A84: M0041 | B84: Contêiner com 2 banheiros - L = 2,44 m e C = 6,09 m (1 TEU) | F84: 2 | G84: 80882.904 | H84: 161765.81
A85: M0042 | B85: Contêiner com janela - L = 2,44 m e C = 6,09 m (1 TEU) | F85: 8 | G85: 38723.102 | H85: 309784.81
A86: M0057 | B86: Contêiner com janela - L = 4,88 m e C = 6,09 m (1 TEU duplo) | F86: 1 | G86: 129385.49 | H86: 129385.49
A87: M0058 | B87: Contêiner com janela e 2 banheiros - L = 4,88 m e C = 6,09 m (1 TEU duplo) | F87: 1 | G87: 134400.49 | H87: 134400.49
A88: M0059 | B88: Contêiner com revestimento térmico, janela e banheiro - L = 2,44 m e C = 6,09 m (1 TEU) | F88: 5 | G88: 59971.095 | H88: 299855.47
A89: M0071 | B89: Contêiner com 3 janelas para guarita - L = 2,44 m e C = 3,05 m (1/2 TEU) | F89: 0 | G89: 40121.025 | H89: 0
B90: TOTAL | H90: 1035192.1
A92: J | B92: Cálculo dos Custos
G93: CIP= | H93: 45494.45
A94: CIP representa o custo total do canteiro de obras para intervenções pontuais exclusivamente em estruturas modulares (R$);
A95: P representa o prazo da obra (meses);
A96: k2 representa o Fator de Ajuste de Mobiliário e Aparelhagem
A97: QEMi representa a quantidade de estruturas modulares do canteiro
A98: CEMi representa o custo das estruturas modulares (R$)
A99: AT representa a área total do terreno (m2)
A100: FEAT representa o Fator de Equivalência de Áreas Totais
A101: CMCC representa o Custo Médio da Construção Civil por metro quadrado (R$/m2)
A103: K | B103: Cálculo do Fator de Utilização para Mobilização e Desmobilização
A104: Estrutura Modular | F104: Quantidade | G104: FU | H104: Total
A105: M0041 | B105: Contêiner com 2 banheiros - L = 2,44 m e C = 6,09 m (1 TEU) | F105: 2 | G105: 0.5 | H105: 1
A106: M0042 | B106: Contêiner com janela - L = 2,44 m e C = 6,09 m (1 TEU) | F106: 8 | G106: 0.5 | H106: 4
A107: M0057 | B107: Contêiner com janela - L = 4,88 m e C = 6,09 m (1 TEU duplo) | F107: 1 | G107: 1 | H107: 1
A108: M0058 | B108: Contêiner com janela e 2 banheiros - L = 4,88 m e C = 6,09 m (1 TEU duplo) | F108: 1 | G108: 1 | H108: 1
A109: M0059 | B109: Contêiner com revestimento térmico, janela e banheiro - L = 2,44 m e C = 6,09 m (1 TEU) | F109: 5 | G109: 0.5 | H109: 2.5
A110: M0071 | B110: Contêiner com 3 janelas para guarita - L = 2,44 m e C = 3,05 m (1/2 TEU) | F110: 0 | G110: 0.25 | H110: 0
B111: TOTAL | H111: 9.5

Sheet MOB-DESM
A1: Obra: Construção de Obra de Arte Especial
A2: Rodovia Vicinal - Tacuru/MS
A3: Ponte sobre o Rio Puitã
A4: MOBILIZAÇÃO E DESMOBILIZAÇÃO DE EQUIPAMENTOS
A5: Item | B5: Discriminação | D5: Transp Rod. | F5: DMT (km) | H5: Velocidade (km/h) | J5: Tempo de viagem | K5: Descanso (0,5 H/4H) | L5: Quant. | M5: Fator K | N5: Custo Hor Veículo Operativo | O5: Custo Hor Mot | P5: Custo Total
B6: Cód | C6: Equipamento | D6: Cód | E6: FU | F6: Pavim | G6: Não Pav | H6: Pavim | I6: Não Pav | L6: (unid) | M6: (Retorno)
A7: 1. | C7: EQUIPAMENTOS RODANTES
A8: 1.1 | B8: E9093 | C8: Veículo leve - 53 kW (sem motorista)* (Administração Local) | D8: E9093 | E8: 1 | F8: 178 | G8: 2.2 | H8: 60 | I8: 40 | J8: 3.01 | K8: 0 | L8: 2 | M8: 1 | N8: 36.5505 | O8: 0 | P8: 220.03
A9: 1.2 | B9: E9125 | C9: Van furgão a diesel - 93 kW (Administração Local) | D9: E9125 | E9: 1 | F9: 178 | G9: 2.2 | H9: 60 | I9: 40 | J9: 3.01 | K9: 0 | L9: 2 | M9: 1 | N9: 90.8082 | O9: 31.7224 | P9: 546.66
A10: 1.3 | B10: E9134 | C10: Minionibus coletivo - 111 Kw (Administração Local) | D10: E9134 | E10: 1 | F10: 178 | G10: 2.2 | H10: 60 | I10: 40 | J10: 3.01 | K10: 0 | L10: 0 | M10: 1 | N10: 255.5845 | O10: 39.0819 | P10: 0
A11: 1.4 | B11: E9686 | C11: Caminhão guindauto com capacidade de elevação de 6,2 t e carroceria de 7 t - 136 kW | D11: E9686 | E11: 1 | F11: 178 | G11: 2.2 | H11: 60 | I11: 40 | J11: 3.01 | K11: 0 | L11: 1 | M11: 1 | N11: 329.0015 | O11: 0 | P11: 990.29
A12: 1.5 | B12: E9041 | C12: Caminhão guindauto com capacidade de elevação de 11,9 t e carroceria de 11,5 t - 188 kW | D12: E9041 | E12: 1 | F12: 178 | G12: 2.2 | H12: 60 | I12: 40 | J12: 3.01 | K12: 0 | L12: 1 | M12: 1 | N12: 407.5788 | O12: 0 | P12: 1226.81
A13: 1.6 | B13: E9094 | C13: Guindaste móvel sobre pneus com 6 eixos com capacidade máxima de 350 t - 450 kW | D13: E9094 | E13: 1 | F13: 178 | G13: 2.2 | H13: 60 | I13: 40 | J13: 3.01 | K13: 0 | L13: 2 | M13: 1 | N13: 2383.4487 | O13: 37.328 | P13: 14348.36
A14: 1.7 | B14: E9169 | C14: Cavalo mecânico com dolly pneumático de 4 eixos e mesas de giro com capacidade de 56 t - 364 kW | D14: E9169 | E14: 1 | F14: 178 | G14: 2.2 | H14: 60 | I14: 40 | J14: 3.01 | K14: 0 | L14: 1 | M14: 1 | N14: 667.8233 | O14: 0 | P14: 2010.14
A15: 1.8 | B15: E9571 | C15: Caminhão tanque com capacidade de 10.000 l - 188 kW | D15: E9571 | E15: 1 | F15: 178 | G15: 2.2 | H15: 60 | I15: 40 | J15: 3.01 | K15: 0 | L15: 1 | M15: 1 | N15: 367.1539 | O15: 0 | P15: 1105.13
A16: 1.9 | B16: E9667 | C16: Caminhão basculante com capacidade de 14 m³ - 210 kW | D16: E9667 | E16: 1 | F16: 178 | G16: 2.2 | H16: 60 | I16: 40 | J16: 3.01 | K16: 0 | L16: 2 | M16: 1 | N16: 329.1377 | O16: 0 | P16: 1981.4
A17: 1.10 | B17: E9605 | C17: Caminhão tanque com capacidade de 6.000 l - 136 kW | D17: E9605 | E17: 1 | F17: 178 | G17: 2.2 | H17: 60 | I17: 40 | J17: 3.01 | K17: 0 | L17: 1 | M17: 1 | N17: 285.6031 | O17: 0 | P17: 859.66
A18: 1.11 | B18: E9687 | C18: Caminhão carroceria com capacidade de 5 t - 120 kW | D18: E9687 | E18: 1 | F18: 178 | G18: 2.2 | H18: 60 | I18: 40 | J18: 3.01 | K18: 0 | L18: 1 | M18: 1 | N18: 174.959 | O18: 0 | P18: 526.62
C19: * Considerada a utilização da equipe de Administração Local para mobilização do veículo leve (E9093)
O20: CUSTO DE MOBILIZAÇÃO DE EQUIPAMENTOS RODANTES | P20: 23815.1
O21: CUSTO DE DESMOBILIZAÇÃO DE EQUIPAMENTOS RODANTES | P21: 23815.1
A23: MOBILIZAÇÃO E DESMOBILIZAÇÃO DE EQUIPAMENTOS
A24: Item | B24: Discriminação | D24: Transp Rod. | F24: DMT (km) | H24: Velocidade (km/h) | J24: Tempo de viagem | K24: Descanso (0,5 H/4H) | L24: Quant. | M24: Fator K | N24: Custo Hor Veículo Operativo | O24: Custo Hor Mot | P24: Custo Total
B25: Cód | C25: Equipamento | D25: Cód | E25: FU | F25: Pavim | G25: Não Pav | H25: Pavim | I25: Não Pav | L25: (unid) | M25: (Retorno)
A26: 2. | C26: EQUIPAMENTOS PESADOS
A27: 2.1 | B27: E9076 | C27: Equipamento para pintura eletrostática com cabine dupla de 7,00 kW e estufa de 80.000 kCal | D27: E9665 | E27: 1 | F27: 178 | G27: 2.2 | H27: 60 | I27: 40 | J27: 3.01 | K27: 0 | L27: 1 | M27: 2 | N27: 434.8339 | O27: 0 | P27: 2617.7
A28: 2.2 | B28: E9502 | C28: Bate-estaca de gravidade para 6 t - 119 kW | D28: E9665 | E28: 2 | F28: 178 | G28: 2.2 | H28: 60 | I28: 40 | J28: 3.01 | K28: 0 | L28: 1 | M28: 2 | N28: 434.8339 | O28: 0 | P28: 5235.4
A29: 2.3 | B29: E9515 | C29: Escavadeira hidráulica sobre esteiras com caçamba com capacidade de 1,56 m³ - 118 kW | D29: E9666 | E29: 1 | F29: 178 | G29: 2.2 | H29: 60 | I29: 40 | J29: 3.01 | K29: 0 | L29: 1 | M29: 2 | N29: 483.6573 | O29: 0 | P29: 2911.61
A30: 2.4 | B30: E9524 | C30: Motoniveladora - 93 kW | D30: E9665 | E30: 1 | F30: 178 | G30: 2.2 | H30: 60 | I30: 40 | J30: 3.01 | K30: 0 | L30: 1 | M30: 2 | N30: 434.8339 | O30: 0 | P30: 2617.7
A31: 2.5 | B31: E9526 | C31: Retroescavadeira de pneus - capacidade da caçamba da pá-carregadeira de 0,76 m³ e da retroescavadeira de 0,29 m³ - 58 kW | D31: E9665 | E31: 1 | F31: 178 | G31: 2.2 | H31: 60 | I31: 40 | J31: 3.01 | K31: 0 | L31: 1 | M31: 2 | N31: 434.8339 | O31: 0 | P31: 2617.7
A32: 2.6 | B32: E9530 | C32: Rolo compactador liso vibratório autopropelido por pneus de 11 t - 97 kW | D32: E9666 | E32: 0.5 | F32: 178 | G32: 2.2 | H32: 60 | I32: 40 | J32: 3.01 | K32: 0 | L32: 1 | M32: 2 | N32: 483.6573 | O32: 0 | P32: 1455.8
A33: 2.7 | B33: E9540 | C33: Trator sobre esteiras com lâmina - 127 kW | D33: E9018 | E33: 0.5 | F33: 178 | G33: 2.2 | H33: 60 | I33: 40 | J33: 3.01 | K33: 0 | L33: 1 | M33: 2 | N33: 576.5119 | O33: 0 | P33: 1735.3
A34: 2.8 | B34: E9541 | C34: Trator sobre esteiras com lâmina - 259 kW | D34: E9018 | E34: 1 | F34: 178 | G34: 2.2 | H34: 60 | I34: 40 | J34: 3.01 | K34: 0 | L34: 1 | M34: 2 | N34: 576.5119 | O34: 0 | P34: 3470.6
A35: 2.9 | B35: E9577 | C35: Trator agrícola sobre pneus - 77 kW | D35: E9665 | E35: 0.5 | F35: 178 | G35: 2.2 | H35: 60 | I35: 40 | J35: 3.01 | K35: 0 | L35: 1 | M35: 2 | N35: 434.8339 | O35: 0 | P35: 1308.85
A36: 2.10 | B36: E9685 | C36: Rolo compactador pé de carneiro vibratório autopropelido por pneus de 11,6 t - 82 kW | D36: E9666 | E36: 0.5 | F36: 178 | G36: 2.2 | H36: 60 | I36: 40 | J36: 3.01 | K36: 0 | L36: 1 | M36: 2 | N36: 483.6573 | O36: 0 | P36: 1455.8
A37: 2.11 | B37: E9042 | C37: Trator sobre esteiras com lâmina - 97 kW | D37: E9666 | E37: 0.5 | F37: 178 | G37: 2.2 | H37: 60 | I37: 40 | J37: 3.01 | K37: 0 | L37: 1 | M37: 2 | N37: 483.6573 | O37: 0 | P37: 1455.8
A38: 2.12 | B38: - | C38: Containers Canteiro de Obras | D38: E9665 | E38: 9.5 | F38: 178 | G38: 2.2 | H38: 60 | I38: 40 | J38: 3.01 | K38: 0 | L38: 1 | M38: 2 | N38: 434.8339 | O38: 0 | P38: 24868.15
O39: CUSTO DE MOBILIZAÇÃO DE EQUIPAMENTOS PESADOS | P39: 51750.41
O40: CUSTO DE DESMOBILIZAÇÃO DE EQUIPAMENTOS PESADOS | P40: 51750.41
A41: - Quantidades dos equipamentos conforme histograma de equipamentos - Cálculo das Parcelas de Custo: (FU x Quant. x Fator K) x [(Tempo de Viagem x Custo Hor. Veículo Operativo¹) + (Tempo de Descanso x Custo Hor. Motorista)] ¹ Incluso no Custo Horário Operativo dos Veículos a Mão de Obra de Operação
A42: MOBILIZAÇÃO E DESMOBILIZAÇÃO DE EQUIPAMENTOS
A43: 3. | C43: EQUIPAMENTOS DE PEQUENO PORTE
A44: 3.1 | B44: E9010 | C44: Balança plataforma digital à bateria, com mesa de 75 x 75 cm e capacidade de 500 kg | J44: 1
A45: 3.2 | B45: E9064 | C45: Transportador manual gerica com capacidade de 180 l | J45: 3
A46: 3.3 | B46: E9066 | C46: Grupo gerador - 14 kVA | J46: 2
A47: 3.4 | B47: E9069 | C47: Vibrador de imersão para concreto - 4,10 kW | J47: 1
A48: 3.5 | B48: E9071 | C48: Transportador manual carrinho de mão com capacidade de 80 l | J48: 4
A49: 3.6 | B49: E9507 | C49: Plotadora de recorte com computador e programa computacional | J49: 1
A50: 3.7 | B50: E9518 | C50: Grade de 24 discos rebocável de D = 60 cm (24") | J50: 1
A51: 3.8 | B51: E9519 | C51: Betoneira com motor a gasolina com capacidade de 600 l - 10 kW | J51: 1
A52: 3.9 | B52: E9535 | C52: Serra circular com bancada - D = 30 cm - 4 kW | J52: 2
A53: 3.10 | B53: E9547 | C53: Máquina de solda elétrica transformadora 250 A - 9,20 kW | J53: 2
A54: 3.11 | B54: E9568 | C54: Furadeira de impacto de 12,5 mm - 0,80 kW | J54: 1
A55: 3.12 | B55: E9591 | C55: Serra para corte de concreto e asfalto - 10 kW | J55: 1
... A68: 3.25 | B68: E9788 | C68: Misturador de argamassa com capacidade de 0,250 m³ - 3,70 kW | J68: 1
A69: - Quantidades dos equipamentos de pequeno porte conforme histograma de equipamentos de pequeno porte
A70: MOBILIZAÇÃO E DESMOBILIZAÇÃO DE PESSOAL
A71: Item | B71: Descrição | D71: Origem | G71: Destino | K71: Quant. Máx. | M71: % | N71: Preço Passagem | P71: Custo Total
A72: 1. | B72: MOBILIZAÇÃO DE MÃO DE OBRA | D72: Dourados | G72: Canteiro de Obras | K72: 32 | M72: 0.5 | N72: 91.29 | P72: 1460.64
A73: 2. | B73: DESMOBILIZAÇÃO DE MÃO DE OBRA | D73: Canteiro de Obras | G73: Dourados | K73: 32 | M73: 0.5 | N73: 91.29 | P73: 1460.64
A74: 3. | B74: DEBANDAS | D74: - | G74: - | P74: Não haverá debandas
B76: O Manual 1 do SICRO – Metodologia, apresenta na página 75, a seguinte orientação: “5.4.4. Deslocamentos para Visitas à Família (Baixadas)” “As composições de mão de obra do SICRO não prevêem de forma ordinária os custos relacionados aos deslocamentos para visitas à família, denominada baixada. Quando houver exigência da obrigatoriedade de previsão destas atividades nas convenções coletivas de trabalho, os custos referentes à baixada podem ser considerados diretamente no orçamento específico da obra.” Sindicato dos Trabalhadores nas indústrias da Construção de Estradas Pavimentação e Obras de Terraplenagem em Geral de MS (Sinticop - MS) CONVENÇÃO COLETIVA DE TRABALHO 2023/202 CLÁUSULA QUINQUAGÉSIMA - DEBANDA / VISITA À FAMÍLIA Aos empregados alojados, a cada 90 (noventa) dias de trabalho, será concedido o direito remunerado à folga de campo (debanda), considerando as seguintes distâncias da residência deles ao local da obra: a) residência a partir de 301 km até 1000 km – folga de 02 (dois) dias além do sábado e domingo; b) domicílio de 1001 até 1500 km – folga de mais 03 (três) dias além do sábado e domingo; c) domicílio de 1501 até 2000 km – folga de mais 04 (quatro) dias além do sábado e domingo; d) domicílio acima de 2000 km – folga de mais 05 (cinco) dias além do sábado e domingo. CONCLUSÃO: A baixada, ou debanda, não necessita ser prevista em razão da distância inferior a 300 km da obra ao município de origem (Dourados/MS)
A92: Reajuste do Valor da Passagem
C93: Valor Cotado | E93: Data da Cotação | I93: Indice da Cotação | K93: Indice na Data Base | M93: Reajuste | N93: Valor Reajustado
C94: 92.2 | D94: jan/26 | H94: 173.975 | K94: 172.259 | M94: 0.99013651 | N94: 91.29
B95: Obs. Utilizado Indice de Mobilização e Desmobilização, considerando o indice de dezembro/2025, ultimo disponível na data de elaboração do orçamento.
B98: CONCLUSÃO: A baixada, ou debanda, deve ser prevista no orçamento para atendimento da exigência constante na convenção coletiva do trabalho, tendo sido esta necessidade indicada no Manual do SICRO.

Sheet HIST-MO
A1: Obra: Construção de Obra de Arte Especial
A2: Rodovia Vicinal - Tacuru/MS
A3: Ponte sobre o Rio Puitã
A4: HISTOGRAMA DE MÃO DE OBRA
C5: M1 | D5: M2 | E5: M3 | F5: M4 | G5: M5 | I5: MAX
A6: P9801 | B6: Ajudante | C6: 0 | D6: 5 | E6: 5 | F6: 7 | G6: 3 | I6: 7
A7: P9805 | B7: Armador | C7: 0 | D7: 4 | E7: 5 | F7: 6 | G7: 3 | I7: 6
A8: P9807 | B8: Bombeiro hidráulico | C8: 0 | D8: 1 | E8: 1 | F8: 0 | G8: 0 | I8: 1
A9: P9808 | B9: Carpinteiro | C9: 0 | D9: 2 | E9: 1 | F9: 1 | G9: 1 | I9: 2
A10: P9810 | B10: Eletricista | C10: 0 | D10: 1 | E10: 1 | F10: 0 | G10: 0 | I10: 1
A11: P9821 | B11: Pedreiro | C11: 0 | D11: 1 | E11: 1 | F11: 1 | G11: 1 | I11: 1
A12: P9822 | B12: Pintor | C12: 0 | D12: 0 | E12: 0 | F12: 0 | G12: 1 | I12: 1
A13: P9823 | B13: Serralheiro | C13: 0 | D13: 0 | E13: 1 | F13: 1 | G13: 1 | I13: 1
A14: P9824 | B14: Servente | C14: 0 | D14: 4 | E14: 2 | F14: 1 | G14: 3 | I14: 4
A15: P9825 | B15: Soldador | C15: 0 | D15: 1 | E15: 1 | F15: 1 | G15: 1 | I15: 1
A16: P9830 | B16: Montador | C16: 0 | D16: 0 | E16: 1 | F16: 1 | G16: 1 | I16: 1
A17: P9843 | B17: Operador de equipamento leve | C17: 0 | D17: 2 | E17: 2 | F17: 2 | G17: 1 | I17: 2
... A21: P9866 | B21: Motorista de caminhão | C21: 0 | D21: 1 | E21: 0 | F21: 0 | G21: 1 | I21: 1
A22: TOTAL | C22: 0 | D22: 24 | E22: 24 | F22: 23 | G22: 20 | I22: 24

Sheet HIST-EQUIP
A1: Obra: Construção de Obra de Arte Especial
A2: Rodovia Vicinal - Tacuru/MS
A3: Ponte sobre o Rio Puitã
A5: HISTOGRAMA DE EQUIPAMENTOS PESADOS
C6: M1 | D6: M2 | E6: M3 | F6: M4 | G6: M5 | H6: M6 | I6: MAX | K6: CPU
A7: E9076 | B7: Equipamento para pintura eletrostática com cabine dupla de 7,00 kW e estufa de 80.000 kCal | C7: 0 | D7: 0 | E7: 0 | F7: 0 | G7: 1 | H7: 0 | I7: 1
A8: E9502 | B8: Bate-estaca de gravidade para 6 t - 119 kW | C8: 0 | D8: 1 | E8: 1 | F8: 0 | G8: 0 | H8: 0 | I8: 1
A9: E9515 | B9: Escavadeira hidráulica sobre esteiras com caçamba com capacidade de 1,56 m³ - 118 kW | C9: 0 | D9: 1 | E9: 0 | F9: 0 | G9: 1 | H9: 0 | I9: 1
A10: E9524 | B10: Motoniveladora - 93 kW | C10: 0 | D10: 1 | E10: 0 | F10: 0 | G10: 1 | H10: 0 | I10: 1
A11: E9526 | B11: Retroescavadeira de pneus - capacidade da caçamba da pá-carregadeira de 0,76 m³ e da retroescavadeira de 0,29 m³ - 58 kW | C11: 0 | D11: 1 | E11: 1 | F11: 0 | G11: 0 | H11: 0 | I11: 1
A12: E9530 | B12: Rolo compactador liso vibratório autopropelido por pneus de 11 t - 97 kW | C12: 0 | D12: 1 | E12: 0 | F12: 0 | G12: 0 | H12: 0 | I12: 1
A13: E9540 | B13: Trator sobre esteiras com lâmina - 127 kW | C13: 0 | D13: 1 | E13: 0 | F13: 0 | G13: 0 | H13: 0 | I13: 1
A14: E9541 | B14: Trator sobre esteiras com lâmina - 259 kW | C14: 0 | D14: 1 | E14: 0 | F14: 0 | G14: 1 | H14: 0 | I14: 1
A15: E9577 | B15: Trator agrícola sobre pneus - 77 kW | C15: 0 | D15: 1 | E15: 0 | F15: 0 | G15: 1 | H15: 0 | I15: 1
A16: E9685 | B16: Rolo compactador pé de carneiro vibratório autopropelido por pneus de 11,6 t - 82 kW | C16: 0 | D16: 1 | E16: 0 | F16: 0 | G16: 1 | H16: 0 | I16: 1
A17: E9042 | B17: Trator sobre esteiras com lâmina - 97 kW | C17: 0 | D17: 1 | E17: 0 | F17: 0 | G17: 1 | H17: 0 | I17: 1
A18: TOTAL | C18: 0 | D18: 10 | E18: 2 | F18: 0 | G18: 7 | H18: 0
K21: Histograma de Equipamentos Pesados
A42: HISTOGRAMA DE EQUIPAMENTOS RODANTES
C43: M1 | D43: M2 | E43: M3 | F43: M4 | G43: M5 | H43: M6 | I43: MAX
A44: E9686 | B44: Caminhão guindauto com capacidade de elevação de 6,2 t e carroceria de 7 t - 136 kW | C44: 0 | D44: 1 | E44: 0 | F44: 0 | G44: 0 | H44: 0 | I44: 1
A45: E9041 | B45: Caminhão guindauto com capacidade de elevação de 11,9 t e carroceria de 11,5 t - 188 kW | C45: 0 | D45: 1 | E45: 1 | F45: 1 | G45: 1 | H45: 0 | I45: 1
A46: E9094 | B46: Guindaste móvel sobre pneus com 6 eixos com capacidade máxima de 350 t - 450 kW | C46: 0 | D46: 0 | E46: 0 | F46: 2 | G46: 0 | H46: 0 | I46: 2
A47: E9169 | B47: Cavalo mecânico com dolly pneumático de 4 eixos e mesas de giro com capacidade de 56 t - 364 kW | C47: 0 | D47: 0 | E47: 1 | F47: 1 | G47: 1 | H47: 0 | I47: 1
A48: E9571 | B48: Caminhão tanque com capacidade de 10.000 l - 188 kW | C48: 0 | D48: 1 | E48: 0 | F48: 0 | G48: 1 | H48: 0 | I48: 1
A49: E9667 | B49: Caminhão basculante com capacidade de 14 m³ - 210 kW | C49: 0 | D49: 1 | E49: 0 | F49: 0 | G49: 2 | H49: 0 | I49: 2
A50: E9605 | B50: Caminhão tanque com capacidade de 6.000 l - 136 kW | C50: 0 | D50: 1 | E50: 0 | F50: 0 | G50: 2 | H50: 0 | I50: 2
A51: E9687 | B51: Caminhão carroceria com capacidade de 5 t - 120 kW | C51: 0 | D51: 0 | E51: 0 | F51: 0 | G51: 1 | H51: 0 | I51: 1
A52: TOTAL | C52: 0 | D52: 5 | E52: 2 | F52: 4 | G52: 8 | H52: 0
K55: Histograma de Equipamentos Rodantes
A77: HISTOGRAMA DE EQUIPAMENTOS DE PEQUENO PORTE
C78: M1 | D78: M2 | E78: M3 | F78: M4 | G78: M5 | H78: M6 | I78: MAX | K78: CPU
A79: E9010 | B79: Balança plataforma digital à bateria, com mesa de 75 x 75 cm e capacidade de 500 kg | C79: 0 | D79: 1 | E79: 1 | F79: 1 | G79: 1 | H79: 0 | I79: 1
A80: E9064 | B80: Transportador manual gerica com capacidade de 180 l | C80: 0 | D80: 3 | E80: 3 | F80: 3 | G80: 3 | H80: 0 | I80: 3
A81: E9066 | B81: Grupo gerador - 14 kVA | C81: 0 | D81: 2 | E81: 2 | F81: 2 | G81: 1 | H81: 0 | I81: 2
A82: E9069 | B82: Vibrador de imersão para concreto - 4,10 kW | C82: 0 | D82: 1 | E82: 1 | F82: 1 | G82: 1 | H82: 0 | I82: 1
A83: E9071 | B83: Transportador manual carrinho de mão com capacidade de 80 l | C83: 0 | D83: 4 | E83: 4 | F83: 4 | G83: 4 | H83: 0 | I83: 4
A84: E9507 | B84: Plotadora de recorte com computador e programa computacional | C84: 0 | D84: 0 | E84: 0 | F84: 0 | G84: 1 | H84: 0 | I84: 1
A85: E9518 | B85: Grade de 24 discos rebocável de D = 60 cm (24") | C85: 0 | D85: 1 | E85: 0 | F85: 0 | G85: 1 | H85: 0 | I85: 1
A86: E9519 | B86: Betoneira com motor a gasolina com capacidade de 600 l - 10 kW | C86: 0 | D86: 1 | E86: 1 | F86: 1 | G86: 1 | H86: 0 | I86: 1
A87: E9535 | B87: Serra circular com bancada - D = 30 cm - 4 kW | C87: 0 | D87: 2 | E87: 2 | F87: 2 | G87: 1 | H87: 0 | I87: 2
A88: E9547 | B88: Máquina de solda elétrica transformadora 250 A - 9,20 kW | C88: 0 | D88: 1 | E88: 1 | F88: 2 | G88: 1 | H88: 0 | I88: 2
A89: E9568 | B89: Furadeira de impacto de 12,5 mm - 0,80 kW | C89: 0 | D89: 0 | E89: 0 | F89: 0 | G89: 1 | H89: 0 | I89: 1
A90: E9591 | B90: Serra para corte de concreto e asfalto - 10 kW | C90: 0 | D90: 0 | E90: 1 | F90: 1 | G90: 1 | H90: 0 | I90: 1
... A102: E9788 | B102: Misturador de argamassa com capacidade de 0,250 m³ - 3,70 kW | C102: 0 | D102: 1 | E102: 1 | F102: 0 | G102: 1 | H102: 0 | I102: 1
A104: TOTAL | C104: 0 | D104: 36 | E104: 34 | F104: 27 | G104: 28 | H104: 0
K107: Histograma de Equipamentos de Pequeno Porte
